Workbook
Name CodigoActividad: [1]!Tabla2[Código]
Name CodigoActividad: [1]!Tabla2[Código]
Name CodigoActividad: [1]!Tabla2[Código]
Name CodigoActividad: [1]!Tabla2[Código]
Name CodigoActividad: #REF!
Name Insumos: Detalles!$A$540:$A$583
Name Insumos: #REF!
Name Insumos: Insumos!$A$540:$A$583
Name Ls_DepartamentosSRS: [1]Catalogo!$G$130:$G$142
Name Ls_DepartamentosSRS: [1]Catalogo!$G$130:$G$142
Name Ls_DepartamentosSRS: [1]Catalogo!$G$130:$G$142
Name Ls_DepartamentosSRS: [1]Catalogo!$G$130:$G$142
Name Ls_DepartamentosSRS: #REF!
Name ls_ejes_estrategicos: [2]!tbl_ejes_estrategicos[Ejes Estratégicos]
Name Ls_LinesEstategica: [1]Obj!$B$6:$B$9
Name Ls_LinesEstategica: [1]Obj!$B$6:$B$9
Name Ls_LinesEstategica: [1]Obj!$B$6:$B$9
Name Ls_LinesEstategica: [1]Obj!$B$6:$B$9
Name Ls_LinesEstategica: #REF!
Name Ls_Medio_Verificacion: [1]Catalogo!$B$148:$B$167
Name Ls_Medio_Verificacion: [1]Catalogo!$B$148:$B$167
Name Ls_Medio_Verificacion: [1]Catalogo!$B$148:$B$167
Name Ls_Medio_Verificacion: [1]Catalogo!$B$148:$B$167
Name Ls_Medio_Verificacion: #REF!
Name ls_Regiones: [1]Catalogo!$B$10:$B$19
Name ls_Regiones: [1]Catalogo!$B$10:$B$19
Name ls_Regiones: [1]Catalogo!$B$10:$B$19
Name ls_Regiones: [1]Catalogo!$B$10:$B$19
Name ls_Regiones: #REF!
Name ls_TiposAcciones: [1]Catalogo!$G$11:$G$14
Name ls_TiposAcciones: [1]Catalogo!$G$11:$G$14
Name ls_TiposAcciones: [1]Catalogo!$G$11:$G$14
Name ls_TiposAcciones: [1]Catalogo!$G$11:$G$14
Name ls_TiposAcciones: #REF!
Name lsAcabadosTextiles: Detalles!$C$2:$C$3
Name lsAcabadosTextiles: Insumos!$C$2:$C$3
Name lsAireAcondicionado: Detalles!$C$333:$C$334
Name lsAireAcondicionado: Insumos!$C$333:$C$334
Name lsAlimentosyBebidas: Detalles!$C$4:$C$23
Name lsAlimentosyBebidas: Insumos!$C$4:$C$23
Name lsArticulosdePlastico: Detalles!$C$24:$C$30
Name lsArticulosdePlastico: Insumos!$C$24:$C$30
Name lsElectrodomesticos: Detalles!$C$31:$C$35
Name lsElectrodomesticos: Insumos!$C$31:$C$35
Name lsEquiposComputos: Detalles!$C$132:$C$136
Name lsEquiposComputos: Insumos!$C$132:$C$136
Name lsEquiposMedicos: Detalles!$C$44:$C$131
Name lsEquiposMedicos: Insumos!$C$44:$C$131
Name lsEquiposSeguridad: Detalles!$C$137:$C$138
Name lsEquiposSeguridad: Insumos!$C$137:$C$138
Name lsEquiposTransporte: Detalles!$C$518:$C$520
Name lsEquiposTransporte: Insumos!$C$518:$C$520
Name lsEventosGenerales: Detalles!$C$139:$C$141
Name lsEventosGenerales: Insumos!$C$139:$C$141
Name lsFuentesFinanciamiento: [1]LSIns!$F$5:$F$8
Name lsFuentesFinanciamiento: [1]LSIns!$F$5:$F$8
Name lsFuentesFinanciamiento: [1]LSIns!$F$5:$F$8
Name lsFuentesFinanciamiento: [1]LSIns!$F$5:$F$8
Name lsFuentesFinanciamiento: #REF!
Name lsGasoil: Detalles!$C$142:$C$149

Sheet PPNE1
B1: Plan Operativo Anual
B2: Servicio Nacional de Salud
B3: Dirección de Planificación y Desarrollo | K3: 2025 | L3: 2026 | M3: 2027 | N3: 2028
B4: Programación Insumos por Producto Nivel Especializado | K4: Cibao Norte | L4: Cibao Sur | M4: Cibao Nordeste | N4: Cibao Noroeste | O4: Valdesia | P4: El Valle | Q4: Enriquillo | R4: Yuma | S4: Higüamo | T4: Ozama
B5: Año | C5: 2026
A6: Servicio Regional de Salud: | B6: Yuma
A7: CEAS | B7: HOSPITAL GENERAL Y DE ESPECIALIDADES NUESTRA SRA. DE LA ALTAGRACIA
A8: Productos Terminales | B8: Unidad de Medida | C8: Meta Lograda Año 2024 | D8: Meta Proyectada a Lograr Año 2025 | E8: Meta Proyectada Año 2026 | F8: Programación Trimestral | K8: Meta Lograda actual periodo Año 2025
F9: 1er. Trimestre | G9: 2do. Trimestre | H9: 3er. Trimestre | I9: 4to. Trimestre
A10: Servicio de Consulta Externa | B10: Consultas | C10: =SUM(C11:C12) -> 39504 | D10: =SUM(D11:D12) -> 42318.857 | E10: =SUM(E11:E12) -> 45564.591 | F10: =SUM(F11:F12) -> 9112.9183 | G10: =SUM(G11:G12) -> 13669.377 | H10: =SUM(H11:H12) -> 13669.377 | I10: =SUM(I11:I12) -> 9112.9183 | K10: =SUM(K11:K12) -> 24686
A11: Primera Vez | C11: 17502 | D11: =(K11/7)*12 -> 20247.429 | E11: =IF(C11="",0,(D11/C11)*D11) -> 23423.515 | F11: =$E11*0.2 -> 4684.703 | G11: =$E11*0.3 -> 7027.0546 | H11: =$E11*0.3 -> 7027.0546 | I11: =$E11*0.2 -> 4684.703 | K11: 11811
A12: Subsecuente | C12: 22002 | D12: =(K12/7)*12 -> 22071.429 | E12: =IF(C12="",0,(D12/C12)*D12) -> 22141.076 | F12: =$E12*0.2 -> 4428.2152 | G12: =$E12*0.3 -> 6642.3229 | H12: =$E12*0.3 -> 6642.3229 | I12: =$E12*0.2 -> 4428.2152 | K12: 12875
A13: Servicio de Emergencia | B13: Consultas | C13: =SUM(C14) -> 59068 | D13: =D14 -> 43525.714 | E13: =E14 -> 32072.997 | F13: =F14 -> 6414.5995 | G13: =G14 -> 9621.8992 | H13: =H14 -> 9621.8992 | I13: =I14 -> 6414.5995 | K13: =K14 -> 25390
A14: Emergencias | C14: 59068 | D14: =(K14/7)*12 -> 43525.714 | E14: =IF(C14="",0,(D14/C14)*D14) -> 32072.997 | F14: =$E14*0.2 -> 6414.5995 | G14: =$E14*0.3 -> 9621.8992 | H14: =$E14*0.3 -> 9621.8992 | I14: =$E14*0.2 -> 6414.5995 | K14: 25390
A15: Servicio Hospitalización | B15: Egresos | C15: =SUM(C16:C29) -> 40260 | D15: =SUM(D16:D29) -> 4450.2857 | E15: =SUM(E16:E29) -> 646.66138 | F15: =SUM(F16:F29) -> 129.33228 | G15: =SUM(G16:G29) -> 193.99841 | H15: =SUM(H16:H29) -> 193.99841 | I15: =SUM(I16:I29) -> 129.33228 | K15: =SUM(K16:K29) -> 2596
A16: Medicina General | D16: =(K16/7)*12 -> 0 | E16: =IF(C16="",0,(D16/C16)*D16) -> 0 | F16: =$E16*0.2 -> 0 | G16: =$E16*0.3 -> 0 | H16: =$E16*0.3 -> 0 | I16: =$E16*0.2 -> 0
A17: Cirugia General | C17: 5608 | D17: =(K17/7)*12 -> 618.85714 | E17: =IF(C17="",0,(D17/C17)*D17) -> 68.292468 | F17: =$E17*0.2 -> 13.658494 | G17: =$E17*0.3 -> 20.487741 | H17: =$E17*0.3 -> 20.487741 | I17: =$E17*0.2 -> 13.658494 | K17: 361
A18: Ginecología | D18: =(K18/7)*12 -> 0 | E18: =IF(C18="",0,(D18/C18)*D18) -> 0 | F18: =$E18*0.2 -> 0 | G18: =$E18*0.3 -> 0 | H18: =$E18*0.3 -> 0 | I18: =$E18*0.2 -> 0
A19: Obstetricia | D19: =(K19/7)*12 -> 0 | E19: =IF(C19="",0,(D19/C19)*D19) -> 0 | F19: =$E19*0.2 -> 0 | G19: =$E19*0.3 -> 0 | H19: =$E19*0.3 -> 0 | I19: =$E19*0.2 -> 0
A20: Pediatria | D20: =(K20/7)*12 -> 0 | E20: =IF(C20="",0,(D20/C20)*D20) -> 0 | F20: =$E20*0.2 -> 0 | G20: =$E20*0.3 -> 0 | H20: =$E20*0.3 -> 0 | I20: =$E20*0.2 -> 0
A21: Cardiologia | D21: =(K21/7)*12 -> 0 | E21: =IF(C21="",0,(D21/C21)*D21) -> 0 | F21: =$E21*0.2 -> 0 | G21: =$E21*0.3 -> 0 | H21: =$E21*0.3 -> 0 | I21: =$E21*0.2 -> 0
A22: Gastroenterologia | C22: 912 | D22: =(K22/7)*12 -> 154.28571 | E22: =IF(C22="",0,(D22/C22)*D22) -> 26.100967 | F22: =$E22*0.2 -> 5.2201933 | G22: =$E22*0.3 -> 7.83029 | H22: =$E22*0.3 -> 7.83029 | I22: =$E22*0.2 -> 5.2201933 | K22: 90
A23: Endocrinologia | D23: =(K23/7)*12 -> 0 | E23: =IF(C23="",0,(D23/C23)*D23) -> 0 | F23: =$E23*0.2 -> 0 | G23: =$E23*0.3 -> 0 | H23: =$E23*0.3 -> 0 | I23: =$E23*0.2 -> 0
A24: Medicina Interna | C24: 4784 | D24: =(K24/7)*12 -> 531.42857 | E24: =IF(C24="",0,(D24/C24)*D24) -> 59.033513 | F24: =$E24*0.2 -> 11.806703 | G24: =$E24*0.3 -> 17.710054 | H24: =$E24*0.3 -> 17.710054 | I24: =$E24*0.2 -> 11.806703 | K24: 310
A25: Ortopedia | C25: 6718 | D25: =(K25/7)*12 -> 593.14286 | E25: =IF(C25="",0,(D25/C25)*D25) -> 52.369522 | F25: =$E25*0.2 -> 10.473904 | G25: =$E25*0.3 -> 15.710857 | H25: =$E25*0.3 -> 15.710857 | I25: =$E25*0.2 -> 10.473904 | K25: 346
A26: Neumología | C26: 6580 | D26: =(K26/7)*12 -> 425.14286 | E26: =IF(C26="",0,(D26/C26)*D26) -> 27.469065 | F26: =$E26*0.2 -> 5.493813 | G26: =$E26*0.3 -> 8.2407196 | H26: =$E26*0.3 -> 8.2407196 | I26: =$E26*0.2 -> 5.493813 | K26: 248
A27: Cardiología | C27: 5106 | D27: =(K27/7)*12 -> 366.85714 | E27: =IF(C27="",0,(D27/C27)*D27) -> 26.358042 | F27: =$E27*0.2 -> 5.2716084 | G27: =$E27*0.3 -> 7.9074126 | H27: =$E27*0.3 -> 7.9074126 | I27: =$E27*0.2 -> 5.2716084 | K27: 214
A28: Cuidados Intensivos | C28: 6054 | D28: =(K28/7)*12 -> 519.42857 | E28: =IF(C28="",0,(D28/C28)*D28) -> 44.566574 | F28: =$E28*0.2 -> 8.9133149 | G28: =$E28*0.3 -> 13.369972 | H28: =$E28*0.3 -> 13.369972 | I28: =$E28*0.2 -> 8.9133149 | K28: 303
A29: Otros | C29: 4498 | D29: =(K29/7)*12 -> 1241.1429 | E29: =IF(C29="",0,(D29/C29)*D29) -> 342.47123 | F29: =$E29*0.2 -> 68.494246 | G29: =$E29*0.3 -> 102.74137 | H29: =$E29*0.3 -> 102.74137 | I29: =$E29*0.2 -> 68.494246 | K29: 724
A30: Servicios de Apoyo Diagnóstico | C30: =SUM(C31:C32) -> 358232 | D30: =SUM(D31:D32) -> 287364 | E30: =SUM(E31:E32) -> 238024.34 | F30: =SUM(F31:F32) -> 47604.868 | G30: =SUM(G31:G32) -> 71407.302 | H30: =SUM(H31:H32) -> 71407.302 | I30: =SUM(I31:I32) -> 47604.868 | K30: =SUM(K31:K32) -> 167629
A31: Análisis de Laboratorio | B31: Pruebas | C31: 309938 | D31: =(K31/7)*12 -> 266336.57 | E31: =IF(C31="",0,(D31/C31)*D31) -> 228868.9 | F31: =$E31*0.2 -> 45773.78 | G31: =$E31*0.3 -> 68660.67 | H31: =$E31*0.3 -> 68660.67 | I31: =$E31*0.2 -> 45773.78 | K31: 155363
A32: Servicio de Imágenes | B32: Imágenes | C32: 48294 | D32: =(K32/7)*12 -> 21027.429 | E32: =IF(C32="",0,(D32/C32)*D32) -> 9155.4386 | F32: =$E32*0.2 -> 1831.0877 | G32: =$E32*0.3 -> 2746.6316 | H32: =$E32*0.3 -> 2746.6316 | I32: =$E32*0.2 -> 1831.0877 | K32: 12266
A33: Indicadores de Producción
A34: Años | B34: Camas Disponibles | C34: Egresos Hospitalarios | D34: Día Cama Disponibles | E34: Dias Pacientes | F34: Promedio Días Estada | G34: Porcentaje Ocupacional | H34: Porcentaje nacimientos prematuros | I34: Porcentaje de cesárea
A35: 2022 | B35: 106 | C35: 19464 | D35: =+B35*365 -> 38690 | E35: 3115 | F35: =+E35/C35 -> 0.16003905 | G35: =+E35/D35*100 -> 8.051176 | H35: 0 | I35: 0
A36: 2023 | B36: 114 | C36: 18431 | D36: =+B36*365 -> 41610 | E36: 32.138 | F36: =+E36/C36 -> 0.0017436927 | G36: =+E36/D36*100 -> 0.077236241 | H36: 0 | I36: 0
A37: 2024 | B37: 114 | C37: 2700 | D37: =+B37*365 -> 41610 | E37: 32.138 | F37: =+E37/C37 -> 0.011902963 | G37: =+E37/D37*100 -> 0.077236241 | H37: 0 | I37: 0

Sheet PPNE2
A2: Servicio Nacional de Salud
A3: Dirección de Planificación y Desarrollo
A4: Programación de actividades
A6: Servicio Regional de Salud: | B6: Yuma
A7: CEAS: | B7: HOSPITAL GENERAL Y DE ESPECIALIDADES NUESTRA SRA. DE LA ALTAGRACIA
A8: Resultados Esperados | B8: Productos | C8: Código | D8: Actividades Programables Presupuestables | E8: Ene | F8: Feb | G8: Mar | H8: Abr | I8: May | J8: Jun | K8: Jul | L8: Ago | M8: Sep | N8: Oct | O8: Nov | P8: Dic | Q8: Total de Acciones | R8: Medio de Verificación 1 | S8: Medio de Verificación 2 | T8: Medio de Verificación 3 | U8: Observaciones/ Comentarios | V8: Área Responsable
A9: 1.5 Reducida la morbilidad y mortalidad prematura por enfermedades no transmisibles en personas de 30 a 69 años, en un 20% al año 2028, mediante la implementación de intervenciones integrales de prevención, diagnóstico temprano y tratamiento oportuno en los establecimientos de la Red Pública. | B9: 1.5.2 Las víctimas de violencia de género e intrafamiliar reciben atención integral, oportuna y segura en los servicios de salud. | C9: 1.5.2.01 | D9: Reporte de estadísticas de los casos de violencia de género e intrafamiliar. | E9: 1 | F9: 1 | G9: 1 | H9: 1 | I9: 1 | J9: 1 | K9: 1 | L9: 1 | M9: 1 | N9: 1 | O9: 1 | P9: 1 | Q9: =SUM(E9:P9) -> 12 | R9: Reporte | U9: Acuerdo CONANI | V9: Género
A10: 1.6 Incrementado el acceso oportuno a servicios de salud de calidad, aumentando el acceso a servicios preventivos de 2.23% de la población prioritaria en 2023 al 5.24% en 2028 en todas las regiones del país. | B10: 1.6.5 La población usuaria recibe servicios odontológicos fortalecidos y de calidad mediante la ejecución de planes de mejora de la atención dental. | C10: 1.6.5.01 | D10: Capacitaciones a RRHH de las areas de odontología de acuerdo a las necesidades. | G10: 1 | J10: 1 | M10: 1 | Q10: =SUM(E10:P10) -> 3 | R10: Listado de participación | S10: Plan | V10: Odontología
A11: 1.6 Incrementado el acceso oportuno a servicios de salud de calidad, aumentando el acceso a servicios preventivos de 2.23% de la población prioritaria en 2023 al 5.24% en 2028 en todas las regiones del país. | B11: 1.6.5 La población usuaria recibe servicios odontológicos fortalecidos y de calidad mediante la ejecución de planes de mejora de la atención dental. | C11: 1.6.5.02 | D11: Desarrollo de plan de acciones para el acondicionamiento de infraestructura, mantenimiento de equipos y equipamiento de las áreas de odontología EES | G11: 1 | J11: 1 | M11: 1 | O11: 1 | Q11: =SUM(E11:P11) -> 4 | R11: Informe | S11: Plan | V11: Odontología
A12: 1.6 Incrementado el acceso oportuno a servicios de salud de calidad, aumentando el acceso a servicios preventivos de 2.23% de la población prioritaria en 2023 al 5.24% en 2028 en todas las regiones del país. | B12: 1.6.5 La población usuaria recibe servicios odontológicos fortalecidos y de calidad mediante la ejecución de planes de mejora de la atención dental. | C12: 1.6.5.03 | D12: Desarrollo del Programa Fomento de la Salud bucal. | H12: 1 | L12: 1 | N12: 1 | Q12: =SUM(E12:P12) -> 3 | R12: Informe | V12: Odontología
A13: 1.6 Incrementado el acceso oportuno a servicios de salud de calidad, aumentando el acceso a servicios preventivos de 2.23% de la población prioritaria en 2023 al 5.24% en 2028 en todas las regiones del país. | B13: 1.6.5 La población usuaria recibe servicios odontológicos fortalecidos y de calidad mediante la ejecución de planes de mejora de la atención dental. | C13: 1.6.5.04 | D13: Desarrollo del Programa Hospitales libre de caries | H13: 1 | M13: 1 | Q13: =SUM(E13:P13) -> 2 | R13: Informe | V13: Odontología
A14: 1.7 Aumentada la disponibilidad de medicamentos esenciales en los establecimientos de la Red Pública de Servicios de Salud, incrementando el cumplimiento promedio de abastecimiento del 88% en 2023 al 93% en 2028 en todas las regiones del país. | B14: 1.7.1 Pacientes reciben medicamentos esenciales para el tratamiento adecuado y oportuno de sus condiciones de salud. | C14: 1.7.1.01 | D14: Reunión Comité Farmaco Terapeutico (CFT) Hospitalario y promoción del uso racional de los medicamentos. | E14: 1 | H14: 1 | K14: 1 | N14: 1 | Q14: =SUM(E14:P14) -> 4 | R14: Listado de participación | S14: Minuta | V14: Medicamentos
A15: 1.8 Superadas las deficiencias en la organización e implementación de las Redes Integradas de Servicios de Salud (RISS) beneficiando a toda la población que utiliza los servicios de salud de la Red Pública, aumentando del 38% en 2023 al 50% en 2028 en todo el territorio nacional. | B15: 1.8.2 La población recibe acceso equitativo a servicios de salud, incluidos los de emergencia, de calidad, seguros, integrales, continuos e inclusivos, mediante redes integradas que incorporan mejora continua de procesos y avances tecnológicos. | C15: 1.8.2.01 | D15: Implementación del Modelo hospitalario y flujos de Asistencia Emergencias y Urgencias | J15: 1 | Q15: =SUM(E15:P15) -> 1 | R15: Reporte | V15: Emergencia
A16: 1.8 Superadas las deficiencias en la organización e implementación de las Redes Integradas de Servicios de Salud (RISS) beneficiando a toda la población que utiliza los servicios de salud de la Red Pública, aumentando del 38% en 2023 al 50% en 2028 en todo el territorio nacional. | B16: 1.8.2 La población recibe acceso equitativo a servicios de salud, incluidos los de emergencia, de calidad, seguros, integrales, continuos e inclusivos, mediante redes integradas que incorporan mejora continua de procesos y avances tecnológicos. | C16: 1.8.2.02 | D16: Socializacion e implementación del RAC-Triaje en las Salas de Emergencias Centros Hospitalarios | J16: 1 | O16: 1 | Q16: =SUM(E16:P16) -> 2 | R16: Listado de participación | S16: Reporte | V16: Emergencia
A17: 1.8 Superadas las deficiencias en la organización e implementación de las Redes Integradas de Servicios de Salud (RISS) beneficiando a toda la población que utiliza los servicios de salud de la Red Pública, aumentando del 38% en 2023 al 50% en 2028 en todo el territorio nacional. | B17: 1.8.2 La población recibe acceso equitativo a servicios de salud, incluidos los de emergencia, de calidad, seguros, integrales, continuos e inclusivos, mediante redes integradas que incorporan mejora continua de procesos y avances tecnológicos. | C17: 1.8.2.03 | D17: Llenado de historia clinica de emergencias y registro de todos los pacientes del libro de emergencias | M17: 1 | Q17: =SUM(E17:P17) -> 1 | R17: Reporte | V17: Emergencia
A18: 1.8 Superadas las deficiencias en la organización e implementación de las Redes Integradas de Servicios de Salud (RISS) beneficiando a toda la población que utiliza los servicios de salud de la Red Pública, aumentando del 38% en 2023 al 50% en 2028 en todo el territorio nacional. | B18: 1.8.2 La población recibe acceso equitativo a servicios de salud, incluidos los de emergencia, de calidad, seguros, integrales, continuos e inclusivos, mediante redes integradas que incorporan mejora continua de procesos y avances tecnológicos. | C18: 1.8.2.04 | D18: Implementación del procedimiento para la entrega, recibo y reposicion de carro de paro | F18: 1 | I18: 1 | L18: 1 | O18: 1 | Q18: =SUM(E18:P18) -> 4 | R18: Formularios de verificacion de Carro de paro (Apertura, Stock y Verificacion de desfibrilador) | V18: Emergencia
A19: 1.8 Superadas las deficiencias en la organización e implementación de las Redes Integradas de Servicios de Salud (RISS) beneficiando a toda la población que utiliza los servicios de salud de la Red Pública, aumentando del 38% en 2023 al 50% en 2028 en todo el territorio nacional. | B19: 1.8.2 La población recibe acceso equitativo a servicios de salud, incluidos los de emergencia, de calidad, seguros, integrales, continuos e inclusivos, mediante redes integradas que incorporan mejora continua de procesos y avances tecnológicos. | C19: 1.8.2.05 | D19: Registros en el tablero de Indicadores de Gestión de las Salas de Emergencias de los Centros de Salud. | G19: 1 | J19: 1 | M19: 1 | P19: 1 | Q19: =SUM(E19:P19) -> 4 | R19: Reporte | V19: Emergencia
A20: 1.8 Superadas las deficiencias en la organización e implementación de las Redes Integradas de Servicios de Salud (RISS) beneficiando a toda la población que utiliza los servicios de salud de la Red Pública, aumentando del 38% en 2023 al 50% en 2028 en todo el territorio nacional. | B20: 1.8.2 La población recibe acceso equitativo a servicios de salud, incluidos los de emergencia, de calidad, seguros, integrales, continuos e inclusivos, mediante redes integradas que incorporan mejora continua de procesos y avances tecnológicos. | C20: 1.8.2.06 | D20: Socialización de los procedimientos de traslado de pacientes | I20: 1 | Q20: =SUM(E20:P20) -> 1 | R20: Listado de participación | S20: Agenda | V20: Emergencia
A21: 1.8 Superadas las deficiencias en la organización e implementación de las Redes Integradas de Servicios de Salud (RISS) beneficiando a toda la población que utiliza los servicios de salud de la Red Pública, aumentando del 38% en 2023 al 50% en 2028 en todo el territorio nacional. | B21: 1.8.2 La población recibe acceso equitativo a servicios de salud, incluidos los de emergencia, de calidad, seguros, integrales, continuos e inclusivos, mediante redes integradas que incorporan mejora continua de procesos y avances tecnológicos. | C21: 1.8.2.07 | D21: Elaboración y/o actualización de los Planes de Emergencias y Desastres Hospitalarios | G21: 1 | Q21: =SUM(E21:P21) -> 1 | R21: Plan | V21: Emergencia
A22: 1.8 Superadas las deficiencias en la organización e implementación de las Redes Integradas de Servicios de Salud (RISS) beneficiando a toda la población que utiliza los servicios de salud de la Red Pública, aumentando del 38% en 2023 al 50% en 2028 en todo el territorio nacional. | B22: 1.8.2 La población recibe acceso equitativo a servicios de salud, incluidos los de emergencia, de calidad, seguros, integrales, continuos e inclusivos, mediante redes integradas que incorporan mejora continua de procesos y avances tecnológicos. | C22: 1.8.2.08 | D22: Reunion del comité de emergencias para socializacion del plan Hospitalarios Emergencias de salud publica y desastres naturales con el personal del hospital. | G22: 1 | J22: 1 | M22: 1 | Q22: =SUM(E22:P22) -> 3 | R22: Listado de participación | S22: Minuta | V22: Emergencia
A23: 1.8 Superadas las deficiencias en la organización e implementación de las Redes Integradas de Servicios de Salud (RISS) beneficiando a toda la población que utiliza los servicios de salud de la Red Pública, aumentando del 38% en 2023 al 50% en 2028 en todo el territorio nacional. | B23: 1.8.2 La población recibe acceso equitativo a servicios de salud, incluidos los de emergencia, de calidad, seguros, integrales, continuos e inclusivos, mediante redes integradas que incorporan mejora continua de procesos y avances tecnológicos. | C23: 1.8.2.09 | D23: Simulacro para probar la funcionabilidad de los Planes de Emergencias y Desastres Hospitalarios. | N23: 1 | Q23: =SUM(E23:P23) -> 1 | R23: Listado de participación | S23: Reporte | V23: Emergencia
A24: 1.8 Superadas las deficiencias en la organización e implementación de las Redes Integradas de Servicios de Salud (RISS) beneficiando a toda la población que utiliza los servicios de salud de la Red Pública, aumentando del 38% en 2023 al 50% en 2028 en todo el territorio nacional. | B24: 1.8.2 La población recibe acceso equitativo a servicios de salud, incluidos los de emergencia, de calidad, seguros, integrales, continuos e inclusivos, mediante redes integradas que incorporan mejora continua de procesos y avances tecnológicos. | C24: 1.8.2.10 | D24: Reunión con el Comite Hospitalario de Emergencias y Desastres para preparar el Operativo de Navidad y Año Nuevo comité de emergencias | P24: 1 | Q24: =SUM(E24:P24) -> 1 | R24: Listado de participación | S24: Minuta | V24: Emergencia
A25: 1.8 Superadas las deficiencias en la organización e implementación de las Redes Integradas de Servicios de Salud (RISS) beneficiando a toda la población que utiliza los servicios de salud de la Red Pública, aumentando del 38% en 2023 al 50% en 2028 en todo el territorio nacional. | B25: 1.8.2 La población recibe acceso equitativo a servicios de salud, incluidos los de emergencia, de calidad, seguros, integrales, continuos e inclusivos, mediante redes integradas que incorporan mejora continua de procesos y avances tecnológicos. | C25: 1.8.2.11 | D25: Reunión con el Comite Hospitalario de Emergencias y Desastres para preparar el Operativo de Semana Santa comité de emergencias | G25: 1 | Q25: =SUM(E25:P25) -> 1 | R25: Listado de participación | S25: Minuta | V25: Emergencia
A26: 1.8 Superadas las deficiencias en la organización e implementación de las Redes Integradas de Servicios de Salud (RISS) beneficiando a toda la población que utiliza los servicios de salud de la Red Pública, aumentando del 38% en 2023 al 50% en 2028 en todo el territorio nacional. | B26: 1.8.2 La población recibe acceso equitativo a servicios de salud, incluidos los de emergencia, de calidad, seguros, integrales, continuos e inclusivos, mediante redes integradas que incorporan mejora continua de procesos y avances tecnológicos. | C26: 1.8.2.12 | D26: Reunión con el Comite Hospitalario de Emergencias y Desastres para respuesta a Temporada Ciclonica y Eventos Hidrometeorologicos comité de emergencias | E26: 1 | O26: 1 | Q26: =SUM(E26:P26) -> 2 | R26: Listado de participación | S26: Minuta | V26: Emergencia
A27: 1.8 Superadas las deficiencias en la organización e implementación de las Redes Integradas de Servicios de Salud (RISS) beneficiando a toda la población que utiliza los servicios de salud de la Red Pública, aumentando del 38% en 2023 al 50% en 2028 en todo el territorio nacional. | B27: 1.8.2 La población recibe acceso equitativo a servicios de salud, incluidos los de emergencia, de calidad, seguros, integrales, continuos e inclusivos, mediante redes integradas que incorporan mejora continua de procesos y avances tecnológicos. | C27: 1.8.2.13 | D27: Reunión con el Comite Hospitalario de Emergencias y Desastres para la respuesta alta demanda asistencial por siniestros siniestro viales, emergencias de salud, desastres naturales y cambio climaticos. | I27: 1 | Q27: =SUM(E27:P27) -> 1 | R27: Listado de participación | S27: Minuta | V27: Emergencia
A28: 1.8 Superadas las deficiencias en la organización e implementación de las Redes Integradas de Servicios de Salud (RISS) beneficiando a toda la población que utiliza los servicios de salud de la Red Pública, aumentando del 38% en 2023 al 50% en 2028 en todo el territorio nacional. | B28: 1.8.3 La población usuaria recibe servicios hospitalarios fortalecidos, integrales y de calidad mediante la mejora continua de procesos y servicios, la optimización de la gestión y el fortalecimiento de la infraestructura, el equipamiento y las capacidades del personal. | C28: 1.8.3.01 | D28: Supervision de indicadores de calidad en el programa de hemodialisis y diálisis peritoneal, para los centros que apliquen para el programa. | E28: 1 | F28: 1 | G28: 1 | H28: 1 | I28: 1 | J28: 1 | K28: 1 | L28: 1 | M28: 1 | N28: 1 | O28: 1 | P28: 1 | Q28: =SUM(E28:P28) -> 12 | R28: Informe | V28: Calidad en los Servicios de Salud
A29: 1.8 Superadas las deficiencias en la organización e implementación de las Redes Integradas de Servicios de Salud (RISS) beneficiando a toda la población que utiliza los servicios de salud de la Red Pública, aumentando del 38% en 2023 al 50% en 2028 en todo el territorio nacional. | B29: 1.8.3 La población usuaria recibe servicios hospitalarios fortalecidos, integrales y de calidad mediante la mejora continua de procesos y servicios, la optimización de la gestión y el fortalecimiento de la infraestructura, el equipamiento y las capacidades del personal. | C29: 1.8.3.02 | D29: Plan de mejora a partir de los resultados de la evaluacion de indicadores de calidad en el programa de hemodialisis y diálisis peritoneal, para los centros que apliquen para el programa. | G29: 1 | J29: 1 | M29: 1 | P29: 1 | Q29: =SUM(E29:P29) -> 4 | R29: Protocolo | V29: Calidad en los Servicios de Salud
A30: 1.8 Superadas las deficiencias en la organización e implementación de las Redes Integradas de Servicios de Salud (RISS) beneficiando a toda la población que utiliza los servicios de salud de la Red Pública, aumentando del 38% en 2023 al 50% en 2028 en todo el territorio nacional. | B30: 1.8.3 La población usuaria recibe servicios hospitalarios fortalecidos, integrales y de calidad mediante la mejora continua de procesos y servicios, la optimización de la gestión y el fortalecimiento de la infraestructura, el equipamiento y las capacidades del personal. | C30: 1.8.3.03 | D30: Seguimiento a los planes de mejora de la evaluacion de indicadores de calidad en el programa de hemodialisis y diálisis peritoneal, para los centros que apliquen para el programa. | H30: 1 | K30: 1 | N30: 1 | Q30: =SUM(E30:P30) -> 3 | R30: Informe | S30: Plan | V30: Calidad en los Servicios de Salud
A31: 1.8 Superadas las deficiencias en la organización e implementación de las Redes Integradas de Servicios de Salud (RISS) beneficiando a toda la población que utiliza los servicios de salud de la Red Pública, aumentando del 38% en 2023 al 50% en 2028 en todo el territorio nacional. | B31: 1.8.3 La población usuaria recibe servicios hospitalarios fortalecidos, integrales y de calidad mediante la mejora continua de procesos y servicios, la optimización de la gestión y el fortalecimiento de la infraestructura, el equipamiento y las capacidades del personal. | C31: 1.8.3.04 | D31: Seguimiento al plan de mejora de las evaluaciones de la calidad de los servicios de nutrición | G31: 1 | J31: 1 | M31: 1 | P31: 1 | Q31: =SUM(E31:P31) -> 4 | R31: Informe | S31: Plan | V31: Nutrición
A32: 1.8 Superadas las deficiencias en la organización e implementación de las Redes Integradas de Servicios de Salud (RISS) beneficiando a toda la población que utiliza los servicios de salud de la Red Pública, aumentando del 38% en 2023 al 50% en 2028 en todo el territorio nacional. | B32: 1.8.3 La población usuaria recibe servicios hospitalarios fortalecidos, integrales y de calidad mediante la mejora continua de procesos y servicios, la optimización de la gestión y el fortalecimiento de la infraestructura, el equipamiento y las capacidades del personal. | C32: 1.8.3.05 | D32: Implementacion de los procesos de bioseguridad hospitalaria | G32: 1 | J32: 1 | M32: 1 | P32: 1 | Q32: =SUM(E32:P32) -> 4 | R32: Informe | V32: Epidemiología
A33: 1.8 Superadas las deficiencias en la organización e implementación de las Redes Integradas de Servicios de Salud (RISS) beneficiando a toda la población que utiliza los servicios de salud de la Red Pública, aumentando del 38% en 2023 al 50% en 2028 en todo el territorio nacional. | B33: 1.8.3 La población usuaria recibe servicios hospitalarios fortalecidos, integrales y de calidad mediante la mejora continua de procesos y servicios, la optimización de la gestión y el fortalecimiento de la infraestructura, el equipamiento y las capacidades del personal. | C33: 1.8.3.06 | D33: Elaboración de los planes de mejora a partir de los resultados de evaluacion de procesos de bioseguridad hospitalaria | G33: 1 | J33: 1 | M33: 1 | Q33: =SUM(E33:P33) -> 3 | R33: Plan | V33: Epidemiología
A34: 1.8 Superadas las deficiencias en la organización e implementación de las Redes Integradas de Servicios de Salud (RISS) beneficiando a toda la población que utiliza los servicios de salud de la Red Pública, aumentando del 38% en 2023 al 50% en 2028 en todo el territorio nacional. | B34: 1.8.3 La población usuaria recibe servicios hospitalarios fortalecidos, integrales y de calidad mediante la mejora continua de procesos y servicios, la optimización de la gestión y el fortalecimiento de la infraestructura, el equipamiento y las capacidades del personal. | C34: 1.8.3.07 | D34: Seguimiento a los planes de mejora de evaluación de procesos de bioseguridad hospitalaria | G34: 1 | J34: 1 | M34: 1 | Q34: =SUM(E34:P34) -> 3 | R34: Informe | S34: Plan | V34: Epidemiología
A35: 1.8 Superadas las deficiencias en la organización e implementación de las Redes Integradas de Servicios de Salud (RISS) beneficiando a toda la población que utiliza los servicios de salud de la Red Pública, aumentando del 38% en 2023 al 50% en 2028 en todo el territorio nacional. | B35: 1.8.3 La población usuaria recibe servicios hospitalarios fortalecidos, integrales y de calidad mediante la mejora continua de procesos y servicios, la optimización de la gestión y el fortalecimiento de la infraestructura, el equipamiento y las capacidades del personal. | C35: 1.8.3.08 | D35: Notificación oportuna de las enfermedades bajo vigilancia epidemiológica (Epi 1 y 2) | E35: 1 | F35: 1 | G35: 1 | H35: 1 | I35: 1 | J35: 1 | K35: 1 | L35: 1 | M35: 1 | N35: 1 | O35: 1 | P35: 1 | Q35: =SUM(E35:P35) -> 12 | R35: Reporte | V35: Epidemiología
A36: 1.8 Superadas las deficiencias en la organización e implementación de las Redes Integradas de Servicios de Salud (RISS) beneficiando a toda la población que utiliza los servicios de salud de la Red Pública, aumentando del 38% en 2023 al 50% en 2028 en todo el territorio nacional. | B36: 1.8.3 La población usuaria recibe servicios hospitalarios fortalecidos, integrales y de calidad mediante la mejora continua de procesos y servicios, la optimización de la gestión y el fortalecimiento de la infraestructura, el equipamiento y las capacidades del personal. | C36: 1.8.3.09 | D36: Implementación del procedimiento de hosteleria hospitalaria | J36: 1 | P36: 1 | Q36: =SUM(E36:P36) -> 2 | R36: Informe | V36: Hostelería Hospitalaria
A37: 1.8 Superadas las deficiencias en la organización e implementación de las Redes Integradas de Servicios de Salud (RISS) beneficiando a toda la población que utiliza los servicios de salud de la Red Pública, aumentando del 38% en 2023 al 50% en 2028 en todo el territorio nacional. | B37: 1.8.3 La población usuaria recibe servicios hospitalarios fortalecidos, integrales y de calidad mediante la mejora continua de procesos y servicios, la optimización de la gestión y el fortalecimiento de la infraestructura, el equipamiento y las capacidades del personal. | C37: 1.8.3.10 | D37: Diagnóstico situacional de la conformación de los comités hospitalarios | G37: 1 | J37: 1 | M37: 1 | P37: 1 | Q37: =SUM(E37:P37) -> 4 | R37: Informe | V37: Subdirección Médica
A38: 1.8 Superadas las deficiencias en la organización e implementación de las Redes Integradas de Servicios de Salud (RISS) beneficiando a toda la población que utiliza los servicios de salud de la Red Pública, aumentando del 38% en 2023 al 50% en 2028 en todo el territorio nacional. | B38: 1.8.3 La población usuaria recibe servicios hospitalarios fortalecidos, integrales y de calidad mediante la mejora continua de procesos y servicios, la optimización de la gestión y el fortalecimiento de la infraestructura, el equipamiento y las capacidades del personal. | C38: 1.8.3.11 | D38: Conformacion de los comité Hospitalarios | G38: 1 | J38: 1 | M38: 1 | P38: 1 | Q38: =SUM(E38:P38) -> 4 | R38: Reporte | T38: Matriz | V38: Subdirección Médica
A39: 1.8 Superadas las deficiencias en la organización e implementación de las Redes Integradas de Servicios de Salud (RISS) beneficiando a toda la población que utiliza los servicios de salud de la Red Pública, aumentando del 38% en 2023 al 50% en 2028 en todo el territorio nacional. | B39: 1.8.3 La población usuaria recibe servicios hospitalarios fortalecidos, integrales y de calidad mediante la mejora continua de procesos y servicios, la optimización de la gestión y el fortalecimiento de la infraestructura, el equipamiento y las capacidades del personal. | C39: 1.8.3.12 | D39: Evaluacion de la Metodologia de Gestion Productiva | G39: 1 | J39: 1 | M39: 1 | P39: 1 | Q39: =SUM(E39:P39) -> 4 | R39: Informe | V39: Subdirección Médica
A40: 1.8 Superadas las deficiencias en la organización e implementación de las Redes Integradas de Servicios de Salud (RISS) beneficiando a toda la población que utiliza los servicios de salud de la Red Pública, aumentando del 38% en 2023 al 50% en 2028 en todo el territorio nacional. | B40: 1.8.3 La población usuaria recibe servicios hospitalarios fortalecidos, integrales y de calidad mediante la mejora continua de procesos y servicios, la optimización de la gestión y el fortalecimiento de la infraestructura, el equipamiento y las capacidades del personal. | C40: 1.8.3.13 | D40: Plan de mejora a partir de los resultados de la evaluacion de la metodologia de gestion productiva | H40: 1 | K40: 1 | N40: 1 | P40: 1 | Q40: =SUM(E40:P40) -> 4 | R40: Plan | V40: Subdirección Médica
A41: 1.8 Superadas las deficiencias en la organización e implementación de las Redes Integradas de Servicios de Salud (RISS) beneficiando a toda la población que utiliza los servicios de salud de la Red Pública, aumentando del 38% en 2023 al 50% en 2028 en todo el territorio nacional. | B41: 1.8.3 La población usuaria recibe servicios hospitalarios fortalecidos, integrales y de calidad mediante la mejora continua de procesos y servicios, la optimización de la gestión y el fortalecimiento de la infraestructura, el equipamiento y las capacidades del personal. | C41: 1.8.3.14 | D41: Seguimiento a los planes de mejora de la MGP | I41: 1 | L41: 1 | P41: 1 | Q41: =SUM(E41:P41) -> 3 | R41: Informe | S41: Plan | V41: Subdirección Médica
A42: 1.8 Superadas las deficiencias en la organización e implementación de las Redes Integradas de Servicios de Salud (RISS) beneficiando a toda la población que utiliza los servicios de salud de la Red Pública, aumentando del 38% en 2023 al 50% en 2028 en todo el territorio nacional. | B42: 1.8.3 La población usuaria recibe servicios hospitalarios fortalecidos, integrales y de calidad mediante la mejora continua de procesos y servicios, la optimización de la gestión y el fortalecimiento de la infraestructura, el equipamiento y las capacidades del personal. | C42: 1.8.3.15 | D42: Supervisión de la calidad de los servicios de nutrición | E42: 1 | F42: 1 | G42: 1 | H42: 1 | I42: 1 | J42: 1 | K42: 1 | L42: 1 | M42: 1 | N42: 1 | O42: 1 | P42: 1 | Q42: =SUM(E42:P42) -> 12 | R42: Informe | V42: Nutrición
A43: 1.8 Superadas las deficiencias en la organización e implementación de las Redes Integradas de Servicios de Salud (RISS) beneficiando a toda la población que utiliza los servicios de salud de la Red Pública, aumentando del 38% en 2023 al 50% en 2028 en todo el territorio nacional. | B43: 1.8.3 La población usuaria recibe servicios hospitalarios fortalecidos, integrales y de calidad mediante la mejora continua de procesos y servicios, la optimización de la gestión y el fortalecimiento de la infraestructura, el equipamiento y las capacidades del personal. | C43: 1.8.3.16 | D43: Desarrollo de los planes de mejora a partir de los resultados de las evaluaciones de la calidad de los servicios de nutrición | G43: 1 | J43: 1 | M43: 1 | P43: 1 | Q43: =SUM(E43:P43) -> 4 | R43: Plan | V43: Nutrición
A44: 1.8 Superadas las deficiencias en la organización e implementación de las Redes Integradas de Servicios de Salud (RISS) beneficiando a toda la población que utiliza los servicios de salud de la Red Pública, aumentando del 38% en 2023 al 50% en 2028 en todo el territorio nacional. | B44: 1.8.3 La población usuaria recibe servicios hospitalarios fortalecidos, integrales y de calidad mediante la mejora continua de procesos y servicios, la optimización de la gestión y el fortalecimiento de la infraestructura, el equipamiento y las capacidades del personal. | C44: 1.8.3.17 | D44: Implementación del plan de mejora de las evaluaciones de la calidad de los servicios de nutrición | H44: 1 | K44: 1 | N44: 1 | Q44: =SUM(E44:P44) -> 3 | R44: Informe | V44: Nutrición
A45: 1.8 Superadas las deficiencias en la organización e implementación de las Redes Integradas de Servicios de Salud (RISS) beneficiando a toda la población que utiliza los servicios de salud de la Red Pública, aumentando del 38% en 2023 al 50% en 2028 en todo el territorio nacional. | B45: 1.8.3 La población usuaria recibe servicios hospitalarios fortalecidos, integrales y de calidad mediante la mejora continua de procesos y servicios, la optimización de la gestión y el fortalecimiento de la infraestructura, el equipamiento y las capacidades del personal. | C45: 1.8.3.18 | D45: Análisis del comportamiento de las objeciones médicas y administrativas | E45: 1 | F45: 1 | G45: 1 | H45: 1 | I45: 1 | J45: 1 | K45: 1 | L45: 1 | M45: 1 | N45: 1 | O45: 1 | P45: 1 | Q45: =SUM(E45:P45) -> 12 | R45: informe | V45: Auditoría Médica
A46: 1.8 Superadas las deficiencias en la organización e implementación de las Redes Integradas de Servicios de Salud (RISS) beneficiando a toda la población que utiliza los servicios de salud de la Red Pública, aumentando del 38% en 2023 al 50% en 2028 en todo el territorio nacional. | B46: 1.8.3 La población usuaria recibe servicios hospitalarios fortalecidos, integrales y de calidad mediante la mejora continua de procesos y servicios, la optimización de la gestión y el fortalecimiento de la infraestructura, el equipamiento y las capacidades del personal. | C46: 1.8.3.19 | D46: Elaboracion de los planes de mejora para la disminucion de las objeciones médicas, administrativas y el incremento de la facturación de los CEAS, en coordinacion de los SRS los centros de salud. | G46: 1 | J46: 1 | M46: 1 | P46: 1 | Q46: =SUM(E46:P46) -> 4 | R46: Plan | V46: Auditoría Médica
A47: 1.8 Superadas las deficiencias en la organización e implementación de las Redes Integradas de Servicios de Salud (RISS) beneficiando a toda la población que utiliza los servicios de salud de la Red Pública, aumentando del 38% en 2023 al 50% en 2028 en todo el territorio nacional. | B47: 1.8.3 La población usuaria recibe servicios hospitalarios fortalecidos, integrales y de calidad mediante la mejora continua de procesos y servicios, la optimización de la gestión y el fortalecimiento de la infraestructura, el equipamiento y las capacidades del personal. | C47: 1.8.3.20 | D47: Seguimiento a la ejecución de planes de mejora para la disminucion de las objeciones médicas, administrativas y el incremento de la facturación de los CEAS. | G47: 1 | J47: 1 | M47: 1 | P47: 1 | Q47: =SUM(E47:P47) -> 4 | R47: Informe | S47: Plan | V47: Auditoría Médica
A48: 2.1 Reducida la escasez de recursos humanos de salud, aumentando un 12% en el 2028 la dotación de personal en establecimientos públicos del país. | B48: 2.1.1 El personal del SNS recibe desarrollo de competencias (técnicas y blandas), evaluación del desempeño y gestión de seguridad y salud en el trabajo, con procesos efectivos de relaciones laborales, para mejorar el desempeño, el bienestar y el cumplimiento normativo en toda la red. | C48: 2.1.1.01 | D48: Ejecución Plan de Capacitación 2026. | G48: 1 | J48: 1 | M48: 1 | P48: 1 | Q48: =SUM(E48:P48) -> 4 | R48: Informe | S48: Plan | U48: 1- El informe trimestral se realiza en el formulario estandarizado por el INAP. 2-Adicional presentar listados de asistencia y plan de capacitación 2026. | V48: Recursos Humanos
A49: 2.1 Reducida la escasez de recursos humanos de salud, aumentando un 12% en el 2028 la dotación de personal en establecimientos públicos del país. | B49: 2.1.1 El personal del SNS recibe desarrollo de competencias (técnicas y blandas), evaluación del desempeño y gestión de seguridad y salud en el trabajo, con procesos efectivos de relaciones laborales, para mejorar el desempeño, el bienestar y el cumplimiento normativo en toda la red. | C49: 2.1.1.02 | D49: Detección necesidades capacitación por departamento CEAS Plan 2027. | M49: 1 | Q49: =SUM(E49:P49) -> 1 | R49: Reporte | U49: Presentar anexo formulario por departamento, de acuerdo a la estructura organizativa de cada dependencia. | V49: Recursos Humanos
A50: 2.1 Reducida la escasez de recursos humanos de salud, aumentando un 12% en el 2028 la dotación de personal en establecimientos públicos del país. | B50: 2.1.1 El personal del SNS recibe desarrollo de competencias (técnicas y blandas), evaluación del desempeño y gestión de seguridad y salud en el trabajo, con procesos efectivos de relaciones laborales, para mejorar el desempeño, el bienestar y el cumplimiento normativo en toda la red. | C50: 2.1.1.03 | D50: Elaboración del Plan de Capacitación CEAS 2027. | N50: 1 | Q50: =SUM(E50:P50) -> 1 | R50: Plan | U50: Realizar plan de capacitación en formulario estándarizado por el INAP. | V50: Recursos Humanos
A51: 2.1 Reducida la escasez de recursos humanos de salud, aumentando un 12% en el 2028 la dotación de personal en establecimientos públicos del país. | B51: 2.1.1 El personal del SNS recibe desarrollo de competencias (técnicas y blandas), evaluación del desempeño y gestión de seguridad y salud en el trabajo, con procesos efectivos de relaciones laborales, para mejorar el desempeño, el bienestar y el cumplimiento normativo en toda la red. | C51: 2.1.1.04 | D51: Consolidado de resultados de evaluación del desempeño laboral 2025. | E51: 1 | Q51: =SUM(E51:P51) -> 1 | R51: Reporte | U51: Matriz para reportar resultados de evaluación del desempeño laboral 2025. | V51: Recursos Humanos
A52: 2.1 Reducida la escasez de recursos humanos de salud, aumentando un 12% en el 2028 la dotación de personal en establecimientos públicos del país. | B52: 2.1.1 El personal del SNS recibe desarrollo de competencias (técnicas y blandas), evaluación del desempeño y gestión de seguridad y salud en el trabajo, con procesos efectivos de relaciones laborales, para mejorar el desempeño, el bienestar y el cumplimiento normativo en toda la red. | C52: 2.1.1.05 | D52: Consolidado de resultados de acuerdos del desempeño laboral 2026. | E52: 1 | Q52: =SUM(E52:P52) -> 1 | R52: Reporte | U52: Matriz para reportar acuerdos del desempeño laboral 2026. | V52: Recursos Humanos
A53: 2.1 Reducida la escasez de recursos humanos de salud, aumentando un 12% en el 2028 la dotación de personal en establecimientos públicos del país. | B53: 2.1.1 El personal del SNS recibe desarrollo de competencias (técnicas y blandas), evaluación del desempeño y gestión de seguridad y salud en el trabajo, con procesos efectivos de relaciones laborales, para mejorar el desempeño, el bienestar y el cumplimiento normativo en toda la red. | C53: 2.1.1.06 | D53: Elaboración informe técnico resultados de evaluación del desempeño laboral 2025 CEAS y remisión al SRS. | G53: 1 | Q53: =SUM(E53:P53) -> 1 | R53: Informe | U53: Informe técnico de resultados evaluación del desempeño laboral 2025. | V53: Recursos Humanos
A54: 2.1 Reducida la escasez de recursos humanos de salud, aumentando un 12% en el 2028 la dotación de personal en establecimientos públicos del país. | B54: 2.1.1 El personal del SNS recibe desarrollo de competencias (técnicas y blandas), evaluación del desempeño y gestión de seguridad y salud en el trabajo, con procesos efectivos de relaciones laborales, para mejorar el desempeño, el bienestar y el cumplimiento normativo en toda la red. | C54: 2.1.1.07 | D54: Monitoreo por departamento de los acuerdos de desempeño laboral 2027 | H54: 1 | K54: 1 | N54: 1 | Q54: =SUM(E54:P54) -> 3 | R54: Minuta | U54: No se requiere listado de asistencia adicional, ya que la minuta estandarizada del MAP es firmada por los colaboradores que participan en la reunión de revisión. | V54: Recursos Humanos
A55: 2.1 Reducida la escasez de recursos humanos de salud, aumentando un 12% en el 2028 la dotación de personal en establecimientos públicos del país. | B55: 2.1.1 El personal del SNS recibe desarrollo de competencias (técnicas y blandas), evaluación del desempeño y gestión de seguridad y salud en el trabajo, con procesos efectivos de relaciones laborales, para mejorar el desempeño, el bienestar y el cumplimiento normativo en toda la red. | C55: 2.1.1.08 | D55: Remisión al SRS consolidado trimestral de acuerdos de desempeño personal nuevo ingreso CEAS | H55: 1 | K55: 1 | N55: 1 | Q55: =SUM(E55:P55) -> 3 | R55: Reporte | V55: Recursos Humanos
A56: 3.1 Fortalecida la capacidad institucional para aumentar el acceso a servicios públicos de calidad mediante la optimización de procesos, empoderamiento del talento humano, articulación efectiva, incorporación de tecnologías de la información y comunicación, modernización de la infraestructura física y equipamiento adecuado. | B56: 3.1.1 Los Centros de Atención y Servicios (CEAS) y las Oficinas Regionales de Salud (ORS) reciben el Formulario de Levantamiento de Necesidades de Cooperación No Reembolsable como instrumento estandarizado, | C56: 3.1.1.01 | D56: Llenado y envío del formulario de levantamiento de necesidades de cooperación no reembolsable a la ORS. | E56: 1 | Q56: =SUM(E56:P56) -> 1 | R56: 1. Formulario de levantamiento de necesidades de cooperación no reembolsable completo y firmado. 2. Remisión vía correo electrónico del formulario a la ORS. | V56: Planificación
A57: 3.1 Fortalecida la capacidad institucional para aumentar el acceso a servicios públicos de calidad mediante la optimización de procesos, empoderamiento del talento humano, articulación efectiva, incorporación de tecnologías de la información y comunicación, modernización de la infraestructura física y equipamiento adecuado. | B57: 3.1.1 Los Centros de Atención y Servicios (CEAS) y las Oficinas Regionales de Salud (ORS) reciben el Formulario de Levantamiento de Necesidades de Cooperación No Reembolsable como instrumento estandarizado, | C57: 3.1.1.02 | D57: Llenado y envío del Formulario de Reporte de Donaciones a la ORS. | K57: 1 | P57: 1 | Q57: =SUM(E57:P57) -> 2 | R57: 1. Formulario de Reporte de Donaciones sellado y firmado. 2. Remisión vía correo electrónico del formulario a la ORS. | V57: Planificación
A58: 3.1 Fortalecida la capacidad institucional para aumentar el acceso a servicios públicos de calidad mediante la optimización de procesos, empoderamiento del talento humano, articulación efectiva, incorporación de tecnologías de la información y comunicación, modernización de la infraestructura física y equipamiento adecuado. | B58: 3.1.5 Personal y usuarios del SNS reciben servicios tecnológicos confiables | C58: 3.1.5.01 | D58: Actualización de portales web | G58: 1 | J58: 1 | M58: 1 | P58: 1 | Q58: =SUM(E58:P58) -> 4 | R58: Reporte | V58: Tecnología
A59: 3.1 Fortalecida la capacidad institucional para aumentar el acceso a servicios públicos de calidad mediante la optimización de procesos, empoderamiento del talento humano, articulación efectiva, incorporación de tecnologías de la información y comunicación, modernización de la infraestructura física y equipamiento adecuado. | B59: 3.1.5 Personal y usuarios del SNS reciben servicios tecnológicos confiables | C59: 3.1.5.02 | D59: Soportes incidencias tecnológicas atendidas | G59: 1 | J59: 1 | M59: 1 | P59: 1 | Q59: =SUM(E59:P59) -> 4 | R59: Reporte | V59: Tecnología
A60: 3.1 Fortalecida la capacidad institucional para aumentar el acceso a servicios públicos de calidad mediante la optimización de procesos, empoderamiento del talento humano, articulación efectiva, incorporación de tecnologías de la información y comunicación, modernización de la infraestructura física y equipamiento adecuado. | B60: 3.1.5 Personal y usuarios del SNS reciben servicios tecnológicos confiables | C60: 3.1.5.03 | D60: Inventario de activos tecnológicos | G60: 1 | J60: 1 | M60: 1 | P60: 1 | Q60: =SUM(E60:P60) -> 4 | R60: Inventario | V60: Tecnología
A61: 3.1 Fortalecida la capacidad institucional para aumentar el acceso a servicios públicos de calidad mediante la optimización de procesos, empoderamiento del talento humano, articulación efectiva, incorporación de tecnologías de la información y comunicación, modernización de la infraestructura física y equipamiento adecuado. | B61: 3.1.6 La población usuaria recibe servicios seguros y de calidad mediante el fortalecimiento del modelo institucional de gestión y monitoreo de la calidad, con estándares, indicadores, auditorías y acciones de mejora continua en todas las unidades. | C61: 3.1.6.01 | D61: Elaboración de la memoria institucional 2026 | O61: 1 | Q61: =SUM(E61:P61) -> 1 | R61: Memoria | V61: Planificación
A62: 3.1 Fortalecida la capacidad institucional para aumentar el acceso a servicios públicos de calidad mediante la optimización de procesos, empoderamiento del talento humano, articulación efectiva, incorporación de tecnologías de la información y comunicación, modernización de la infraestructura física y equipamiento adecuado. | B62: 3.1.6 La población usuaria recibe servicios seguros y de calidad mediante el fortalecimiento del modelo institucional de gestión y monitoreo de la calidad, con estándares, indicadores, auditorías y acciones de mejora continua en todas las unidades. | C62: 3.1.6.02 | D62: Elaboración del Plan Operativo Anual 2027 | M62: 1 | Q62: =SUM(E62:P62) -> 1 | R62: Plan | V62: Planificación
A63: 3.1 Fortalecida la capacidad institucional para aumentar el acceso a servicios públicos de calidad mediante la optimización de procesos, empoderamiento del talento humano, articulación efectiva, incorporación de tecnologías de la información y comunicación, modernización de la infraestructura física y equipamiento adecuado. | B63: 3.1.6 La población usuaria recibe servicios seguros y de calidad mediante el fortalecimiento del modelo institucional de gestión y monitoreo de la calidad, con estándares, indicadores, auditorías y acciones de mejora continua en todas las unidades. | C63: 3.1.6.03 | D63: Autoevaluación POA 2026 | E63: 1 | H63: 1 | K63: 1 | N63: 1 | Q63: =SUM(E63:P63) -> 4 | R63: MEP | V63: Planificación
A64: 3.1 Fortalecida la capacidad institucional para aumentar el acceso a servicios públicos de calidad mediante la optimización de procesos, empoderamiento del talento humano, articulación efectiva, incorporación de tecnologías de la información y comunicación, modernización de la infraestructura física y equipamiento adecuado. | B64: 3.1.6 La población usuaria recibe servicios seguros y de calidad mediante el fortalecimiento del modelo institucional de gestión y monitoreo de la calidad, con estándares, indicadores, auditorías y acciones de mejora continua en todas las unidades. | C64: 3.1.6.04 | D64: Elaboración y seguimiento a la ejecución de los planes de mejora acorde a los hallazgos del MEP | F64: 1 | I64: 1 | L64: 1 | O64: 1 | Q64: =SUM(E64:P64) -> 4 | R64: Informe | S64: Listado de participación | T64: Plan | V64: Planificación
A65: 3.1 Fortalecida la capacidad institucional para aumentar el acceso a servicios públicos de calidad mediante la optimización de procesos, empoderamiento del talento humano, articulación efectiva, incorporación de tecnologías de la información y comunicación, modernización de la infraestructura física y equipamiento adecuado. | B65: 3.1.6 La población usuaria recibe servicios seguros y de calidad mediante el fortalecimiento del modelo institucional de gestión y monitoreo de la calidad, con estándares, indicadores, auditorías y acciones de mejora continua en todas las unidades. | C65: 3.1.6.05 | D65: Elaboración del informe de autodiagnóstico y sistema afinado de puntuación CAF | I65: 1 | Q65: =SUM(E65:P65) -> 1 | R65: Informe | V65: Calidad en la Gestión
A66: 3.1 Fortalecida la capacidad institucional para aumentar el acceso a servicios públicos de calidad mediante la optimización de procesos, empoderamiento del talento humano, articulación efectiva, incorporación de tecnologías de la información y comunicación, modernización de la infraestructura física y equipamiento adecuado. | B66: 3.1.6 La población usuaria recibe servicios seguros y de calidad mediante el fortalecimiento del modelo institucional de gestión y monitoreo de la calidad, con estándares, indicadores, auditorías y acciones de mejora continua en todas las unidades. | C66: 3.1.6.06 | D66: Informe de seguimiento a plan de mejora CAF año en curso | I66: 1 | Q66: =SUM(E66:P66) -> 1 | R66: Informe | V66: Calidad en la Gestión
A67: 3.1 Fortalecida la capacidad institucional para aumentar el acceso a servicios públicos de calidad mediante la optimización de procesos, empoderamiento del talento humano, articulación efectiva, incorporación de tecnologías de la información y comunicación, modernización de la infraestructura física y equipamiento adecuado. | B67: 3.1.6 La población usuaria recibe servicios seguros y de calidad mediante el fortalecimiento del modelo institucional de gestión y monitoreo de la calidad, con estándares, indicadores, auditorías y acciones de mejora continua en todas las unidades. | C67: 3.1.6.07 | D67: Elaboración plan de mejora CAF del próximo año | K67: 1 | Q67: =SUM(E67:P67) -> 1 | R67: Plan | V67: Calidad en la Gestión
A68: 3.1 Fortalecida la capacidad institucional para aumentar el acceso a servicios públicos de calidad mediante la optimización de procesos, empoderamiento del talento humano, articulación efectiva, incorporación de tecnologías de la información y comunicación, modernización de la infraestructura física y equipamiento adecuado. | B68: 3.1.6 La población usuaria recibe servicios seguros y de calidad mediante el fortalecimiento del modelo institucional de gestión y monitoreo de la calidad, con estándares, indicadores, auditorías y acciones de mejora continua en todas las unidades. | C68: 3.1.6.08 | D68: Implementación, renovación o actualización de CCC (Carta Compromiso al Ciudadano) según aplique | O68: 1 | Q68: =SUM(E68:P68) -> 1 | R68: Resolución aprobatoria | V68: Calidad en la Gestión
A69: 3.1 Fortalecida la capacidad institucional para aumentar el acceso a servicios públicos de calidad mediante la optimización de procesos, empoderamiento del talento humano, articulación efectiva, incorporación de tecnologías de la información y comunicación, modernización de la infraestructura física y equipamiento adecuado. | B69: 3.1.6 La población usuaria recibe servicios seguros y de calidad mediante el fortalecimiento del modelo institucional de gestión y monitoreo de la calidad, con estándares, indicadores, auditorías y acciones de mejora continua en todas las unidades. | C69: 3.1.6.09 | D69: Seguimiento al cumplimiento de la CCC (Carta Compromiso al Ciudadano) | G69: 1 | J69: 1 | M69: 1 | P69: 1 | Q69: =SUM(E69:P69) -> 4 | R69: Reporte | V69: Calidad en la Gestión
A70: 3.1 Fortalecida la capacidad institucional para aumentar el acceso a servicios públicos de calidad mediante la optimización de procesos, empoderamiento del talento humano, articulación efectiva, incorporación de tecnologías de la información y comunicación, modernización de la infraestructura física y equipamiento adecuado. | B70: 3.1.6 La población usuaria recibe servicios seguros y de calidad mediante el fortalecimiento del modelo institucional de gestión y monitoreo de la calidad, con estándares, indicadores, auditorías y acciones de mejora continua en todas las unidades. | C70: 3.1.6.10 | D70: Seguimiento a la implementación plan de mejora SISMAP Salud y Programa de Desempeño SNS | O70: 1 | Q70: =SUM(E70:P70) -> 1 | R70: Informe | V70: Calidad en la Gestión
A71: 3.1 Fortalecida la capacidad institucional para aumentar el acceso a servicios públicos de calidad mediante la optimización de procesos, empoderamiento del talento humano, articulación efectiva, incorporación de tecnologías de la información y comunicación, modernización de la infraestructura física y equipamiento adecuado. | B71: 3.1.6 La población usuaria recibe servicios seguros y de calidad mediante el fortalecimiento del modelo institucional de gestión y monitoreo de la calidad, con estándares, indicadores, auditorías y acciones de mejora continua en todas las unidades. | C71: 3.1.6.11 | D71: Ejecución de las sesiones del comité de calidad del CEAS | J71: 1 | Q71: =SUM(E71:P71) -> 1 | R71: Listado de participación | S71: Minuta | V71: Calidad en la Gestión
A72: 3.1 Fortalecida la capacidad institucional para aumentar el acceso a servicios públicos de calidad mediante la optimización de procesos, empoderamiento del talento humano, articulación efectiva, incorporación de tecnologías de la información y comunicación, modernización de la infraestructura física y equipamiento adecuado. | B72: 3.1.7 Los establecimientos de la red SNS disponen de bienes oportunos, custodiados y en condiciones óptimas mediante el fortalecimiento del Sistema de Administración de Bienes: registro e inventario, control y trazabilidad, mantenimiento, distribución y bajas, con enfoque de ciclo de vida y transparencia. | C72: 3.1.7.01 | D72: Actualización de Inventarios de la ORS | J72: 1 | P72: 1 | Q72: =SUM(E72:P72) -> 2 | R72: Informe | S72: Inventario | V72: Administrativo-Financiero
A73: 3.1 Fortalecida la capacidad institucional para aumentar el acceso a servicios públicos de calidad mediante la optimización de procesos, empoderamiento del talento humano, articulación efectiva, incorporación de tecnologías de la información y comunicación, modernización de la infraestructura física y equipamiento adecuado. | B73: 3.1.7 Los establecimientos de la red SNS disponen de bienes oportunos, custodiados y en condiciones óptimas mediante el fortalecimiento del Sistema de Administración de Bienes: registro e inventario, control y trazabilidad, mantenimiento, distribución y bajas, con enfoque de ciclo de vida y transparencia. | C73: 3.1.7.02 | D73: Registro de Activos en el Sistema de Administración de Bienes (SIAB) | G73: 1 | J73: 1 | M73: 1 | P73: 1 | Q73: =SUM(E73:P73) -> 4 | R73: Reporte | V73: Administrativo-Financiero
A74: 3.2 Incrementada la satisfacción de usuarios y la calidad percibida de los servicios públicos | B74: 3.2.1 Los pacientes reciben cuidados seguros y de calidad mediante la continuidad en la implementación y aplicación de los siete estándares de calidad de los servicios de enfermería. | C74: 3.2.1.01 | D74: Supervisión y aplicación expediente clínico en el hospital | G74: 1 | J74: 1 | M74: 1 | O74: 1 | Q74: =SUM(E74:P74) -> 4 | R74: Informe | V74: Enfermería
A75: 3.2 Incrementada la satisfacción de usuarios y la calidad percibida de los servicios públicos | B75: 3.2.1 Los pacientes reciben cuidados seguros y de calidad mediante la continuidad en la implementación y aplicación de los siete estándares de calidad de los servicios de enfermería. | C75: 3.2.1.02 | D75: Capacitación y retroalimentación en dosificación y administración de medicamentos al personal de enfermería | F75: 1 | H75: 1 | J75: 1 | L75: 1 | N75: 1 | Q75: =SUM(E75:P75) -> 5 | R75: Listado de participación | S75: Agenda | V75: Enfermería
A76: 3.2 Incrementada la satisfacción de usuarios y la calidad percibida de los servicios públicos | B76: 3.2.1 Los pacientes reciben cuidados seguros y de calidad mediante la continuidad en la implementación y aplicación de los siete estándares de calidad de los servicios de enfermería. | C76: 3.2.1.03 | D76: Seguimiento a la aplicación de los 7 estándares de cuidados de enfermería | M76: 1 | Q76: =SUM(E76:P76) -> 1 | R76: Informe | V76: Enfermería
A77: 3.2 Incrementada la satisfacción de usuarios y la calidad percibida de los servicios públicos | B77: 3.2.2 La población usuaria y los clínicos reciben diagnósticos confiables y oportunos mediante el fortalecimiento de la red del SNS: monitoreo y evaluación continua de la calidad para guiar decisiones, habilitación/acreditación de establecimientos y cumplimiento de estándares de seguridad, asegurando acceso eficiente a servicios de calidad. | C77: 3.2.2.01 | D77: Autoevaluacion SLIPTA para cumplimiento de SISMAP SALUD | H77: 1 | M77: 1 | Q77: =SUM(E77:P77) -> 2 | R77: Lista de verificación y formulario de plan de mejora | V77: Laboratorios e Imágenes
A78: 3.2 Incrementada la satisfacción de usuarios y la calidad percibida de los servicios públicos | B78: 3.2.2 La población usuaria y los clínicos reciben diagnósticos confiables y oportunos mediante el fortalecimiento de la red del SNS: monitoreo y evaluación continua de la calidad para guiar decisiones, habilitación/acreditación de establecimientos y cumplimiento de estándares de seguridad, asegurando acceso eficiente a servicios de calidad. | C78: 3.2.2.03 | D78: Automatización de los servicios/ mantenimiento a los equipos y calibracion de cabinas de los departamentos de microbiologia en los EES que cuentan con departamento de microbiologia clinica. | G78: 1 | M78: 1 | Q78: =SUM(E78:P78) -> 2 | R78: Informe | V78: laboratorios e Imágenes
A79: 3.2 Incrementada la satisfacción de usuarios y la calidad percibida de los servicios públicos | B79: 3.2.2 La población usuaria y los clínicos reciben diagnósticos confiables y oportunos mediante el fortalecimiento de la red del SNS: monitoreo y evaluación continua de la calidad para guiar decisiones, habilitación/acreditación de establecimientos y cumplimiento de estándares de seguridad, asegurando acceso eficiente a servicios de calidad. | C79: 3.2.2.04 | D79: Cumplimiento la ruta de recolecion y/o envio y/o recepción de las muestras. | F79: 1 | I79: 1 | K79: 1 | Q79: =SUM(E79:P79) -> 3 | R79: Cumplimiento la ruta de recolecion y/o envio y/o recepción de las muestras. | V79: Laboratorios e Imágenes
A80: 3.2 Incrementada la satisfacción de usuarios y la calidad percibida de los servicios públicos | B80: 3.2.2 La población usuaria y los clínicos reciben diagnósticos confiables y oportunos mediante el fortalecimiento de la red del SNS: monitoreo y evaluación continua de la calidad para guiar decisiones, habilitación/acreditación de establecimientos y cumplimiento de estándares de seguridad, asegurando acceso eficiente a servicios de calidad. | C80: 3.2.2.05 | D80: Autoevaluación para cumplimiento de habilitación en los EES que cuentan con servicios de hemoterapia. | E80: 1 | J80: 1 | Q80: =SUM(E80:P80) -> 2 | R80: Informe | V80: Banco de Sangre
A81: 3.2 Incrementada la satisfacción de usuarios y la calidad percibida de los servicios públicos | B81: 3.2.2 La población usuaria y los clínicos reciben diagnósticos confiables y oportunos mediante el fortalecimiento de la red del SNS: monitoreo y evaluación continua de la calidad para guiar decisiones, habilitación/acreditación de establecimientos y cumplimiento de estándares de seguridad, asegurando acceso eficiente a servicios de calidad. | C81: 3.2.2.06 | D81: Conformación y/o actualización de clubes de donantes de sangre en EES que cuentan con servicios de hemoterapia. | E81: 1 | J81: 1 | Q81: =SUM(E81:P81) -> 2 | R81: Acta de formación/ Listado actualizado del club de donantes. | V81: Banco de Sangre
A82: 3.2 Incrementada la satisfacción de usuarios y la calidad percibida de los servicios públicos | B82: 3.2.2 La población usuaria y los clínicos reciben diagnósticos confiables y oportunos mediante el fortalecimiento de la red del SNS: monitoreo y evaluación continua de la calidad para guiar decisiones, habilitación/acreditación de establecimientos y cumplimiento de estándares de seguridad, asegurando acceso eficiente a servicios de calidad. | C82: 3.2.2.07 | D82: Mantenimiento a los equipos y calibracion de cabinas. | F82: 1 | I82: 1 | L82: 1 | Q82: =SUM(E82:P82) -> 3 | R82: Reporte de los mantenimientos de equipos y calibración de cabinas. | V82: Laboratorios e Imágenes
A83: 3.2 Incrementada la satisfacción de usuarios y la calidad percibida de los servicios públicos | B83: 3.2.2 La población usuaria y los clínicos reciben diagnósticos confiables y oportunos mediante el fortalecimiento de la red del SNS: monitoreo y evaluación continua de la calidad para guiar decisiones, habilitación/acreditación de establecimientos y cumplimiento de estándares de seguridad, asegurando acceso eficiente a servicios de calidad. | C83: 3.2.2.08 | D83: Compra de insumos para la toma de las muestras. | G83: 1 | M83: 1 | Q83: =SUM(E83:P83) -> 2 | R83: Listado de disponibilidad de insumos de toma de muestras. Evidencia de compra de insumos actualizada. | V83: Laboratorios e Imágenes
A84: 3.2 Incrementada la satisfacción de usuarios y la calidad percibida de los servicios públicos | B84: 3.2.2 La población usuaria y los clínicos reciben diagnósticos confiables y oportunos mediante el fortalecimiento de la red del SNS: monitoreo y evaluación continua de la calidad para guiar decisiones, habilitación/acreditación de establecimientos y cumplimiento de estándares de seguridad, asegurando acceso eficiente a servicios de calidad. | C84: 3.2.2.09 | D84: Envio mensual Infolab a SRS | E84: 1 | F84: 1 | G84: 1 | H84: 1 | I84: 1 | J84: 1 | K84: 1 | L84: 1 | M84: 1 | N84: 1 | O84: 1 | P84: 1 | Q84: =SUM(E84:P84) -> 12 | R84: Captura de envio a SRS | V84: Laboratorios e Imágenes
A85: 3.2 Incrementada la satisfacción de usuarios y la calidad percibida de los servicios públicos | B85: 3.2.2 La población usuaria y los clínicos reciben diagnósticos confiables y oportunos mediante el fortalecimiento de la red del SNS: monitoreo y evaluación continua de la calidad para guiar decisiones, habilitación/acreditación de establecimientos y cumplimiento de estándares de seguridad, asegurando acceso eficiente a servicios de calidad. | C85: 3.2.2.10 | D85: Reunion con DPS cordinar entrega insumos de malaria | H85: 1 | O85: 1 | Q85: =SUM(E85:P85) -> 2 | R85: Minuta | S85: Listado de participación | V85: Laboratorios e Imágenes
A86: 3.2 Incrementada la satisfacción de usuarios y la calidad percibida de los servicios públicos | B86: 3.2.2 La población usuaria y los clínicos reciben diagnósticos confiables y oportunos mediante el fortalecimiento de la red del SNS: monitoreo y evaluación continua de la calidad para guiar decisiones, habilitación/acreditación de establecimientos y cumplimiento de estándares de seguridad, asegurando acceso eficiente a servicios de calidad. | C86: 3.2.2.11 | D86: Ejecución del Monitoreo Interno en Adherencia a Protocolos, Guías de Atención y otras Normativas de Salud. | E86: 1 | F86: 1 | G86: 1 | H86: 1 | I86: 1 | J86: 1 | K86: 1 | L86: 1 | M86: 1 | N86: 1 | O86: 1 | P86: 1 | Q86: =SUM(E86:P86) -> 12 | R86: Formularios | U86: Aplica solo a CEAS que no estén en remozamiento/remoción y que ofrezcan el servicio a monitorear. En caso de no realizar el monitoreo, debe entregarse una carta justificativa firmada y sellada por la Dirección. ENERO-MARZO: consulta prenatal, morbilidades maternas y lista de seguridad en cirugía. MAYO-JULIO: morbilidades neonatales, pediátricas y de salud pública. SEPTIEMBRE-NOVIEMBRE: completitud de expedientes. | V86: Calidad en los Servicios de Salud
A87: 3.2 Incrementada la satisfacción de usuarios y la calidad percibida de los servicios públicos | B87: 3.2.2 La población usuaria y los clínicos reciben diagnósticos confiables y oportunos mediante el fortalecimiento de la red del SNS: monitoreo y evaluación continua de la calidad para guiar decisiones, habilitación/acreditación de establecimientos y cumplimiento de estándares de seguridad, asegurando acceso eficiente a servicios de calidad. | C87: 3.2.2.12 | D87: Elaboración y/o Actualización de los Planes de Mejora asociados al Monitoreo Interno de la Adherencia a Protocolos, Guias de Atención y Otras Normativas de Salud. | H87: 1 | L87: 1 | P87: 1 | Q87: =SUM(E87:P87) -> 3 | R87: Planes de Mejora | U87: Cada establecimiento debe contar con planes de mejora aprobados (firmados y sellados), con actividades acorde a los hallazgos identificados en el Monitoreo Interno de la Adherencia a Protocolos, Guias de Atención y Otras Normativas de Salud. OJO: Es una evidencia a cargar para SISMAP Salud. | V87: Calidad en los Servicios de Salud
A88: 3.2 Incrementada la satisfacción de usuarios y la calidad percibida de los servicios públicos | B88: 3.2.2 La población usuaria y los clínicos reciben diagnósticos confiables y oportunos mediante el fortalecimiento de la red del SNS: monitoreo y evaluación continua de la calidad para guiar decisiones, habilitación/acreditación de establecimientos y cumplimiento de estándares de seguridad, asegurando acceso eficiente a servicios de calidad. | C88: 3.2.2.13 | D88: Avances en la Ejecución de los Planes de Mejora asociados al Monitoreo Interno de la Adherencia a Protocolos, Guias de Atención y Otras Normativas de Salud. | J88: 1 | O88: 1 | Q88: =SUM(E88:P88) -> 2 | R88: Informe | U88: El informe (firmado y sellado) debe reflejar los avances en la ejecución de las actividades aprobadas en los planes de mejora. OJO: Es una evidencia a cargar para SISMAP Salud. | V88: Calidad en los Servicios de Salud
A89: 3.2 Incrementada la satisfacción de usuarios y la calidad percibida de los servicios públicos | B89: 3.2.2 La población usuaria y los clínicos reciben diagnósticos confiables y oportunos mediante el fortalecimiento de la red del SNS: monitoreo y evaluación continua de la calidad para guiar decisiones, habilitación/acreditación de establecimientos y cumplimiento de estándares de seguridad, asegurando acceso eficiente a servicios de calidad. | C89: 3.2.2.14 | D89: Informe de seguimiento a la implementación y correcto llenado de la Lista de Verificación de la Seguridad de la Cirugía. | H89: 1 | Q89: =SUM(E89:P89) -> 1 | R89: Informe | U89: El informe (firmado y sellado) debe mencionar los resultados del monitoreo interno, brechas detectadas, aciones de seguimiento y análisis comparativo con monitoreos anteriores para conocer el nivel de avance. OJO: Es una evidencia a cargar para SISMAP Salud. | V89: Calidad en los Servicios de Salud
A90: 3.2 Incrementada la satisfacción de usuarios y la calidad percibida de los servicios públicos | B90: 3.2.2 La población usuaria y los clínicos reciben diagnósticos confiables y oportunos mediante el fortalecimiento de la red del SNS: monitoreo y evaluación continua de la calidad para guiar decisiones, habilitación/acreditación de establecimientos y cumplimiento de estándares de seguridad, asegurando acceso eficiente a servicios de calidad. | C90: 3.2.2.15 | D90: Conformación vigente del Comité de Mejora Continua de la Calidad de la Atención y Seguridad del Paciente en el establecimiento de salud. | E90: 1 | K90: 1 | Q90: =SUM(E90:P90) -> 2 | R90: Acta Constitutiva | U90: Cada establecimiento debe contar con un acta vigente del comité (firmada, sellada, con todos sus campos llenos). Se actualiza solo ante cambios en sus integrantes o inactividad igual o mayor a 3 meses. OJO: Es una evidencia a cargar para SISMAP Salud. | V90: Calidad en los Servicios de Salud
A91: 3.2 Incrementada la satisfacción de usuarios y la calidad percibida de los servicios públicos | B91: 3.2.2 La población usuaria y los clínicos reciben diagnósticos confiables y oportunos mediante el fortalecimiento de la red del SNS: monitoreo y evaluación continua de la calidad para guiar decisiones, habilitación/acreditación de establecimientos y cumplimiento de estándares de seguridad, asegurando acceso eficiente a servicios de calidad. | C91: 3.2.2.16 | D91: Reuniones del Comité de Mejora Continua de la Calidad de la Atención y Seguridad del Paciente. | E91: 1 | F91: 1 | G91: 1 | H91: 1 | I91: 1 | J91: 1 | K91: 1 | L91: 1 | M91: 1 | N91: 1 | O91: 1 | P91: 1 | Q91: =SUM(E91:P91) -> 12 | R91: Actas de Reunión (Minutas); Listados de participación | U91: El Comité debe reunirse MENSUAL. Las actas de reuniones (minutas) deben tener todos los campos llenos, firmada y sellada. Su contenido debe reflejar los temas tratados por el comité, con seguimiento a acuerdos y compromisos. OJO: Es una evidencia a cargar para SISMAP Salud. | V91: Calidad en los Servicios de Salud
A92: 3.2 Incrementada la satisfacción de usuarios y la calidad percibida de los servicios públicos | B92: 3.2.2 La población usuaria y los clínicos reciben diagnósticos confiables y oportunos mediante el fortalecimiento de la red del SNS: monitoreo y evaluación continua de la calidad para guiar decisiones, habilitación/acreditación de establecimientos y cumplimiento de estándares de seguridad, asegurando acceso eficiente a servicios de calidad. | C92: 3.2.2.17 | D92: Capacitación en Humanización de los Servicios | G92: 1 | K92: 1 | O92: 1 | Q92: =SUM(E92:P92) -> 3 | R92: Agenda; Listados de participación; Fotos | U92: Agenda con el sello del establecimiento; listado de participación firmado y sellado, sin campos vacíos. Mínimo 3 fotografías. OJO: Es una evidencia a cargar para SISMAP Salud. | V92: Calidad en los Servicios de Salud
A93: 3.2 Incrementada la satisfacción de usuarios y la calidad percibida de los servicios públicos | B93: 3.2.2 La población usuaria y los clínicos reciben diagnósticos confiables y oportunos mediante el fortalecimiento de la red del SNS: monitoreo y evaluación continua de la calidad para guiar decisiones, habilitación/acreditación de establecimientos y cumplimiento de estándares de seguridad, asegurando acceso eficiente a servicios de calidad. | C93: 3.2.2.18 | D93: Capacitación en la Guía Técnica para la Implementación de la Lista de Verificación de la Seguridad de la Cirugía del Ministerio de Salud Pública. | F93: 1 | Q93: =SUM(E93:P93) -> 1 | R93: Agenda; Listados de participación; Fotos | U93: Dirigida a cirujanos, anestesiólogos, instrumentistas, enfermeras de cirugía y personal de enfermería de las salas de recuperación, así como otros que se consideren necesarios. OJO: Es una evidencia a cargar para SISMAP Salud. | V93: Calidad en los Servicios de Salud
A94: 3.2 Incrementada la satisfacción de usuarios y la calidad percibida de los servicios públicos | B94: 3.2.2 La población usuaria y los clínicos reciben diagnósticos confiables y oportunos mediante el fortalecimiento de la red del SNS: monitoreo y evaluación continua de la calidad para guiar decisiones, habilitación/acreditación de establecimientos y cumplimiento de estándares de seguridad, asegurando acceso eficiente a servicios de calidad. | C94: 3.2.2.19 | D94: Capacitación en Protocolos y Guías de Atención emitidos por el Ministerio de Salud Pública (los que apliquen según su cartera de servicios). | H94: 1 | M94: 1 | Q94: =SUM(E94:P94) -> 2 | R94: Agenda; Listados de participación; Fotos | U94: La agenda y la lista de participantes deben especificar claramente el nombre oficial del protocolo o guía nacional abordado en la capacitación, según lo establecido por el Ministerio de Salud Pública. Mínimo 3 fotografías. OJO: Es una evidencia a cargar para SISMAP Salud. | V94: Calidad en los Servicios de Salud
A95: 3.2 Incrementada la satisfacción de usuarios y la calidad percibida de los servicios públicos | B95: 3.2.3 Establecimientos de salud garantizan un entorno de atención seguro y confiable para los usuarios, conforme a estándares nacionales e internacionales | C95: 3.2.3.01 | D95: Aplicación del formulario de evaluación del programa de Prevención y Control de Infecciones (PCI). | F95: 1 | Q95: =SUM(E95:P95) -> 1 | R95: Formularios completados | U95: Formulario de Evaluación de los Programas de Prevención y Control de Infecciones de OMS (provistos por PCR) . | V95: Epidemiología
A96: 3.2 Incrementada la satisfacción de usuarios y la calidad percibida de los servicios públicos | B96: 3.2.3 Establecimientos de salud garantizan un entorno de atención seguro y confiable para los usuarios, conforme a estándares nacionales e internacionales | C96: 3.2.3.02 | D96: Elaboración de plan de mejora del programa de prevención y control de infecciones con base en los hallazgos de las autoevaluaciones . | G96: 1 | Q96: =SUM(E96:P96) -> 1 | R96: Plan de mejora elaborado | U96: Cada establecimiento debe contar con un plan de mejora, aprobado por su dirección y área administrativa (firmado y sellado), que incluya actividades alineadas con los hallazgos identificados en los resultados de las evaluaciones de PCI. OJO: EVIDENCIA SISMAP. | V96: Epidemiología
A97: 3.2 Incrementada la satisfacción de usuarios y la calidad percibida de los servicios públicos | B97: 3.2.3 Establecimientos de salud garantizan un entorno de atención seguro y confiable para los usuarios, conforme a estándares nacionales e internacionales | C97: 3.2.3.03 | D97: Seguimiento a la ejecución del plan de mejora de prevencion y control de infecciones | L97: 1 | Q97: =SUM(E97:P97) -> 1 | R97: Informe | U97: El informe, debidamente aprobado por la dirección y el área administrativa (firmado y sellado), debe incluir las evidencias de las mejoras alcanzadas y las acciones realizadas para gestionar el cierre de las brechas pendientes. OJO: EVIDENCIA SISMAP. | V97: Epidemiología
A98: 3.2 Incrementada la satisfacción de usuarios y la calidad percibida de los servicios públicos | B98: 3.2.3 Establecimientos de salud garantizan un entorno de atención seguro y confiable para los usuarios, conforme a estándares nacionales e internacionales | C98: 3.2.3.04 | D98: Monitoreo de la calidad del agua | G98: 1 | J98: 1 | M98: 1 | P98: 1 | Q98: =SUM(E98:P98) -> 4 | R98: Informe, matriz de registro diario de cloro residual, resultado de estudios microbiológicos | U98: El establecimiento deberá elaborar un informe trimestral que integre los hallazgos del monitoreo diario del cloro residual en fuentes y puntos críticos de agua (intensivos, urgencias, quirófano, cocina, etc), así como los resultados de los análisis microbiológicos (mensuales o, como mínimo, trimestrales). El informe deberá incluir las medidas correctivas aplicadas ante desviaciones o contaminaciones detectadas y la última fecha de limpieza y desinfección de cisterna y/o red de distribución de agua. OJO: EVIDENCIA SISMAP | V98: Epidemiología
A99: 3.2 Incrementada la satisfacción de usuarios y la calidad percibida de los servicios públicos | B99: 3.2.3 Establecimientos de salud garantizan un entorno de atención seguro y confiable para los usuarios, conforme a estándares nacionales e internacionales | C99: 3.2.3.05 | D99: Limpieza y desinfección de la cisterna y/o red de distribución de agua del establecimiento | M99: 1 | Q99: =SUM(E99:P99) -> 1 | R99: Fotografias del proceso, constancia de servicio recibido, en caso de terceros | U99: Limpieza y desinfección semestral o, como mínimo, anual y de manera inmediata si se detecta: | V99: Epidemiología
A100: 3.2 Incrementada la satisfacción de usuarios y la calidad percibida de los servicios públicos | B100: 3.2.3 Establecimientos de salud garantizan un entorno de atención seguro y confiable para los usuarios, conforme a estándares nacionales e internacionales | C100: 3.2.3.06 | D100: Registro y análisis de eventos adversos: IAAS, caída de pacientes, errores de medicación, relacionados a cirugía, transfusiones, embarazo, parto y puerperio. | G100: 1 | J100: 1 | M100: 1 | P100: 1 | Q100: =SUM(E100:P100) -> 4 | R100: Formularios completados | U100: - Presencia de sedimentos o suciedad visible. | V100: Epidemiología
A101: 3.2 Incrementada la satisfacción de usuarios y la calidad percibida de los servicios públicos | B101: 3.2.3 Establecimientos de salud garantizan un entorno de atención seguro y confiable para los usuarios, conforme a estándares nacionales e internacionales | C101: 3.2.3.07 | D101: Capacitación a personal de servicios generales en higiene de manos, uso de EPP y gestión de desechos. | E101: 1 | K101: 1 | Q101: =SUM(E101:P101) -> 2 | R101: Listado de participantes | U101: - Resultados microbiológicos con patógenos indicadores (ej. E. coli, coliformes totales, Pseudomonas). | V101: Epidemiología
A102: 3.2 Incrementada la satisfacción de usuarios y la calidad percibida de los servicios públicos | B102: 3.2.3 Establecimientos de salud garantizan un entorno de atención seguro y confiable para los usuarios, conforme a estándares nacionales e internacionales | C102: 3.2.3.08 | D102: Capacitación a personal médico, enfermería y laboratorio en higiene de manos, uso de EPP y gestión de desechos. | F102: 1 | L102: 1 | Q102: =SUM(E102:P102) -> 2 | R102: Listado de participantes | U102: - Reparaciones o interrupciones prolongadas en el suministro de agua. | V102: Epidemiología
...

Sheet Sheet1
E2: Informe | F2: 1.1 Reducidos los niveles de morbilidad y mortalidad materna e infantil por causas prevenibles en la población materno-infantil del país, disminuyendo la mortalidad materna de 127.33 y la mortalidad infantil de 18.44 en 2023 a 89.13 y 16.56 en 2028 en todas las regiones del territorio nacional.
E3: Listado de participación | F3: 1.2 Aumentado el cumplimiento normativo para reducir la incidencia de complicaciones neonatales y maternas, pasando de un promedio del 75.5% en el año 2023 al 88% en el año 2028 en todas las regiones de la Red Pública de Servicios de Salud.
E4: Fotos | F4: 1.3 Reducido el embarazo en adolescentes atendidas en los establecimientos de la Red Pública en un 20% al año 2028, mediante el fortalecimiento del acceso a servicios integrales de salud sexual y reproductiva.
E5: Agenda | F5: 1.4 Disminuida la proporción de partos por cesárea en hospitales del sector público pasando de 48.83 en el 2023 a 34 en el 2028.
E6: Plan | F6: 1.5 Reducida la morbilidad y mortalidad prematura por enfermedades no transmisibles en personas de 30 a 69 años, en un 20% al año 2028, mediante la implementación de intervenciones integrales de prevención, diagnóstico temprano y tratamiento oportuno en los establecimientos de la Red Pública.
E7: Protocolo | F7: 1.6 Incrementado el acceso oportuno a servicios de salud de calidad, aumentando el acceso a servicios preventivos de 2.23% de la población prioritaria en 2023 al 5.24% en 2028 en todas las regiones del país.
E8: Manual | F8: 1.7 Aumentada la disponibilidad de medicamentos esenciales en los establecimientos de la Red Pública de Servicios de Salud, incrementando el cumplimiento promedio de abastecimiento del 88% en 2023 al 93% en 2028 en todas las regiones del país.
E9: Resolución | F9: 1.8 Superadas las deficiencias en la organización e implementación de las Redes Integradas de Servicios de Salud (RISS) beneficiando a toda la población que utiliza los servicios de salud de la Red Pública, aumentando del 38% en 2023 al 50% en 2028 en todo el territorio nacional.
E10: Boletin | F10: 1.9 Fortalecida la implementación del Modelo de Atención en Salud beneficiando a la población usuaria del primer nivel de atención, incrementando la adscripción del 7% en 2023 al 80% en 2028, en todas las regiones del país.
E11: Reporte | F11: 1.10 Mejorada la distribución y presencia del Primer Nivel de Atención respecto a la sectorización, incrementando la presencia del Primer Nivel del 70% en 2023 al 71% en 2028 en todas las regiones del territorio nacional.
E12: Minuta | F12: 1.11 Fortalecida la continuidad en la atención de las puérperas y recién nacidos, aumentando la captación oportuna del 30% en 2023 al 50% en 2028 en el Primer Nivel de Atención.
E13: Hoja de supervisión | F13: 1.12 Superadas las deficiencias en la organización e implementación de las Redes Integradas de Servicios de Salud (RISS) beneficiando a toda la población que utiliza los servicios de salud de la Red Pública, aumentando del 38% en 2023 al 50% en 2028 en todo el territorio nacional.
... E20: Otros | F20: 3.4 Alcanzado un cumplimiento mínimo del 90% de las metas de planificación y ejecución presupuestaria, optimizando la asignación y uso de recursos.
F21: 3.5 Atendidas las solicitudes de información recibidas en los plazos establecidos, con reportes de cumplimiento mensual y mecanismos de retroalimentación al usuario.
F22: 3.6 Registradas y procesadas en el Sistema Electrónico de Compras Públicas las adquisiciones y contrataciones institucionales y de la Red Pública.
F23: 3.7 Incrementando progresivamente el índice de uso de las TIC y Gobierno Digital en la Red Pública de Servicios de Salud.
F24: 3.8 Implementados y operativos los controles internos definidos por las NOBACI, con revisiones de cumplimiento semestrales y planes de mejora continua.
F25: 3.9 Instalaciones físicas remodeladas y equipadas conforme a estándares de centros de salud incrementando su capacidad resolutiva.
F26: 3.10 Implementado un sistema integral de medición y gestión de la satisfacción de usuarios, con reportes trimestrales y planes de mejora continua para elevar la calidad percibida de los servicios públicos.

Sheet PPNE2.1
Q1: Venta Servicios
G2: Servicio Nacional de Salud | U2: Anticipo Financiero
G3: Dirección de Planificación y Desarrollo | U3: Venta de Servicios
G4: Programación de Insumos | U4: Donaciones
L5: =+#REF! -> #REF!
G6: CEAS | I6: HOSPITAL GENERAL Y DE ESPECIALIDADES NUESTRA SRA. DE LA ALTAGRACIA
B7: ID_Dependendencia | C7: POA | D7: SRS | E7: AREA | F7: TIPO | G7: Código_Actividad | H7: Actividad | I7: Insumos | J7: Descripción | K7: Unidad de Medida | L7: Cantidad de Insumos | M7: Precio Unitario | N7: Valor Total | O7: Código Presupuestario | P7: Fuente de Financiamiento
B8: =IF(Tabla1[[#This Row],[Código_Actividad]]="","",CONCATENATE(Tabla1[[#This Row],[POA]],".",Tabla1[[#This Row],[SRS]],".",Tabla1[[#This Row],[AREA]],".",Tabla1[[#This Row],[TIPO]])) -> ... | G8: 1.6.5.01 | H8: =IFERROR(VLOOKUP(Tabla1[[#This Row],[Código_Actividad]],PPNE2!$C$9:$D$131,2,FALSE),"") -> Capacitaciones a RRHH de las areas de odontología de acuerdo a las necesidades. | I8: Alimentos y bebidas para personas | J8: Almuerzo tipo Buffet para 20 personas (Cristalería, Cubertería, Servilletas, Jugo, Café) | K8: =IFERROR(VLOOKUP(Tabla1[[#This Row],[Descripción]],Insumos!$C$2:$F$520,2,),"") -> unidad | L8: 3 | M8: =IFERROR(VLOOKUP(Tabla1[[#This Row],[Descripción]],Insumos!$C$2:$F$520,3,),"") -> 10133.5 | N8: =IFERROR(+Tabla1[[#This Row],[Precio Unitario]]*Tabla1[[#This Row],[Cantidad de Insumos]],0) -> 30400.5 | O8: =IFERROR(VLOOKUP(Tabla1[[#This Row],[Descripción]],Insumos!$C$2:$F$520,4,),"") -> 2.3.1.1.01 | R8: =IFERROR(VLOOKUP(Tabla1[[#This Row],[Insumos]],Insumos2!$C$5:$D$48,2,),"") -> lsAlimentosyBebidas
B9: =IF(Tabla1[[#This Row],[Código_Actividad]]="","",CONCATENATE(Tabla1[[#This Row],[POA]],".",Tabla1[[#This Row],[SRS]],".",Tabla1[[#This Row],[AREA]],".",Tabla1[[#This Row],[TIPO]])) -> ... | G9: 1.7.1.01 | H9: =IFERROR(VLOOKUP(Tabla1[[#This Row],[Código_Actividad]],PPNE2!$C$9:$D$131,2,FALSE),"") -> Reunión Comité Farmaco Terapeutico (CFT) Hospitalario y promoción del uso racional de los medicamentos. | I9: Alimentos y bebidas para personas | J9: Refrigerio tipo Buffet p/12 personas (4 Variedades, Desechables Transparentes, Jugo Natural, Servilletas, Hielo) | K9: =IFERROR(VLOOKUP(Tabla1[[#This Row],[Descripción]],Insumos!$C$2:$F$520,2,),"") -> unidad | L9: 4 | M9: =IFERROR(VLOOKUP(Tabla1[[#This Row],[Descripción]],Insumos!$C$2:$F$520,3,),"") -> 9410.5 | N9: =IFERROR(+Tabla1[[#This Row],[Precio Unitario]]*Tabla1[[#This Row],[Cantidad de Insumos]],0) -> 37642 | O9: =IFERROR(VLOOKUP(Tabla1[[#This Row],[Descripción]],Insumos!$C$2:$F$520,4,),"") -> 2.3.1.1.01 | R9: =IFERROR(VLOOKUP(Tabla1[[#This Row],[Insumos]],Insumos2!$C$5:$D$48,2,),"") -> lsAlimentosyBebidas
B10: =IF(Tabla1[[#This Row],[Código_Actividad]]="","",CONCATENATE(Tabla1[[#This Row],[POA]],".",Tabla1[[#This Row],[SRS]],".",Tabla1[[#This Row],[AREA]],".",Tabla1[[#This Row],[TIPO]])) -> ... | G10: 1.8.2.02 | H10: =IFERROR(VLOOKUP(Tabla1[[#This Row],[Código_Actividad]],PPNE2!$C$9:$D$131,2,FALSE),"") -> Socializacion e implementación del RAC-Triaje en las Salas de Emergencias Centros Hospitalarios | I10: Alimentos y bebidas para personas | J10: Refrigerio tipo Buffet p/12 personas (4 Variedades, Desechables Transparentes, Jugo Natural, Servilletas, Hielo) | K10: =IFERROR(VLOOKUP(Tabla1[[#This Row],[Descripción]],Insumos!$C$2:$F$520,2,),"") -> unidad | L10: 2 | M10: =IFERROR(VLOOKUP(Tabla1[[#This Row],[Descripción]],Insumos!$C$2:$F$520,3,),"") -> 9410.5 | N10: =IFERROR(+Tabla1[[#This Row],[Precio Unitario]]*Tabla1[[#This Row],[Cantidad de Insumos]],0) -> 18821 | O10: =IFERROR(VLOOKUP(Tabla1[[#This Row],[Descripción]],Insumos!$C$2:$F$520,4,),"") -> 2.3.1.1.01 | R10: =IFERROR(VLOOKUP(Tabla1[[#This Row],[Insumos]],Insumos2!$C$5:$D$48,2,),"") -> lsAlimentosyBebidas
B11: =IF(Tabla1[[#This Row],[Código_Actividad]]="","",CONCATENATE(Tabla1[[#This Row],[POA]],".",Tabla1[[#This Row],[SRS]],".",Tabla1[[#This Row],[AREA]],".",Tabla1[[#This Row],[TIPO]])) -> ... | G11: 1.8.2.06 | H11: =IFERROR(VLOOKUP(Tabla1[[#This Row],[Código_Actividad]],PPNE2!$C$9:$D$131,2,FALSE),"") -> Socialización de los procedimientos de traslado de pacientes | I11: Alimentos y bebidas para personas | J11: Refrigerio tipo Buffet p/12 personas (4 Variedades, Desechables Transparentes, Jugo Natural, Servilletas, Hielo) | K11: =IFERROR(VLOOKUP(Tabla1[[#This Row],[Descripción]],Insumos!$C$2:$F$520,2,),"") -> unidad | L11: 1 | M11: =IFERROR(VLOOKUP(Tabla1[[#This Row],[Descripción]],Insumos!$C$2:$F$520,3,),"") -> 9410.5 | N11: =IFERROR(+Tabla1[[#This Row],[Precio Unitario]]*Tabla1[[#This Row],[Cantidad de Insumos]],0) -> 9410.5 | O11: =IFERROR(VLOOKUP(Tabla1[[#This Row],[Descripción]],Insumos!$C$2:$F$520,4,),"") -> 2.3.1.1.01 | R11: =IFERROR(VLOOKUP(Tabla1[[#This Row],[Insumos]],Insumos2!$C$5:$D$48,2,),"") -> lsAlimentosyBebidas
B12: =IF(Tabla1[[#This Row],[Código_Actividad]]="","",CONCATENATE(Tabla1[[#This Row],[POA]],".",Tabla1[[#This Row],[SRS]],".",Tabla1[[#This Row],[AREA]],".",Tabla1[[#This Row],[TIPO]])) -> ... | G12: 1.8.2.08 | H12: =IFERROR(VLOOKUP(Tabla1[[#This Row],[Código_Actividad]],PPNE2!$C$9:$D$131,2,FALSE),"") -> Reunion del comité de emergencias para socializacion del plan Hospitalarios Emergencias de salud publica y desastres naturales con el personal del hospital. | I12: Alimentos y bebidas para personas | J12: Refrigerio tipo Buffet p/15 personas (3 Variedades, Desechables Transparentes, Jugo Natural, Servilletas, Hielo) | K12: =IFERROR(VLOOKUP(Tabla1[[#This Row],[Descripción]],Insumos!$C$2:$F$520,2,),"") -> unidad | L12: 3 | M12: =IFERROR(VLOOKUP(Tabla1[[#This Row],[Descripción]],Insumos!$C$2:$F$520,3,),"") -> 5929.5 | N12: =IFERROR(+Tabla1[[#This Row],[Precio Unitario]]*Tabla1[[#This Row],[Cantidad de Insumos]],0) -> 17788.5 | O12: =IFERROR(VLOOKUP(Tabla1[[#This Row],[Descripción]],Insumos!$C$2:$F$520,4,),"") -> 2.3.1.1.01 | R12: =IFERROR(VLOOKUP(Tabla1[[#This Row],[Insumos]],Insumos2!$C$5:$D$48,2,),"") -> lsAlimentosyBebidas
B13: =IF(Tabla1[[#This Row],[Código_Actividad]]="","",CONCATENATE(Tabla1[[#This Row],[POA]],".",Tabla1[[#This Row],[SRS]],".",Tabla1[[#This Row],[AREA]],".",Tabla1[[#This Row],[TIPO]])) -> ... | G13: 1.8.2.11 | H13: Reunion del comité de emergencias | I13: Alimentos y bebidas para personas | J13: Refrigerio tipo Buffet p/12 personas (4 Variedades, Desechables Transparentes, Jugo Natural, Servilletas, Hielo) | K13: =IFERROR(VLOOKUP(Tabla1[[#This Row],[Descripción]],Insumos!$C$2:$F$520,2,),"") -> unidad | L13: 2 | M13: =IFERROR(VLOOKUP(Tabla1[[#This Row],[Descripción]],Insumos!$C$2:$F$520,3,),"") -> 9410.5 | N13: =IFERROR(+Tabla1[[#This Row],[Precio Unitario]]*Tabla1[[#This Row],[Cantidad de Insumos]],0) -> 18821 | O13: =IFERROR(VLOOKUP(Tabla1[[#This Row],[Descripción]],Insumos!$C$2:$F$520,4,),"") -> 2.3.1.1.01 | R13: =IFERROR(VLOOKUP(Tabla1[[#This Row],[Insumos]],Insumos2!$C$5:$D$48,2,),"") -> lsAlimentosyBebidas
B14: =IF(Tabla1[[#This Row],[Código_Actividad]]="","",CONCATENATE(Tabla1[[#This Row],[POA]],".",Tabla1[[#This Row],[SRS]],".",Tabla1[[#This Row],[AREA]],".",Tabla1[[#This Row],[TIPO]])) -> ... | G14: 3.1.6.04 | H14: =IFERROR(VLOOKUP(Tabla1[[#This Row],[Código_Actividad]],PPNE2!$C$9:$D$131,2,FALSE),"") -> Elaboración y seguimiento a la ejecución de los planes de mejora acorde a los hallazgos del MEP | I14: Alimentos y bebidas para personas | J14: Refrigerio tipo Buffet p/12 personas (4 Variedades, Desechables Transparentes, Jugo Natural, Servilletas, Hielo) | K14: =IFERROR(VLOOKUP(Tabla1[[#This Row],[Descripción]],Insumos!$C$2:$F$520,2,),"") -> unidad | L14: 4 | M14: =IFERROR(VLOOKUP(Tabla1[[#This Row],[Descripción]],Insumos!$C$2:$F$520,3,),"") -> 9410.5 | N14: =IFERROR(+Tabla1[[#This Row],[Precio Unitario]]*Tabla1[[#This Row],[Cantidad de Insumos]],0) -> 37642 | O14: =IFERROR(VLOOKUP(Tabla1[[#This Row],[Descripción]],Insumos!$C$2:$F$520,4,),"") -> 2.3.1.1.01 | R14: =IFERROR(VLOOKUP(Tabla1[[#This Row],[Insumos]],Insumos2!$C$5:$D$48,2,),"") -> lsAlimentosyBebidas
B15: =IF(Tabla1[[#This Row],[Código_Actividad]]="","",CONCATENATE(Tabla1[[#This Row],[POA]],".",Tabla1[[#This Row],[SRS]],".",Tabla1[[#This Row],[AREA]],".",Tabla1[[#This Row],[TIPO]])) -> ... | G15: 3.2.1.02 | H15: =IFERROR(VLOOKUP(Tabla1[[#This Row],[Código_Actividad]],PPNE2!$C$9:$D$131,2,FALSE),"") -> Capacitación y retroalimentación en dosificación y administración de medicamentos al personal de enfermería | I15: Alimentos y bebidas para personas | J15: Refrigerio tipo Buffet p/15 personas (3 Variedades, Desechables Transparentes, Jugo Natural, Servilletas, Hielo) | K15: =IFERROR(VLOOKUP(Tabla1[[#This Row],[Descripción]],Insumos!$C$2:$F$520,2,),"") -> unidad | L15: 5 | M15: =IFERROR(VLOOKUP(Tabla1[[#This Row],[Descripción]],Insumos!$C$2:$F$520,3,),"") -> 5929.5 | N15: =IFERROR(+Tabla1[[#This Row],[Precio Unitario]]*Tabla1[[#This Row],[Cantidad de Insumos]],0) -> 29647.5 | O15: =IFERROR(VLOOKUP(Tabla1[[#This Row],[Descripción]],Insumos!$C$2:$F$520,4,),"") -> 2.3.1.1.01 | R15: =IFERROR(VLOOKUP(Tabla1[[#This Row],[Insumos]],Insumos2!$C$5:$D$48,2,),"") -> lsAlimentosyBebidas
B16: =IF(Tabla1[[#This Row],[Código_Actividad]]="","",CONCATENATE(Tabla1[[#This Row],[POA]],".",Tabla1[[#This Row],[SRS]],".",Tabla1[[#This Row],[AREA]],".",Tabla1[[#This Row],[TIPO]])) | H16: =IFERROR(VLOOKUP(Tabla1[[#This Row],[Código_Actividad]],PPNE2!$C$9:$D$131,2,FALSE),"") | K16: =IFERROR(VLOOKUP(Tabla1[[#This Row],[Descripción]],Insumos!$C$2:$F$520,2,),"") | M16: =IFERROR(VLOOKUP(Tabla1[[#This Row],[Descripción]],Insumos!$C$2:$F$520,3,),"") | N16: =IFERROR(+Tabla1[[#This Row],[Precio Unitario]]*Tabla1[[#This Row],[Cantidad de Insumos]],0) -> 0 | O16: =IFERROR(VLOOKUP(Tabla1[[#This Row],[Descripción]],Insumos!$C$2:$F$520,4,),"") | R16: =IFERROR(VLOOKUP(Tabla1[[#This Row],[Insumos]],Insumos2!$C$5:$D$48,2,),"")
B17: =IF(Tabla1[[#This Row],[Código_Actividad]]="","",CONCATENATE(Tabla1[[#This Row],[POA]],".",Tabla1[[#This Row],[SRS]],".",Tabla1[[#This Row],[AREA]],".",Tabla1[[#This Row],[TIPO]])) | H17: =IFERROR(VLOOKUP(Tabla1[[#This Row],[Código_Actividad]],PPNE2!$C$9:$D$131,2,FALSE),"") | K17: =IFERROR(VLOOKUP(Tabla1[[#This Row],[Descripción]],Insumos!$C$2:$F$520,2,),"") | M17: =IFERROR(VLOOKUP(Tabla1[[#This Row],[Descripción]],Insumos!$C$2:$F$520,3,),"") | N17: =IFERROR(+Tabla1[[#This Row],[Precio Unitario]]*Tabla1[[#This Row],[Cantidad de Insumos]],0) -> 0 | O17: =IFERROR(VLOOKUP(Tabla1[[#This Row],[Descripción]],Insumos!$C$2:$F$520,4,),"") | R17: =IFERROR(VLOOKUP(Tabla1[[#This Row],[Insumos]],Insumos2!$C$5:$D$48,2,),"")
B18: =IF(Tabla1[[#This Row],[Código_Actividad]]="","",CONCATENATE(Tabla1[[#This Row],[POA]],".",Tabla1[[#This Row],[SRS]],".",Tabla1[[#This Row],[AREA]],".",Tabla1[[#This Row],[TIPO]])) | H18: =IFERROR(VLOOKUP(Tabla1[[#This Row],[Código_Actividad]],PPNE2!$C$9:$D$131,2,FALSE),"") | K18: =IFERROR(VLOOKUP(Tabla1[[#This Row],[Descripción]],Insumos!$C$2:$F$520,2,),"") | M18: =IFERROR(VLOOKUP(Tabla1[[#This Row],[Descripción]],Insumos!$C$2:$F$520,3,),"") | N18: =IFERROR(+Tabla1[[#This Row],[Precio Unitario]]*Tabla1[[#This Row],[Cantidad de Insumos]],0) -> 0 | O18: =IFERROR(VLOOKUP(Tabla1[[#This Row],[Descripción]],Insumos!$C$2:$F$520,4,),"") | R18: =IFERROR(VLOOKUP(Tabla1[[#This Row],[Insumos]],Insumos2!$C$5:$D$48,2,),"")
B19: =IF(Tabla1[[#This Row],[Código_Actividad]]="","",CONCATENATE(Tabla1[[#This Row],[POA]],".",Tabla1[[#This Row],[SRS]],".",Tabla1[[#This Row],[AREA]],".",Tabla1[[#This Row],[TIPO]])) | H19: =IFERROR(VLOOKUP(Tabla1[[#This Row],[Código_Actividad]],PPNE2!$C$9:$D$131,2,FALSE),"") | K19: =IFERROR(VLOOKUP(Tabla1[[#This Row],[Descripción]],Insumos!$C$2:$F$520,2,),"") | M19: =IFERROR(VLOOKUP(Tabla1[[#This Row],[Descripción]],Insumos!$C$2:$F$520,3,),"") | N19: =IFERROR(+Tabla1[[#This Row],[Precio Unitario]]*Tabla1[[#This Row],[Cantidad de Insumos]],0) -> 0 | O19: =IFERROR(VLOOKUP(Tabla1[[#This Row],[Descripción]],Insumos!$C$2:$F$520,4,),"") | R19: =IFERROR(VLOOKUP(Tabla1[[#This Row],[Insumos]],Insumos2!$C$5:$D$48,2,),"")
B20: =IF(Tabla1[[#This Row],[Código_Actividad]]="","",CONCATENATE(Tabla1[[#This Row],[POA]],".",Tabla1[[#This Row],[SRS]],".",Tabla1[[#This Row],[AREA]],".",Tabla1[[#This Row],[TIPO]])) | H20: =IFERROR(VLOOKUP(Tabla1[[#This Row],[Código_Actividad]],PPNE2!$C$9:$D$131,2,FALSE),"") | K20: =IFERROR(VLOOKUP(Tabla1[[#This Row],[Descripción]],Insumos!$C$2:$F$520,2,),"") | M20: =IFERROR(VLOOKUP(Tabla1[[#This Row],[Descripción]],Insumos!$C$2:$F$520,3,),"") | N20: =IFERROR(+Tabla1[[#This Row],[Precio Unitario]]*Tabla1[[#This Row],[Cantidad de Insumos]],0) -> 0 | O20: =IFERROR(VLOOKUP(Tabla1[[#This Row],[Descripción]],Insumos!$C$2:$F$520,4,),"") | R20: =IFERROR(VLOOKUP(Tabla1[[#This Row],[Insumos]],Insumos2!$C$5:$D$48,2,),"")
B21: =IF(Tabla1[[#This Row],[Código_Actividad]]="","",CONCATENATE(Tabla1[[#This Row],[POA]],".",Tabla1[[#This Row],[SRS]],".",Tabla1[[#This Row],[AREA]],".",Tabla1[[#This Row],[TIPO]])) | H21: =IFERROR(VLOOKUP(Tabla1[[#This Row],[Código_Actividad]],PPNE2!$C$9:$D$131,2,FALSE),"") | K21: =IFERROR(VLOOKUP(Tabla1[[#This Row],[Descripción]],Insumos!$C$2:$F$520,2,),"") | M21: =IFERROR(VLOOKUP(Tabla1[[#This Row],[Descripción]],Insumos!$C$2:$F$520,3,),"") | N21: =IFERROR(+Tabla1[[#This Row],[Precio Unitario]]*Tabla1[[#This Row],[Cantidad de Insumos]],0) -> 0 | O21: =IFERROR(VLOOKUP(Tabla1[[#This Row],[Descripción]],Insumos!$C$2:$F$520,4,),"") | R21: =IFERROR(VLOOKUP(Tabla1[[#This Row],[Insumos]],Insumos2!$C$5:$D$48,2,),"")
B22: =IF(Tabla1[[#This Row],[Código_Actividad]]="","",CONCATENATE(Tabla1[[#This Row],[POA]],".",Tabla1[[#This Row],[SRS]],".",Tabla1[[#This Row],[AREA]],".",Tabla1[[#This Row],[TIPO]])) | H22: =IFERROR(VLOOKUP(Tabla1[[#This Row],[Código_Actividad]],PPNE2!$C$9:$D$131,2,FALSE),"") | K22: =IFERROR(VLOOKUP(Tabla1[[#This Row],[Descripción]],Insumos!$C$2:$F$520,2,),"") | M22: =IFERROR(VLOOKUP(Tabla1[[#This Row],[Descripción]],Insumos!$C$2:$F$520,3,),"") | N22: =IFERROR(+Tabla1[[#This Row],[Precio Unitario]]*Tabla1[[#This Row],[Cantidad de Insumos]],0) -> 0 | O22: =IFERROR(VLOOKUP(Tabla1[[#This Row],[Descripción]],Insumos!$C$2:$F$520,4,),"") | R22: =IFERROR(VLOOKUP(Tabla1[[#This Row],[Insumos]],Insumos2!$C$5:$D$48,2,),"")
B23: =IF(Tabla1[[#This Row],[Código_Actividad]]="","",CONCATENATE(Tabla1[[#This Row],[POA]],".",Tabla1[[#This Row],[SRS]],".",Tabla1[[#This Row],[AREA]],".",Tabla1[[#This Row],[TIPO]])) | H23: =IFERROR(VLOOKUP(Tabla1[[#This Row],[Código_Actividad]],PPNE2!$C$9:$D$131,2,FALSE),"") | K23: =IFERROR(VLOOKUP(Tabla1[[#This Row],[Descripción]],Insumos!$C$2:$F$520,2,),"") | M23: =IFERROR(VLOOKUP(Tabla1[[#This Row],[Descripción]],Insumos!$C$2:$F$520,3,),"") | N23: =IFERROR(+Tabla1[[#This Row],[Precio Unitario]]*Tabla1[[#This Row],[Cantidad de Insumos]],0) -> 0 | O23: =IFERROR(VLOOKUP(Tabla1[[#This Row],[Descripción]],Insumos!$C$2:$F$520,4,),"") | R23: =IFERROR(VLOOKUP(Tabla1[[#This Row],[Insumos]],Insumos2!$C$5:$D$48,2,),"")
B24: =IF(Tabla1[[#This Row],[Código_Actividad]]="","",CONCATENATE(Tabla1[[#This Row],[POA]],".",Tabla1[[#This Row],[SRS]],".",Tabla1[[#This Row],[AREA]],".",Tabla1[[#This Row],[TIPO]])) | H24: =IFERROR(VLOOKUP(Tabla1[[#This Row],[Código_Actividad]],PPNE2!$C$9:$D$131,2,FALSE),"") | K24: =IFERROR(VLOOKUP(Tabla1[[#This Row],[Descripción]],Insumos!$C$2:$F$520,2,),"") | M24: =IFERROR(VLOOKUP(Tabla1[[#This Row],[Descripción]],Insumos!$C$2:$F$520,3,),"") | N24: =IFERROR(+Tabla1[[#This Row],[Precio Unitario]]*Tabla1[[#This Row],[Cantidad de Insumos]],0) -> 0 | O24: =IFERROR(VLOOKUP(Tabla1[[#This Row],[Descripción]],Insumos!$C$2:$F$520,4,),"") | R24: =IFERROR(VLOOKUP(Tabla1[[#This Row],[Insumos]],Insumos2!$C$5:$D$48,2,),"")
B25: =IF(Tabla1[[#This Row],[Código_Actividad]]="","",CONCATENATE(Tabla1[[#This Row],[POA]],".",Tabla1[[#This Row],[SRS]],".",Tabla1[[#This Row],[AREA]],".",Tabla1[[#This Row],[TIPO]])) | H25: =IFERROR(VLOOKUP(Tabla1[[#This Row],[Código_Actividad]],PPNE2!$C$9:$D$131,2,FALSE),"") | K25: =IFERROR(VLOOKUP(Tabla1[[#This Row],[Descripción]],Insumos!$C$2:$F$520,2,),"") | M25: =IFERROR(VLOOKUP(Tabla1[[#This Row],[Descripción]],Insumos!$C$2:$F$520,3,),"") | N25: =IFERROR(+Tabla1[[#This Row],[Precio Unitario]]*Tabla1[[#This Row],[Cantidad de Insumos]],0) -> 0 | O25: =IFERROR(VLOOKUP(Tabla1[[#This Row],[Descripción]],Insumos!$C$2:$F$520,4,),"") | R25: =IFERROR(VLOOKUP(Tabla1[[#This Row],[Insumos]],Insumos2!$C$5:$D$48,2,),"")
B26: =IF(Tabla1[[#This Row],[Código_Actividad]]="","",CONCATENATE(Tabla1[[#This Row],[POA]],".",Tabla1[[#This Row],[SRS]],".",Tabla1[[#This Row],[AREA]],".",Tabla1[[#This Row],[TIPO]])) | H26: =IFERROR(VLOOKUP(Tabla1[[#This Row],[Código_Actividad]],PPNE2!$C$9:$D$131,2,FALSE),"") | K26: =IFERROR(VLOOKUP(Tabla1[[#This Row],[Descripción]],Insumos!$C$2:$F$520,2,),"") | M26: =IFERROR(VLOOKUP(Tabla1[[#This Row],[Descripción]],Insumos!$C$2:$F$520,3,),"") | N26: =IFERROR(+Tabla1[[#This Row],[Precio Unitario]]*Tabla1[[#This Row],[Cantidad de Insumos]],0) -> 0 | O26: =IFERROR(VLOOKUP(Tabla1[[#This Row],[Descripción]],Insumos!$C$2:$F$520,4,),"") | R26: =IFERROR(VLOOKUP(Tabla1[[#This Row],[Insumos]],Insumos2!$C$5:$D$48,2,),"")
B27: =IF(Tabla1[[#This Row],[Código_Actividad]]="","",CONCATENATE(Tabla1[[#This Row],[POA]],".",Tabla1[[#This Row],[SRS]],".",Tabla1[[#This Row],[AREA]],".",Tabla1[[#This Row],[TIPO]])) | H27: =IFERROR(VLOOKUP(Tabla1[[#This Row],[Código_Actividad]],PPNE2!$C$9:$D$131,2,FALSE),"") | K27: =IFERROR(VLOOKUP(Tabla1[[#This Row],[Descripción]],Insumos!$C$2:$F$520,2,),"") | M27: =IFERROR(VLOOKUP(Tabla1[[#This Row],[Descripción]],Insumos!$C$2:$F$520,3,),"") | N27: =IFERROR(+Tabla1[[#This Row],[Precio Unitario]]*Tabla1[[#This Row],[Cantidad de Insumos]],0) -> 0 | O27: =IFERROR(VLOOKUP(Tabla1[[#This Row],[Descripción]],Insumos!$C$2:$F$520,4,),"") | R27: =IFERROR(VLOOKUP(Tabla1[[#This Row],[Insumos]],Insumos2!$C$5:$D$48,2,),"")
... B214: =IF(Tabla1[[#This Row],[Código_Actividad]]="","",CONCATENATE(Tabla1[[#This Row],[POA]],".",Tabla1[[#This Row],[SRS]],".",Tabla1[[#This Row],[AREA]],".",Tabla1[[#This Row],[TIPO]])) | H214: =IFERROR(VLOOKUP(Tabla1[[#This Row],[Código_Actividad]],PPNE2!$C$9:$D$131,2,FALSE),"") | K214: =IFERROR(VLOOKUP(Tabla1[[#This Row],[Descripción]],Insumos!$C$2:$F$520,2,),"") | M214: =IFERROR(VLOOKUP(Tabla1[[#This Row],[Descripción]],Insumos!$C$2:$F$520,3,),"") | N214: =IFERROR(+Tabla1[[#This Row],[Precio Unitario]]*Tabla1[[#This Row],[Cantidad de Insumos]],0) -> 0 | O214: =IFERROR(VLOOKUP(Tabla1[[#This Row],[Descripción]],Insumos!$C$2:$F$520,4,),"") | R214: =IFERROR(VLOOKUP(Tabla1[[#This Row],[Insumos]],Insumos2!$C$5:$D$48,2,),"")

Sheet PPNE3 
A2: SERVICIOS NACIONAL DE SALUD
A3: DIRECCION DE PLANIFICACION Y DESARROLLO
A4: Estimación de Ingresos
A5: 2026
A6: Servicio Regional de Salud: | E6: REGION YUMA
A7: CEAS: | E7: HOSPITAL GENERAL Y DE ESPECIALIDADES NUESTRA SRA. DE LA ALTAGRACIA
A8: Grupo | B8: Subgrupo | C8: Cuenta | D8: Auxiliar | E8: Descripción Ingresos por Cuenta | F8: Valor RD$ | G8: %
A9: 3 | E9: Donaciones | F9: =+F10 -> 0 | G9: =G10 -> 0
B10: 31 | E10: Donaciones Corrientes | F10: =SUM(F11:F11) -> 0 | G10: =G11 -> 0
C11: 312 | E11: Donaciones corrientes de organismos internacionales | F11: 0 | G11: =IFERROR(F11/$F$31*100,"0.00") -> 0
A12: 4 | E12: Transferencias | F12: =+F13+F19 -> 403548530 | G12: =G13+G19 -> 85.579427
B13: 41 | E13: Transferencias Corrientes | F13: =SUM(F15:F18) -> 403548530 | G13: =SUM(G15:G18) -> 85.579427
C14: 413 | E14: Transferencias Corrientes Recibidas de Instituciones Públicas Descentralizas y Autonomas No Financieras | F14: =SUM(F16:F19) -> 293148530 | G14: =SUM(G16:G19) -> 62.167203
C15: 413 | D15: ´01 | E15: Aportes SNS Nomina | F15: 110400000 | G15: =IFERROR(F15/$F$31*100,"0.00") -> 23.412224
C16: 413 | D16: ´02 | E16: Anticipos Financieros | F16: 0 | G16: =IFERROR(F16/$F$31*100,"0.00") -> 0
C17: 413 | D17: ´03 | E17: Aportes SNS Medicamentos | F17: 0 | G17: =IFERROR(F17/$F$31*100,"0.00") -> 0
C18: 414 | E18: Transferencias Corrientes Recibidas de Instituciones Públicas de la Seguridad Social | F18: 293148530 | G18: =IFERROR(F18/$F$31*100,"0.00") -> 62.167203
B19: 42 | E19: Transferencia de Capital | F19: =SUM(F21:F22) -> 0 | G19: =G21+G22 -> 0
C20: 423 | E20: Tranferencia de Capital Recibidas de Instituciones Públicas Descentralizas y Autonomas No Financieras | F20: =+F21+F22 -> 0 | G20: =+G21+G22 -> 0
C21: 423 | D21: ´01 | E21: Aportes SNS Equipamiento | F21: 0 | G21: =IFERROR(F21/$F$31*100,"0.00") -> 0
C22: 423 | D22: ´02 | E22: Aportes para otros gastos de inversión del SNS | G22: =IFERROR(F22/$F$31*100,"0.00") -> 0
A23: 5 | E23: Ingresos por Contraprestación | F23: =+F24 -> 68000000 | G23: =G24 -> 14.420573
B24: 51 | E24: Venta de Bienes y Servicios | F24: =F25 -> 68000000 | G24: =G25 -> 14.420573
C25: 512 | E25: Venta de Servicios del Estado | F25: =F26+F27+F28+F29+F30 -> 68000000 | G25: =G26 -> 14.420573
C26: 512 | D26: ´99 | E26: Otras ventas de servicios | G26: =+G27+G28+G29+G30 -> 14.420573
C27: 513 | E27: Venta de Servicios a SENASA por afiliados regimen subsidiado | F27: 35754775 | G27: =IFERROR(F27/$F$31*100,"0.00") -> 7.5824168
C28: 512 | E28: Venta de Servicios a SENASA por afiliados regimen contributivo | F28: 15825000 | G28: =IFERROR(F28/$F$31*100,"0.00") -> 3.3559642
C29: 512 | E29: Venta de Servicios a otras ARS por atencion a Regimen contributivo | F29: =10975532.5+3969160.25 -> 14944693 | G29: =IFERROR(F29/$F$31*100,"0.00") -> 3.1692799
C30: 512 | E30: Venta de Servicios a ARL | F30: 1475532.2 | G30: =IFERROR(F30/$F$31*100,"0.00") -> 0.31291207
E31: Total Ingresos | F31: =+F23+F12+F9 -> 471548530 | G31: =+G23+G12+G9 -> 100

Sheet PPNE4 
A2: Servicio Nacional de Salud
A3: Dirección de Planificación y Desarrollo
A4: Consolidado Presupuesto Estimado de Ingresos y Gastos Nivel Especializado por Actividad Especifica
A5: 2026
A6: Servicio Regional de Salud: | F6: =[3]PPNE3!E6 -> REGION YUMA
A7: Establecimiento: | F7: =[3]PPNE3!E7 -> HOSPITAL GENERAL Y DE ESPECIALIDADES NUESTRA SRA. DE LA ALTAGRACIA
A8: Estimación de Ingresos
A9: Anticipos Financieros | G9: =+[3]PPNE3!F16 -> 0
A10: Venta de Servicios y Otros Ingresos | G10: =+[3]PPNE3!F25 -> 68000000
A11: Aportes SNS Nómina | G11: =+[3]PPNE3!F15 -> 110400000
A12: Otros Aportes | G12: =+[3]PPNE3!F9+[3]PPNE3!F17+[3]PPNE3!F21+[3]PPNE3!F22 -> 0
A13: Transferencias Corrientes | G13: =+[3]PPNE3!F18 -> 293148530
A14: Total Ingresos RD$ | G14: =SUM(G9:G13) -> 471548530
A15: Estimación de Gastos
A16: Tipo | B16: Objeto | C16: Cuenta | D16: Sub-Cuenta | E16: Auxiliar | F16: Descripción Gasto por Cuenta | G16: Consultas Externa | H16: Emergencias | I16: Hospitalización | J16: Apoyo Diagnóstico | L16: Servicios de Apoyo | N16: Total RD$ | O16: %
J17: Servicios de Laboratorios y Banco de Sangre | K17: Servicios de Imágenes RX | L17: Gestión de Usuario y Educación para la Salud | M17: Gestión Técnica y Administrativa
A18: 2 | F18: Egresos | G18: =+G19+G67+G171+G255+G272+G325 -> 36645547 | H18: =+H19+H67+H171+H255+H272+H325 -> 50669051 | I18: =+I19+I67+I171+I255+I272+I325 -> 65689001 | J18: =+J19+J67+J171+J255+J272+J325 -> 39606215 | K18: =+K19+K67+K171+K255+K272+K325 -> 41551208 | L18: =+L19+L67+L171+L255+L272+L325 -> 39527476 | M18: =+M19+M67+M171+M255+M272+M325 -> 1.1035503e+08 | N18: =+N19+N67+N171+N255+N272+N325 -> 361148530 | O18: =+O19+O67+O171+O255+O272+O325 -> 106.26442
A19: 2 | B19: 1 | F19: Servicios Personales | G19: =+G20+G42+G54+G58 -> 35232690 | H19: =+H20+H42+H54+H58 -> 31995050 | I19: =+I20+I42+I54+I58 -> 43315000 | J19: =+J20+J42+J54+J58 -> 31879714 | K19: =+K20+K42+K54+K58 -> 33614707 | L19: =+L20+L42+L54+L58 -> 37394619 | M19: =+M20+M42+M54+M58 -> 58885828 | N19: =+N20+N42+N54+N58 -> 272317607 | O19: =+O20+O42+O54+O58 -> 75.403216
A20: 2 | B20: 1 | C20: 1 | F20: Remuneraciones | G20: =+G21+G26+G33+G35+G37 -> 29516547 | H20: =+H21+H26+H33+H35+H37 -> 27457008 | I20: =+I21+I26+I33+I35+I37 -> 37315357 | J20: =+J21+J26+J33+J35+J37 -> 27647675 | K20: =+K21+K26+K33+K35+K37 -> 26456463 | L20: =+L21+L26+L33+L35+L37 -> 32722314 | M20: =+M21+M26+M33+M35+M37 -> 49213525 | N20: =+N21+N26+N33+N35+N37 -> 230328889 | O20: =+O21+O26+O33+O35+O37 -> 63.776776
A21: 2 | B21: 1 | C21: 1 | D21: 1 | F21: Remuneraciones al personal fijo | G21: =SUM(G22:G25) -> 5000000 | H21: =SUM(H22:H25) -> 0 | I21: =SUM(I22:I25) -> 5000000 | J21: =SUM(J22:J25) -> 5000000 | K21: =SUM(K22:K25) -> 3000000 | L21: =SUM(L22:L25) -> 0 | M21: =SUM(M22:M25) -> 15300000 | N21: =SUM(N22:N25) -> 33300000 | O21: =SUM(O22:O25) -> 9.220583
A22: 2 | B22: 1 | C22: 1 | D22: 1 | E22: `01 | F22: Sueldos fijos | G22: 5000000 | I22: 5000000 | J22: 5000000 | K22: 3000000 | M22: 15300000 | N22: =SUBTOTAL(9,G22:M22) -> 33300000 | O22: =IFERROR(N22/$N$18*100,"0.00") -> 9.220583
A23: 2 | B23: 1 | C23: 1 | D23: 1 | E23: `02 | F23: Sueldos a medicos | N23: =SUBTOTAL(9,G23:M23) -> 0 | O23: =IFERROR(N23/$N$18*100,"0.00") -> 0
A24: 2 | B24: 1 | C24: 1 | D24: 1 | E24: `05 | F24: Incentivos y escalafón | N24: =SUBTOTAL(9,G24:M24) -> 0 | O24: =IFERROR(N24/$N$18*100,"0.00") -> 0
A25: 2 | B25: 1 | C25: 1 | D25: 1 | E25: `06 | F25: Nuevas plazas a medicos | N25: =SUBTOTAL(9,G25:M25) -> 0 | O25: =IFERROR(N25/$N$18*100,"0.00") -> 0
A26: 2 | B26: 1 | C26: 1 | D26: 2 | F26: Remuneraciones al personal con carácter transitorio | G26: =SUM(G27:G32) -> 21805335 | H26: =SUM(H27:H32) -> 24745796 | I26: =SUM(I27:I32) -> 28795357 | J26: =SUM(J27:J32) -> 20745251 | K26: =SUM(K27:K32) -> 20745251 | L26: =SUM(L27:L32) -> 30295949 | M26: =SUM(M27:M32) -> 30295949 | N26: =SUM(N27:N32) -> 177428889 | O26: =SUM(O27:O32) -> 49.129063
A27: 2 | B27: 1 | C27: 1 | D27: 2 | E27: `03 | F27: Suplencias | N27: =SUBTOTAL(9,G27:M27) -> 0 | O27: =IFERROR(N27/$N$18*100,"0.00") -> 0
A28: 2 | B28: 1 | C28: 1 | D28: 2 | E28: `05 | F28: Sueldo al personal nominal en período probatorio | N28: =SUBTOTAL(9,G28:M28) -> 0 | O28: =IFERROR(N28/$N$18*100,"0.00") -> 0
A29: 2 | B29: 1 | C29: 1 | D29: 2 | E29: `06 | F29: Jornales | N29: =SUBTOTAL(9,G29:M29) -> 0 | O29: =IFERROR(N29/$N$18*100,"0.00") -> 0
A30: 2 | B30: 1 | C30: 1 | D30: 2 | E30: `08 | F30: Empleados temporales | G30: =21745796.14+59540-0.92 -> 21805335 | H30: 24745796 | I30: 28795357 | J30: 20745251 | K30: 20745251 | L30: 30295949 | M30: 30295949 | N30: =SUBTOTAL(9,G30:M30) -> 177428889 | O30: =IFERROR(N30/$N$18*100,"0.00") -> 49.129063
A31: 2 | B31: 1 | C31: 1 | D31: 2 | E31: `09 | F31: Personal de carácter eventual | N31: =SUBTOTAL(9,G31:M31) -> 0 | O31: =IFERROR(N31/$N$18*100,"0.00") -> 0
A32: 2 | B32: 1 | C32: 1 | D32: 2 | E32: `11 | F32: Interinato | N32: =SUBTOTAL(9,G32:M32) -> 0 | O32: =IFERROR(N32/$N$18*100,"0.00") -> 0
A33: 2 | B33: 1 | C33: 1 | D33: 3 | F33: Sueldos al personal fijo en trámite de pensiones | G33: =G34 -> 0 | H33: =H34 -> 0 | I33: =I34 -> 0 | J33: =J34 -> 0 | K33: =K34 -> 0 | L33: =L34 -> 0 | M33: =M34 -> 0 | N33: =N34 -> 0 | O33: =O34 -> 0
A34: 2 | B34: 1 | C34: 1 | D34: 3 | E34: `01 | F34: Sueldos al personal fijo en trámite de pensiones | N34: =SUBTOTAL(9,G34:M34) -> 0 | O34: =IFERROR(N34/$N$18*100,"0.00") -> 0
A35: 2 | B35: 1 | C35: 1 | D35: 4 | F35: Sueldo anual No. 13 | G35: =G36 -> 2711211.8 | H35: =H36 -> 2711211.8 | I35: =I36 -> 3520000 | J35: =J36 -> 1902423.5 | K35: =K36 -> 2711211.8 | L35: =L36 -> 2426364.7 | M35: =M36 -> 1617576.5 | N35: =N36 -> 17600000 | O35: =O36 -> 4.8733412
A36: 2 | B36: 1 | C36: 1 | D36: 4 | E36: `01 | F36: Sueldo anual No. 13 | G36: =2426364.75+284847 -> 2711211.8 | H36: =2426364.75+284847 -> 2711211.8 | I36: =3235153+284847 -> 3520000 | J36: =1617576.52+284847 -> 1902423.5 | K36: =2426364.75+284847 -> 2711211.8 | L36: 2426364.7 | M36: 1617576.5 | N36: =SUBTOTAL(9,G36:M36) -> 17600000 | O36: =IFERROR(N36/$N$18*100,"0.00") -> 4.8733412
A37: 2 | B37: 1 | C37: 1 | D37: 5 | F37: Prestacianes economicas | G37: =SUM(G38:G41) -> 0 | H37: =SUM(H38:H41) -> 0 | I37: =SUM(I38:I41) -> 0 | J37: =SUM(J38:J41) -> 0 | K37: =SUM(K38:K41) -> 0 | L37: =SUM(L38:L41) -> 0 | M37: =SUM(M38:M41) -> 2000000 | N37: =SUM(N38:N41) -> 2000000 | O37: =SUM(O38:O41) -> 0.55378877
A38: 2 | B38: 1 | C38: 1 | D38: 5 | E38: `01 | F38: Prestacianes economicas | M38: 1000000 | N38: =SUBTOTAL(9,G38:M38) -> 1000000 | O38: =IFERROR(N38/$N$18*100,"0.00") -> 0.27689438
A39: 2 | B39: 1 | C39: 1 | D39: 5 | E39: `02 | F39: Pago de porcentaje por desvinculación de cargo | N39: =SUBTOTAL(9,G39:M39) -> 0 | O39: =IFERROR(N39/$N$18*100,"0.00") -> 0
A40: 2 | B40: 1 | C40: 1 | D40: 5 | E40: `03 | F40: Prestacion laboral por desvinculación | N40: =SUBTOTAL(9,G40:M40) -> 0 | O40: =IFERROR(N40/$N$18*100,"0.00") -> 0
A41: 2 | B41: 1 | C41: 1 | D41: 5 | E41: `04 | F41: Proporción de vacaciones no disfrutadas | M41: 1000000 | N41: =SUBTOTAL(9,G41:M41) -> 1000000 | O41: =IFERROR(N41/$N$18*100,"0.00") -> 0.27689438
A42: 2 | B42: 1 | C42: 2 | F42: Sobresueldos | G42: =+G43+G45 -> 306000 | H42: =+H43+H45 -> 590500 | I42: =+I43+I45 -> 590500 | J42: =+J43+J45 -> 284500 | K42: =+K43+K45 -> 284500 | L42: =+L43+L45 -> 284500 | M42: =+M43+M45 -> 5284500 | N42: =+N43+N45 -> 7625000 | O42: =+O43+O45 -> 2.1113197
A43: 2 | B43: 1 | C43: 2 | D43: 1 | F43: Primas por antigüedad | G43: =G44 -> 0 | H43: =H44 -> 0 | I43: =I44 -> 0 | J43: =J44 -> 0 | K43: =K44 -> 0 | L43: =L44 -> 0 | M43: =M44 -> 0 | N43: =N44 -> 0 | O43: =O44 -> 0
A44: 2 | B44: 1 | C44: 2 | D44: 1 | E44: `01 | F44: Primas por antigüedad | N44: =SUBTOTAL(9,G44:M44) -> 0 | O44: =IFERROR(N44/$N$18*100,"0.00") -> 0
A45: 2 | B45: 1 | C45: 2 | D45: 2 | F45: Compensación | G45: =SUM(G46:G53) -> 306000 | H45: =SUM(H46:H53) -> 590500 | I45: =SUM(I46:I53) -> 590500 | J45: =SUM(J46:J53) -> 284500 | K45: =SUM(K46:K53) -> 284500 | L45: =SUM(L46:L53) -> 284500 | M45: =SUM(M46:M53) -> 5284500 | N45: =SUM(N46:N53) -> 7625000 | O45: =SUM(O46:O53) -> 2.1113197
A46: 2 | B46: 1 | C46: 2 | D46: 2 | E46: `03 | F46: Pago de horas extraordinarias, Horas extraordinarias fin de año (Reglamento 523-09) | N46: =SUBTOTAL(9,G46:M46) -> 0 | O46: =IFERROR(N46/$N$18*100,"0.00") -> 0
A47: 2 | B47: 1 | C47: 2 | D47: 2 | E47: `04 | F47: Prima de transporte | N47: =SUBTOTAL(9,G47:M47) -> 0 | O47: =IFERROR(N47/$N$18*100,"0.00") -> 0
A48: 2 | B48: 1 | C48: 2 | D48: 2 | E48: `05 | F48: Compensación servicios de Seguridad | H48: 284500 | I48: 284500 | J48: 284500 | K48: 284500 | L48: 284500 | M48: 284500 | N48: =SUBTOTAL(9,G48:M48) -> 1707000 | O48: =IFERROR(N48/$N$18*100,"0.00") -> 0.47265871
A49: 2 | B49: 1 | C49: 2 | D49: 2 | E49: `06 | F49: Incentivo por rendimiento individual | M49: 5000000 | N49: =SUBTOTAL(9,G49:M49) -> 5000000 | O49: =IFERROR(N49/$N$18*100,"0.00") -> 1.3844719
A50: 2 | B50: 1 | C50: 2 | D50: 2 | E50: `07 | F50: Compensación por distancia | N50: =SUBTOTAL(9,G50:M50) -> 0 | O50: =IFERROR(N50/$N$18*100,"0.00") -> 0
A51: 2 | B51: 1 | C51: 2 | D51: 2 | E51: `08 | F51: Compensaciones especiales | G51: 306000 | H51: 306000 | I51: 306000 | N51: =SUBTOTAL(9,G51:M51) -> 918000 | O51: =IFERROR(N51/$N$18*100,"0.00") -> 0.25418905
A52: 2 | B52: 1 | C52: 2 | D52: 2 | E52: `09 | F52: Bono por desempeño | N52: =SUBTOTAL(9,G52:M52) -> 0 | O52: =IFERROR(N52/$N$18*100,"0.00") -> 0
A53: 2 | B53: 1 | C53: 2 | D53: 2 | E53: `10 | F53: Compensación por cumplimiento de indicadores | N53: =SUBTOTAL(9,G53:M53) -> 0 | O53: =IFERROR(N53/$N$18*100,"0.00") -> 0
A54: 2 | B54: 1 | C54: 3 | F54: Dietas y Gastos de Representación | G54: =+G55 -> 0 | H54: =+H55 -> 0 | I54: =+I55 -> 0 | J54: =+J55 -> 0 | K54: =+K55 -> 0 | L54: =+L55 -> 0 | M54: =+M55 -> 0 | N54: =+N55 -> 0 | O54: =+O55 -> 0
A55: 2 | B55: 1 | C55: 3 | D55: 2 | F55: Gastos de representación | G55: =SUM(G56:G57) -> 0 | H55: =SUM(H56:H57) -> 0 | I55: =SUM(I56:I57) -> 0 | J55: =SUM(J56:J57) -> 0 | K55: =SUM(K56:K57) -> 0 | L55: =SUM(L56:L57) -> 0 | M55: =SUM(M56:M57) -> 0 | N55: =SUM(N56:N57) -> 0 | O55: =SUM(O56:O57) -> 0
A56: 2 | B56: 1 | C56: 3 | D56: 2 | E56: `01 | F56: Gastos de representación en el país | N56: =SUBTOTAL(9,G56:M56) -> 0 | O56: =IFERROR(N56/$N$18*100,"0.00") -> 0
A57: 2 | B57: 1 | C57: 3 | D57: 2 | E57: `02 | F57: Gastos de representación en el exterior | N57: =SUBTOTAL(9,G57:M57) -> 0 | O57: =IFERROR(N57/$N$18*100,"0.00") -> 0
A58: 2 | B58: 1 | C58: 5 | F58: Contribuciones a la Seguridad Social y Riesgo Laboral | G58: =G59+G61+G63+G65 -> 5410142.7 | H58: =H59+H61+H63+H65 -> 3947541.8 | I58: =I59+I61+I63+I65 -> 5409142.7 | J58: =J59+J61+J63+J65 -> 3947538.8 | K58: =K59+K61+K63+K65 -> 6873743.6 | L58: =L59+L61+L63+L65 -> 4387805.7 | M58: =M59+M61+M63+M65 -> 4387802.7 | N58: =N59+N61+N63+N65 -> 34363718 | O58: =O59+O61+O63+O65 -> 9.5151206
A59: 2 | B59: 1 | C59: 5 | D59: 1 | F59: Contribuciones al seguro de salud | G59: =G60 -> 2499599.4 | H59: =H60 -> 1822379.6 | I59: =I60 -> 2499599.4 | J59: =J60 -> 1822376.6 | K59: =K60 -> 3176819.2 | L59: =L60 -> 2031662.4 | M59: =M60 -> 2031659.4 | N59: =N60 -> 15884096 | O59: =O60 -> 4.398217
A60: 2 | B60: 1 | C60: 5 | D60: 1 | E60: `01 | F60: Contribuciones al seguro de salud | G60: =2031659.4+467940 -> 2499599.4 | H60: =1354439.6+467940 -> 1822379.6 | I60: =2031659.4+467940 -> 2499599.4 | J60: =1354436.6+467940 -> 1822376.6 | K60: =2708879.2+467940 -> 3176819.2 | L60: =2708879.2-677216.8 -> 2031662.4 | M60: 2031659.4 | N60: =SUBTOTAL(9,G60:M60) -> 15884096 | O60: =IFERROR(N60/$N$18*100,"0.00") -> 4.398217
A61: 2 | B61: 1 | C61: 5 | D61: 2 | F61: Contribuciones al seguro de pensiones | G61: =G62 -> 2498068.5 | H61: =H62 -> 1821579 | I61: =I62 -> 2497068.5 | J61: =J62 -> 1821579 | K61: =K62 -> 3175558 | L61: =L62 -> 2029468.5 | M61: =M62 -> 2029468.5 | N61: =N62 -> 15872790 | O61: =O62 -> 4.3950864
A62: 2 | B62: 1 | C62: 5 | D62: 2 | E62: `01 | F62: Contribuciones al seguro de pensiones | G62: =2029468.5+468600 -> 2498068.5 | H62: =1352979+468600 -> 1821579 | I62: =2029468.5+467600 -> 2497068.5 | J62: =1352979+468600 -> 1821579 | K62: =2705958+469600 -> 3175558 | L62: 2029468.5 | M62: 2029468.5 | N62: =SUBTOTAL(9,G62:M62) -> 15872790 | O62: =IFERROR(N62/$N$18*100,"0.00") -> 4.3950864
A63: 2 | B63: 1 | C63: 5 | D63: 3 | F63: Contribuciones al seguro de riesgo laboral | G63: =G64 -> 412474.8 | H63: =H64 -> 303583.2 | I63: =I64 -> 412474.8 | J63: =J64 -> 303583.2 | K63: =K64 -> 521366.4 | L63: =L64 -> 326674.8 | M63: =M64 -> 326674.8 | N63: =N64 -> 2606832 | O63: =O64 -> 0.72181714
A64: 2 | B64: 1 | C64: 5 | D64: 3 | E64: `01 | F64: Contribuciones al seguro de riesgo laboral | G64: =326674.8+85800 -> 412474.8 | H64: =217783.2+85800 -> 303583.2 | I64: =326674.8+85800 -> 412474.8 | J64: =217783.2+85800 -> 303583.2 | K64: =435566.4+85800 -> 521366.4 | L64: 326674.8 | M64: 326674.8 | N64: =SUBTOTAL(9,G64:M64) -> 2606832 | O64: =IFERROR(N64/$N$18*100,"0.00") -> 0.72181714
A65: 2 | B65: 1 | C65: 5 | D65: 4 | F65: Contribuciones al plan de retiro complementario | G65: =G66 -> 0 | H65: =H66 -> 0 | I65: =I66 -> 0 | J65: =J66 -> 0 | K65: =K66 -> 0 | L65: =L66 -> 0 | M65: =M66 -> 0 | N65: =N66 -> 0 | O65: =O66 -> 0
A66: 2 | B66: 1 | C66: 5 | D66: 4 | E66: `01 | F66: Contribuciones al plan de retiro complementario | N66: =SUBTOTAL(9,G66:M66) -> 0 | O66: =IFERROR(N66/$N$18*100,"0.00") -> 0
A67: 2 | B67: 2 | F67: Contratacion de servicios | G67: =+G68+G82+G87+G92+G99+G116+G125+G143 -> 320000 | H67: =+H68+H82+H87+H92+H99+H116+H125+H143 -> 320000 | I67: =+I68+I82+I87+I92+I99+I116+I125+I143 -> 320000 | J67: =+J68+J82+J87+J92+J99+J116+J125+J143 -> 320000 | K67: =+K68+K82+K87+K92+K99+K116+K125+K143 -> 430000 | L67: =+L68+L82+L87+L92+L99+L116+L125+L143 -> 540000 | M67: =+M68+M82+M87+M92+M99+M116+M125+M143 -> 12676348 | N67: =+N68+N82+N87+N92+N99+N116+N125+N143 -> 14926348 | O67: =+O68+O82+O87+O92+O99+O116+O125+O143 -> 3.2812533
A68: 2 | B68: 2 | C68: 1 | F68: Servicios Básicos | G68: =+G69+G71+G73+G75+G78+G80 -> 320000 | H68: =+H69+H71+H73+H75+H78+H80 -> 320000 | I68: =+I69+I71+I73+I75+I78+I80 -> 320000 | J68: =+J69+J71+J73+J75+J78+J80 -> 320000 | K68: =+K69+K71+K73+K75+K78+K80 -> 430000 | L68: =+L69+L71+L73+L75+L78+L80 -> 540000 | M68: =+M69+M71+M73+M75+M78+M80 -> 2250000 | N68: =+N69+N71+N73+N75+N78+N80 -> 4500000 | O68: =+O69+O71+O73+O75+O78+O80 -> 1.2460247
A69: 2 | B69: 2 | C69: 1 | D69: 2 | F69: Servicios telefónico de larga distancia | G69: =G70 -> 0 | H69: =H70 -> 0 | I69: =I70 -> 0 | J69: =J70 -> 0 | K69: =K70 -> 0 | L69: =L70 -> 0 | M69: =M70 -> 0 | N69: =N70 -> 0 | O69: =O70 -> 0
A70: 2 | B70: 2 | C70: 1 | D70: 2 | E70: `01 | F70: Servicios telefónico de larga distancia | N70: =SUBTOTAL(9,G70:M70) -> 0 | O70: =IFERROR(N70/$N$18*100,"0.00") -> 0
A71: 2 | B71: 2 | C71: 1 | D71: 3 | F71: Teléfono local | G71: =G72 -> 110000 | H71: =H72 -> 110000 | I71: =I72 -> 110000 | J71: =J72 -> 110000 | K71: =K72 -> 165000 | L71: =L72 -> 220000 | M71: =M72 -> 475000 | N71: =N72 -> 1300000 | O71: =O72 -> 0.3599627
A72: 2 | B72: 2 | C72: 1 | D72: 3 | E72: `01 | F72: Teléfono local | G72: 110000 | H72: 110000 | I72: 110000 | J72: 110000 | K72: 165000 | L72: 220000 | M72: 475000 | N72: =SUBTOTAL(9,G72:M72) -> 1300000 | O72: =IFERROR(N72/$N$18*100,"0.00") -> 0.3599627
A73: 2 | B73: 2 | C73: 1 | D73: 5 | F73: Servicio de internet y televisión por cable | G73: =G74 -> 110000 | H73: =H74 -> 110000 | I73: =I74 -> 110000 | J73: =J74 -> 110000 | K73: =K74 -> 165000 | L73: =L74 -> 220000 | M73: =M74 -> 475000 | N73: =N74 -> 1300000 | O73: =O74 -> 0.3599627
A74: 2 | B74: 2 | C74: 1 | D74: 5 | E74: `01 | F74: Servicio de internet y televisión por cable | G74: 110000 | H74: 110000 | I74: 110000 | J74: 110000 | K74: 165000 | L74: 220000 | M74: 475000 | N74: =SUBTOTAL(9,G74:M74) -> 1300000 | O74: =IFERROR(N74/$N$18*100,"0.00") -> 0.3599627
A75: 2 | B75: 2 | C75: 1 | D75: 6 | F75: Electricidad | G75: =G76+G77 -> 0 | H75: =H76+H77 -> 0 | I75: =I76+I77 -> 0 | J75: =J76+J77 -> 0 | K75: =K76+K77 -> 0 | L75: =L76+L77 -> 0 | M75: =M76+M77 -> 0 | N75: =N76+N77 -> 0 | O75: =O76+O77 -> 0
A76: 2 | B76: 2 | C76: 1 | D76: 6 | E76: `01 | F76: Energía eléctrica | N76: =SUBTOTAL(9,G76:M76) -> 0 | O76: =IFERROR(N76/$N$18*100,"0.00") -> 0
A77: 2 | B77: 2 | C77: 1 | D77: 6 | E77: `02 | F77: Electricidad no cortable | N77: =SUBTOTAL(9,G77:M77) -> 0 | O77: =IFERROR(N77/$N$18*100,"0.00") -> 0
A78: 2 | B78: 2 | C78: 1 | D78: 7 | F78: Agua | G78: =G79 -> 0 | H78: =H79 -> 0 | I78: =I79 -> 0 | J78: =J79 -> 0 | K78: =K79 -> 0 | L78: =L79 -> 0 | M78: =M79 -> 1200000 | N78: =N79 -> 1200000 | O78: =O79 -> 0.33227326
A79: 2 | B79: 2 | C79: 1 | D79: 7 | E79: `01 | F79: Agua | M79: 1200000 | N79: =SUBTOTAL(9,G79:M79) -> 1200000 | O79: =IFERROR(N79/$N$18*100,"0.00") -> 0.33227326
A80: 2 | B80: 2 | C80: 1 | D80: 8 | F80: Recolección de residuos sólidos | G80: =G81 -> 100000 | H80: =H81 -> 100000 | I80: =I81 -> 100000 | J80: =J81 -> 100000 | K80: =K81 -> 100000 | L80: =L81 -> 100000 | M80: =M81 -> 100000 | N80: =N81 -> 700000 | O80: =O81 -> 0.19382607
A81: 2 | B81: 2 | C81: 1 | D81: 8 | E81: `01 | F81: Recolección de residuos sólidos | G81: 100000 | H81: 100000 | I81: 100000 | J81: 100000 | K81: 100000 | L81: 100000 | M81: 100000 | N81: =SUBTOTAL(9,G81:M81) -> 700000 | O81: =IFERROR(N81/$N$18*100,"0.00") -> 0.19382607
A82: 2 | B82: 2 | C82: 2 | F82: Publicidad Impresión y Encuadernación | G82: =+G83+G85 -> 0 | H82: =+H83+H85 -> 0 | I82: =+I83+I85 -> 0 | J82: =+J83+J85 -> 0 | K82: =+K83+K85 -> 0 | L82: =+L83+L85 -> 0 | M82: =+M83+M85 -> 0 | N82: =+N83+N85 -> 0 | O82: =+O83+O85 -> 0
A83: 2 | B83: 2 | C83: 2 | D83: 1 | F83: Publicidad y propaganda | G83: =G84 -> 0 | H83: =H84 -> 0 | I83: =I84 -> 0 | J83: =J84 -> 0 | K83: =K84 -> 0 | L83: =L84 -> 0 | M83: =M84 -> 0 | N83: =N84 -> 0 | O83: =O84 -> 0
A84: 2 | B84: 2 | C84: 2 | D84: 1 | E84: `01 | F84: Publicidad y propaganda | N84: =SUBTOTAL(9,G84:M84) -> 0 | O84: =IFERROR(N84/$N$18*100,"0.00") -> 0
A85: 2 | B85: 2 | C85: 2 | D85: 2 | F85: Impresión y encuadernación | G85: =G86 -> 0 | H85: =H86 -> 0 | I85: =I86 -> 0 | J85: =J86 -> 0 | K85: =K86 -> 0 | L85: =L86 -> 0 | M85: =M86 -> 0 | N85: =N86 -> 0 | O85: =O86 -> 0
A86: 2 | B86: 2 | C86: 2 | D86: 2 | E86: `01 | F86: Impresión y encuadernación | N86: =SUBTOTAL(9,G86:M86) -> 0 | O86: =IFERROR(N86/$N$18*100,"0.00") -> 0
A87: 2 | B87: 2 | C87: 3 | F87: Viáticos | G87: =+G88+G90 -> 0 | H87: =+H88+H90 -> 0 | I87: =+I88+I90 -> 0 | J87: =+J88+J90 -> 0 | K87: =+K88+K90 -> 0 | L87: =+L88+L90 -> 0 | M87: =+M88+M90 -> 1200000 | N87: =+N88+N90 -> 1200000 | O87: =+O88+O90 -> 0.33227326
A88: 2 | B88: 2 | C88: 3 | D88: 1 | F88: Viáticos dentro del país | G88: =G89 -> 0 | H88: =H89 -> 0 | I88: =I89 -> 0 | J88: =J89 -> 0 | K88: =K89 -> 0 | L88: =L89 -> 0 | M88: =M89 -> 1200000 | N88: =N89 -> 1200000 | O88: =O89 -> 0.33227326
A89: 2 | B89: 2 | C89: 3 | D89: 1 | E89: `01 | F89: Viáticos dentro del país | G89: 0 | M89: 1200000 | N89: =SUBTOTAL(9,G89:M89) -> 1200000 | O89: =IFERROR(N89/$N$18*100,"0.00") -> 0.33227326
A90: 2 | B90: 2 | C90: 3 | D90: 2 | F90: Viáticos fuera del país | G90: =G91 -> 0 | H90: =H91 -> 0 | I90: =I91 -> 0 | J90: =J91 -> 0 | K90: =K91 -> 0 | L90: =L91 -> 0 | M90: =M91 -> 0 | N90: =N91 -> 0 | O90: =O91 -> 0
A91: 2 | B91: 2 | C91: 3 | D91: 2 | E91: `01 | F91: Viáticos fuera del país | N91: =SUBTOTAL(9,G91:M91) -> 0 | O91: =IFERROR(N91/$N$18*100,"0.00") -> 0
A92: 2 | B92: 2 | C92: 4 | F92: Transporte y Alamcenaje | G92: =+G93+G95+G97 -> 0 | H92: =+H93+H95+H97 -> 0 | I92: =+I93+I95+I97 -> 0 | J92: =+J93+J95+J97 -> 0 | K92: =+K93+K95+K97 -> 0 | L92: =+L93+L95+L97 -> 0 | M92: =+M93+M95+M97 -> 1500198 | N92: =+N93+N95+N97 -> 1500198 | O92: =+O93+O95+O97 -> 0.4153964
A93: 2 | B93: 2 | C93: 4 | D93: 1 | F93: Pasajes y gastos de transporte | G93: =G94 -> 0 | H93: =H94 -> 0 | I93: =I94 -> 0 | J93: =J94 -> 0 | K93: =K94 -> 0 | L93: =L94 -> 0 | M93: =M94 -> 0 | N93: =N94 -> 0 | O93: =O94 -> 0
A94: 2 | B94: 2 | C94: 4 | D94: 1 | E94: `01 | F94: Pasajes y gastos de transporte | M94: 0 | N94: =SUBTOTAL(9,G94:M94) -> 0 | O94: =IFERROR(N94/$N$18*100,"0.00") -> 0
A95: 2 | B95: 2 | C95: 4 | D95: 2 | F95: Fletes | G95: =G96 -> 0 | H95: =H96 -> 0 | I95: =I96 -> 0 | J95: =J96 -> 0 | K95: =K96 -> 0 | L95: =L96 -> 0 | M95: =M96 -> 1500198 | N95: =N96 -> 1500198 | O95: =O96 -> 0.4153964
A96: 2 | B96: 2 | C96: 4 | D96: 2 | E96: `01 | F96: Fletes | M96: 1500198 | N96: =SUBTOTAL(9,G96:M96) -> 1500198 | O96: =IFERROR(N96/$N$18*100,"0.00") -> 0.4153964
A97: 2 | B97: 2 | C97: 4 | D97: 4 | F97: Peaje | G97: =G98 -> 0 | H97: =H98 -> 0 | I97: =I98 -> 0 | J97: =J98 -> 0 | K97: =K98 -> 0 | L97: =L98 -> 0 | M97: =M98 -> 0 | N97: =N98 -> 0 | O97: =O98 -> 0
A98: 2 | B98: 2 | C98: 4 | D98: 4 | E98: `01 | F98: Peaje | N98: =SUBTOTAL(9,G98:M98) -> 0 | O98: =IFERROR(N98/$N$18*100,"0.00") -> 0
A99: 2 | B99: 2 | C99: 5 | F99: Alquileres y Rentas | G99: =+G100+G102+G104+G110+G112+G114 -> 0 | H99: =+H100+H102+H104+H110+H112+H114 -> 0 | I99: =+I100+I102+I104+I110+I112+I114 -> 0 | J99: =+J100+J102+J104+J110+J112+J114 -> 0 | K99: =+K100+K102+K104+K110+K112+K114 -> 0 | L99: =+L100+L102+L104+L110+L112+L114 -> 0 | M99: =+M100+M102+M104+M110+M112+M114 -> 700000 | N99: =+N100+N102+N104+N110+N112+N114 -> 700000 | O99: =+O100+O102+O104+O110+O112+O114 -> 0.19382607
A100: 2 | B100: 2 | C100: 5 | D100: 1 | F100: Alquilleres y rentas de edificios y locales | G100: =G101 -> 0 | H100: =H101 -> 0 | I100: =I101 -> 0 | J100: =J101 -> 0 | K100: =K101 -> 0 | L100: =L101 -> 0 | M100: =M101 -> 0 | N100: =N101 -> 0 | O100: =O101 -> 0
A101: 2 | B101: 2 | C101: 5 | D101: 1 | E101: `01 | F101: Alquilleres y rentas de edificios y locales | N101: =SUBTOTAL(9,G101:M101) -> 0 | O101: =IFERROR(N101/$N$18*100,"0.00") -> 0
...

Sheet PPNE5 
A2: Servicio Nacional de Salud
A3: Dirección de Planificación y Desarrollo
A4: Consolidado Presupuesto Estimado de Ingresos y Gastos Nivel Especializado por Fuente de Financiamiento
A5: 2026
A6: Servicio Regional de Salud: | F6: =[3]PPNE3!E6 -> REGION YUMA
A7: Establecimiento: | F7: =[3]PPNE3!E7 -> HOSPITAL GENERAL Y DE ESPECIALIDADES NUESTRA SRA. DE LA ALTAGRACIA
A8: Estimación de Ingresos
A9: Anticipos Financieros | G9: =+[3]PPNE3!F16 -> 0
A10: Venta de Servicios y Otros Ingresos | G10: =+[3]PPNE3!F25 -> 68000000
A11: Aportes SNS Nómina | G11: =+[3]PPNE3!F15 -> 110400000
A12: Otros Aportes | G12: =+[3]PPNE3!F9+[3]PPNE3!F17+[3]PPNE3!F21+[3]PPNE3!F22 -> 0
A13: Transferencias Corrientes | G13: =+[3]PPNE3!F18 -> 293148530
A14: Total Ingresos RD$ | G14: =SUM(G9:G13) -> 471548530
A15: Estimación de Gastos
A16: Tipo | B16: Objeto | C16: Cuenta | D16: Sub-Cuenta | E16: Auxiliar | F16: Descripción Gasto por Cuenta | G16: Anticipos Financieros / Transferencias | H16: Venta de Servicios | I16: Nómina | J16: Total RD$ | K16: %
A18: 2 | F18: Egresos | G18: =+G19+G67+G171+G255+G272+G325 -> 293148530 | H18: =+H19+H67+H171+H255+H272+H325 -> 68000000 | I18: =+I19+I67+I171+I255+I272+I325 -> 110400000 | J18: =+J19+J67+J171+J255+J272+J325 -> 471548530 | K18: =+K19+K67+K171+K255+K272+K325 -> 97.115885
A19: 2 | B19: 1 | F19: Servicios Personales | G19: =+G20+G42+G54+G58 -> 265317607 | H19: =+H20+H42+H54+H58 -> 7000000 | I19: =+I20+I42+I54+I58 -> 110400000 | J19: =+J20+J42+J54+J58 -> 382717607 | K19: =+K20+K42+K54+K58 -> 81.16187
A20: 2 | B20: 1 | C20: 1 | F20: Remuneraciones | G20: =+G21+G26+G33+G35+G37 -> 228328889 | H20: =+H21+H26+H33+H35+H37 -> 2000000 | I20: =+I21+I26+I33+I35+I37 -> 110400000 | J20: =+J21+J26+J33+J35+J37 -> 340728889 | K20: =+K21+K26+K33+K35+K37 -> 72.257438
A21: 2 | B21: 1 | C21: 1 | D21: 1 | F21: Remuneraciones al personal fijo | G21: =SUM(G22:G25) -> 33300000 | H21: =SUM(H22:H25) -> 0 | I21: =SUM(I22:I25) -> 110400000 | J21: =SUM(J22:J25) -> 143700000 | K21: =SUM(K22:K25) -> 30.474064
A22: 2 | B22: 1 | C22: 1 | D22: 1 | E22: `01 | F22: Sueldos fijos | G22: 33300000 | I22: 110400000 | J22: =SUBTOTAL(9,G22:I22) -> 143700000 | K22: =IFERROR(J22/$J$18*100,"0.00") -> 30.474064
A23: 2 | B23: 1 | C23: 1 | D23: 1 | E23: `02 | F23: Sueldos a medicos | J23: =SUBTOTAL(9,G23:I23) -> 0 | K23: =IFERROR(J23/$J$18*100,"0.00") -> 0
A24: 2 | B24: 1 | C24: 1 | D24: 1 | E24: `05 | F24: Incentivos y escalafón | J24: =SUBTOTAL(9,G24:I24) -> 0 | K24: =IFERROR(J24/$J$18*100,"0.00") -> 0
A25: 2 | B25: 1 | C25: 1 | D25: 1 | E25: `06 | F25: Nuevas plazas a medicos | J25: =SUBTOTAL(9,G25:I25) -> 0 | K25: =IFERROR(J25/$J$18*100,"0.00") -> 0
A26: 2 | B26: 1 | C26: 1 | D26: 2 | F26: Remuneraciones al personal con carácter transitorio | G26: =SUM(G27:G32) -> 177428889 | H26: 0 | I26: =SUM(I27:I32) -> 0 | J26: =SUM(J27:J32) -> 177428889 | K26: =SUM(K27:K32) -> 37.626857
A27: 2 | B27: 1 | C27: 1 | D27: 2 | E27: `03 | F27: Suplencias | J27: =SUBTOTAL(9,G27:I27) -> 0 | K27: =IFERROR(J27/$J$18*100,"0.00") -> 0
A28: 2 | B28: 1 | C28: 1 | D28: 2 | E28: `05 | F28: Sueldo al personal nominal en período probatorio | J28: =SUBTOTAL(9,G28:I28) -> 0 | K28: =IFERROR(J28/$J$18*100,"0.00") -> 0
A29: 2 | B29: 1 | C29: 1 | D29: 2 | E29: `06 | F29: Jornales | J29: =SUBTOTAL(9,G29:I29) -> 0 | K29: =IFERROR(J29/$J$18*100,"0.00") -> 0
A30: 2 | B30: 1 | C30: 1 | D30: 2 | E30: `08 | F30: Empleados temporales | G30: 177428889 | J30: =SUBTOTAL(9,G30:I30) -> 177428889 | K30: =IFERROR(J30/$J$18*100,"0.00") -> 37.626857
A31: 2 | B31: 1 | C31: 1 | D31: 2 | E31: `09 | F31: Personal de carácter eventual | H31: 0 | J31: =SUBTOTAL(9,G31:I31) -> 0 | K31: =IFERROR(J31/$J$18*100,"0.00") -> 0
A32: 2 | B32: 1 | C32: 1 | D32: 2 | E32: `11 | F32: Interinato | J32: =SUBTOTAL(9,G32:I32) -> 0 | K32: =IFERROR(J32/$J$18*100,"0.00") -> 0
A33: 2 | B33: 1 | C33: 1 | D33: 3 | F33: Sueldos al personal fijo en trámite de pensiones | G33: =G34 -> 0 | H33: =H34 -> 0 | I33: =I34 -> 0 | J33: =J34 -> 0 | K33: =K34 -> 0
A34: 2 | B34: 1 | C34: 1 | D34: 3 | E34: `01 | F34: Sueldos al personal fijo en trámite de pensiones | J34: =SUBTOTAL(9,G34:I34) -> 0 | K34: =IFERROR(J34/$J$18*100,"0.00") -> 0
A35: 2 | B35: 1 | C35: 1 | D35: 4 | F35: Sueldo anual No. 13 | G35: =G36 -> 17600000 | H35: =H36 -> 0 | I35: =I36 -> 0 | J35: =J36 -> 17600000 | K35: =K36 -> 3.7323836
A36: 2 | B36: 1 | C36: 1 | D36: 4 | E36: `01 | F36: Sueldo anual No. 13 | G36: 17600000 | J36: =SUBTOTAL(9,G36:I36) -> 17600000 | K36: =IFERROR(J36/$J$18*100,"0.00") -> 3.7323836
A37: 2 | B37: 1 | C37: 1 | D37: 5 | F37: Prestacianes economicas | G37: =SUM(G38:G41) -> 0 | H37: =SUM(H38:H41) -> 2000000 | I37: =SUM(I38:I41) -> 0 | J37: =SUM(J38:J41) -> 2000000 | K37: =SUM(K38:K41) -> 0.4241345
A38: 2 | B38: 1 | C38: 1 | D38: 5 | E38: `01 | F38: Prestacianes economicas | H38: 1000000 | J38: =SUBTOTAL(9,G38:I38) -> 1000000 | K38: =IFERROR(J38/$J$18*100,"0.00") -> 0.21206725
A39: 2 | B39: 1 | C39: 1 | D39: 5 | E39: `02 | F39: Pago de porcentaje por desvinculación de cargo | J39: =SUBTOTAL(9,G39:I39) -> 0 | K39: =IFERROR(J39/$J$18*100,"0.00") -> 0
A40: 2 | B40: 1 | C40: 1 | D40: 5 | E40: `03 | F40: Prestacion laboral por desvinculación | H40: 0 | J40: =SUBTOTAL(9,G40:I40) -> 0 | K40: =IFERROR(J40/$J$18*100,"0.00") -> 0
A41: 2 | B41: 1 | C41: 1 | D41: 5 | E41: `04 | F41: Proporción de vacaciones no disfrutadas | H41: 1000000 | J41: =SUBTOTAL(9,G41:I41) -> 1000000 | K41: =IFERROR(J41/$J$18*100,"0.00") -> 0.21206725
A42: 2 | B42: 1 | C42: 2 | F42: Sobresueldos | G42: =+G43+G45 -> 2625000 | H42: =+H43+H45 -> 5000000 | I42: =+I43+I45 -> 0 | J42: =+J43+J45 -> 7625000 | K42: =+K43+K45 -> 1.6170128
A43: 2 | B43: 1 | C43: 2 | D43: 1 | F43: Primas por antigüedad | G43: =G44 -> 0 | H43: =H44 -> 0 | I43: =I44 -> 0 | J43: =J44 -> 0 | K43: =K44 -> 0
A44: 2 | B44: 1 | C44: 2 | D44: 1 | E44: `01 | F44: Primas por antigüedad | J44: =SUBTOTAL(9,G44:I44) -> 0 | K44: =IFERROR(J44/$J$18*100,"0.00") -> 0
A45: 2 | B45: 1 | C45: 2 | D45: 2 | F45: Compensación | G45: =SUM(G46:G53) -> 2625000 | H45: =SUM(H46:H53) -> 5000000 | I45: =SUM(I46:I53) -> 0 | J45: =SUM(J46:J53) -> 7625000 | K45: =SUM(K46:K53) -> 1.6170128
A46: 2 | B46: 1 | C46: 2 | D46: 2 | E46: `03 | F46: Pago de horas extraordinarias, Horas extraordinarias fin de año (Reglamento 523-09) | J46: =SUBTOTAL(9,G46:I46) -> 0 | K46: =IFERROR(J46/$J$18*100,"0.00") -> 0
A47: 2 | B47: 1 | C47: 2 | D47: 2 | E47: `04 | F47: Prima de transporte | J47: =SUBTOTAL(9,G47:I47) -> 0 | K47: =IFERROR(J47/$J$18*100,"0.00") -> 0
A48: 2 | B48: 1 | C48: 2 | D48: 2 | E48: `05 | F48: Compensación servicios de Seguridad | G48: 1707000 | J48: =SUBTOTAL(9,G48:I48) -> 1707000 | K48: =IFERROR(J48/$J$18*100,"0.00") -> 0.3619988
A49: 2 | B49: 1 | C49: 2 | D49: 2 | E49: `06 | F49: Incentivo por rendimiento individual | H49: 5000000 | J49: =SUBTOTAL(9,G49:I49) -> 5000000 | K49: =IFERROR(J49/$J$18*100,"0.00") -> 1.0603363
A50: 2 | B50: 1 | C50: 2 | D50: 2 | E50: `07 | F50: Compensación por distancia | J50: =SUBTOTAL(9,G50:I50) -> 0 | K50: =IFERROR(J50/$J$18*100,"0.00") -> 0
A51: 2 | B51: 1 | C51: 2 | D51: 2 | E51: `08 | F51: Compensaciones especiales | G51: 918000 | J51: =SUBTOTAL(9,G51:I51) -> 918000 | K51: =IFERROR(J51/$J$18*100,"0.00") -> 0.19467774
A52: 2 | B52: 1 | C52: 2 | D52: 2 | E52: `09 | F52: Bono por desempeño | J52: =SUBTOTAL(9,G52:I52) -> 0 | K52: =IFERROR(J52/$J$18*100,"0.00") -> 0
A53: 2 | B53: 1 | C53: 2 | D53: 2 | E53: `10 | F53: Compensación por cumplimiento de indicadores | J53: =SUBTOTAL(9,G53:I53) -> 0 | K53: =IFERROR(J53/$J$18*100,"0.00") -> 0
A54: 2 | B54: 1 | C54: 3 | F54: Dietas y Gastos de Representación | G54: =+G55 -> 0 | H54: =+H55 -> 0 | I54: =+I55 -> 0 | J54: =+J55 -> 0 | K54: =+K55 -> 0
A55: 2 | B55: 1 | C55: 3 | D55: 2 | F55: Gastos de representación | G55: =SUM(G56:G57) -> 0 | H55: =SUM(H56:H57) -> 0 | I55: =SUM(I56:I57) -> 0 | J55: =SUM(J56:J57) -> 0 | K55: =SUM(K56:K57) -> 0
A56: 2 | B56: 1 | C56: 3 | D56: 2 | E56: `01 | F56: Gastos de representación en el país | J56: =SUBTOTAL(9,G56:I56) -> 0 | K56: =IFERROR(J56/$J$18*100,"0.00") -> 0
A57: 2 | B57: 1 | C57: 3 | D57: 2 | E57: `02 | F57: Gastos de representación en el exterior | J57: =SUBTOTAL(9,G57:I57) -> 0 | K57: =IFERROR(J57/$J$18*100,"0.00") -> 0
A58: 2 | B58: 1 | C58: 5 | F58: Contribuciones a la Seguridad Social y Riesgo Laboral | G58: =G59+G61+G63+G65 -> 34363718 | H58: =H59+H61+H63+H65 -> 0 | I58: =I59+I61+I63+I65 -> 0 | J58: =J59+J61+J63+J65 -> 34363718 | K58: =K59+K61+K63+K65 -> 7.2874192
A59: 2 | B59: 1 | C59: 5 | D59: 1 | F59: Contribuciones al seguro de salud | G59: =G60 -> 15884096 | H59: =H60 -> 0 | I59: =I60 -> 0 | J59: =J60 -> 15884096 | K59: =K60 -> 3.3684966
A60: 2 | B60: 1 | C60: 5 | D60: 1 | E60: `01 | F60: Contribuciones al seguro de salud | G60: 15884096 | J60: =SUBTOTAL(9,G60:I60) -> 15884096 | K60: =IFERROR(J60/$J$18*100,"0.00") -> 3.3684966
A61: 2 | B61: 1 | C61: 5 | D61: 2 | F61: Contribuciones al seguro de pensiones | G61: =G62 -> 15872790 | H61: =H62 -> 0 | I61: =I62 -> 0 | J61: =J62 -> 15872790 | K61: =K62 -> 3.3660989
A62: 2 | B62: 1 | C62: 5 | D62: 2 | E62: `01 | F62: Contribuciones al seguro de pensiones | G62: 15872790 | J62: =SUBTOTAL(9,G62:I62) -> 15872790 | K62: =IFERROR(J62/$J$18*100,"0.00") -> 3.3660989
A63: 2 | B63: 1 | C63: 5 | D63: 3 | F63: Contribuciones al seguro de riesgo laboral | G63: =G64 -> 2606832 | H63: =H64 -> 0 | I63: =I64 -> 0 | J63: =J64 -> 2606832 | K63: =K64 -> 0.55282369
A64: 2 | B64: 1 | C64: 5 | D64: 3 | E64: `01 | F64: Contribuciones al seguro de riesgo laboral | G64: 2606832 | J64: =SUBTOTAL(9,G64:I64) -> 2606832 | K64: =IFERROR(J64/$J$18*100,"0.00") -> 0.55282369
A65: 2 | B65: 1 | C65: 5 | D65: 4 | F65: Contribuciones al plan de retiro complementario | G65: =G66 -> 0 | H65: =H66 -> 0 | I65: =I66 -> 0 | J65: =J66 -> 0 | K65: =K66 -> 0
A66: 2 | B66: 1 | C66: 5 | D66: 4 | E66: `01 | F66: Contribuciones al plan de retiro complementario | J66: =SUBTOTAL(9,G66:I66) -> 0 | K66: =IFERROR(J66/$J$18*100,"0.00") -> 0
A67: 2 | B67: 2 | F67: Contratacion de servicios | G67: =+G68+G82+G87+G92+G99+G116+G125+G143 -> 776348 | H67: =+H68+H82+H87+H92+H99+H116+H125+H143 -> 14150000 | I67: =+I68+I82+I87+I92+I99+I116+I125+I143 -> 0 | J67: =+J68+J82+J87+J92+J99+J116+J125+J143 -> 14926348 | K67: =+K68+K82+K87+K92+K99+K116+K125+K143 -> 3.1653896
A68: 2 | B68: 2 | C68: 1 | F68: Servicios Básicos | G68: =+G69+G71+G73+G75+G78+G80 -> 0 | H68: =+H69+H71+H73+H75+H78+H80 -> 4500000 | I68: =+I69+I71+I73+I75+I78+I80 -> 0 | J68: =+J69+J71+J73+J75+J78+J80 -> 4500000 | K68: =+K69+K71+K73+K75+K78+K80 -> 0.95430263
A69: 2 | B69: 2 | C69: 1 | D69: 2 | F69: Servicios telefónico de larga distancia | G69: =G70 -> 0 | H69: =H70 -> 0 | I69: =I70 -> 0 | J69: =J70 -> 0 | K69: =K70 -> 0
A70: 2 | B70: 2 | C70: 1 | D70: 2 | E70: `01 | F70: Servicios telefónico de larga distancia | H70: 0 | J70: =SUBTOTAL(9,G70:I70) -> 0 | K70: =IFERROR(J70/$J$18*100,"0.00") -> 0
A71: 2 | B71: 2 | C71: 1 | D71: 3 | F71: Teléfono local | G71: =G72 -> 0 | H71: =H72 -> 1300000 | I71: =I72 -> 0 | J71: =J72 -> 1300000 | K71: =K72 -> 0.27568743
A72: 2 | B72: 2 | C72: 1 | D72: 3 | E72: `01 | F72: Teléfono local | H72: 1300000 | J72: =SUBTOTAL(9,G72:I72) -> 1300000 | K72: =IFERROR(J72/$J$18*100,"0.00") -> 0.27568743
A73: 2 | B73: 2 | C73: 1 | D73: 5 | F73: Servicio de internet y televisión por cable | G73: =G74 -> 0 | H73: =H74 -> 1300000 | I73: =I74 -> 0 | J73: =J74 -> 1300000 | K73: =K74 -> 0.27568743
A74: 2 | B74: 2 | C74: 1 | D74: 5 | E74: `01 | F74: Servicio de internet y televisión por cable | H74: 1300000 | J74: =SUBTOTAL(9,G74:I74) -> 1300000 | K74: =IFERROR(J74/$J$18*100,"0.00") -> 0.27568743
A75: 2 | B75: 2 | C75: 1 | D75: 6 | F75: Electricidad | G75: =G76+G77 -> 0 | H75: =H76+H77 -> 0 | I75: =I76+I77 -> 0 | J75: =J76+J77 -> 0 | K75: =K76+K77 -> 0
A76: 2 | B76: 2 | C76: 1 | D76: 6 | E76: `01 | F76: Energía eléctrica | J76: =SUBTOTAL(9,G76:I76) -> 0 | K76: =IFERROR(J76/$J$18*100,"0.00") -> 0
A77: 2 | B77: 2 | C77: 1 | D77: 6 | E77: `02 | F77: Electricidad no cortable | J77: =SUBTOTAL(9,G77:I77) -> 0 | K77: =IFERROR(J77/$J$18*100,"0.00") -> 0
A78: 2 | B78: 2 | C78: 1 | D78: 7 | F78: Agua | G78: =G79 -> 0 | H78: =H79 -> 1200000 | I78: =I79 -> 0 | J78: =J79 -> 1200000 | K78: =K79 -> 0.2544807
A79: 2 | B79: 2 | C79: 1 | D79: 7 | E79: `01 | F79: Agua | H79: 1200000 | J79: =SUBTOTAL(9,G79:I79) -> 1200000 | K79: =IFERROR(J79/$J$18*100,"0.00") -> 0.2544807
A80: 2 | B80: 2 | C80: 1 | D80: 8 | F80: Recolección de residuos sólidos | G80: =G81 -> 0 | H80: =H81 -> 700000 | I80: =I81 -> 0 | J80: =J81 -> 700000 | K80: =K81 -> 0.14844708
A81: 2 | B81: 2 | C81: 1 | D81: 8 | E81: `01 | F81: Recolección de residuos sólidos | H81: 700000 | J81: =SUBTOTAL(9,G81:I81) -> 700000 | K81: =IFERROR(J81/$J$18*100,"0.00") -> 0.14844708
A82: 2 | B82: 2 | C82: 2 | F82: Publicidad Impresión y Encuadernación | G82: =+G83+G85 -> 0 | H82: =+H83+H85 -> 0 | I82: =+I83+I85 -> 0 | J82: =+J83+J85 -> 0 | K82: =+K83+K85 -> 0
A83: 2 | B83: 2 | C83: 2 | D83: 1 | F83: Publicidad y propaganda | G83: =G84 -> 0 | H83: =H84 -> 0 | I83: =I84 -> 0 | J83: =J84 -> 0 | K83: =K84 -> 0
A84: 2 | B84: 2 | C84: 2 | D84: 1 | E84: `01 | F84: Publicidad y propaganda | H84: 0 | J84: =SUBTOTAL(9,G84:I84) -> 0 | K84: =IFERROR(J84/$J$18*100,"0.00") -> 0
A85: 2 | B85: 2 | C85: 2 | D85: 2 | F85: Impresión y encuadernación | G85: =G86 -> 0 | H85: =H86 -> 0 | I85: =I86 -> 0 | J85: =J86 -> 0 | K85: =K86 -> 0
A86: 2 | B86: 2 | C86: 2 | D86: 2 | E86: `01 | F86: Impresión y encuadernación | J86: =SUBTOTAL(9,G86:I86) -> 0 | K86: =IFERROR(J86/$J$18*100,"0.00") -> 0
A87: 2 | B87: 2 | C87: 3 | F87: Viáticos | G87: =+G88+G90 -> 0 | H87: =+H88+H90 -> 1200000 | I87: =+I88+I90 -> 0 | J87: =+J88+J90 -> 1200000 | K87: =+K88+K90 -> 0.2544807
A88: 2 | B88: 2 | C88: 3 | D88: 1 | F88: Viáticos dentro del país | G88: =G89 -> 0 | H88: =H89 -> 1200000 | I88: =I89 -> 0 | J88: =J89 -> 1200000 | K88: =K89 -> 0.2544807
A89: 2 | B89: 2 | C89: 3 | D89: 1 | E89: `01 | F89: Viáticos dentro del país | H89: 1200000 | J89: =SUBTOTAL(9,G89:I89) -> 1200000 | K89: =IFERROR(J89/$J$18*100,"0.00") -> 0.2544807
A90: 2 | B90: 2 | C90: 3 | D90: 2 | F90: Viáticos fuera del país | G90: =G91 -> 0 | H90: =H91 -> 0 | I90: =I91 -> 0 | J90: =J91 -> 0 | K90: =K91 -> 0
A91: 2 | B91: 2 | C91: 3 | D91: 2 | E91: `01 | F91: Viáticos fuera del país | J91: =SUBTOTAL(9,G91:I91) -> 0 | K91: =IFERROR(J91/$J$18*100,"0.00") -> 0
A92: 2 | B92: 2 | C92: 4 | F92: Transporte y Alamcenaje | G92: =+G93+G95+G97 -> 500198 | H92: =+H93+H95+H97 -> 1000000 | I92: =+I93+I95+I97 -> 0 | J92: =+J93+J95+J97 -> 1500198 | K92: =+K93+K95+K97 -> 0.31814286
A93: 2 | B93: 2 | C93: 4 | D93: 1 | F93: Pasajes y gastos de transporte | G93: =G94 -> 0 | H93: =H94 -> 0 | I93: =I94 -> 0 | J93: =J94 -> 0 | K93: =K94 -> 0
A94: 2 | B94: 2 | C94: 4 | D94: 1 | E94: `01 | F94: Pasajes y gastos de transporte | H94: 0 | J94: =SUBTOTAL(9,G94:I94) -> 0 | K94: =IFERROR(J94/$J$18*100,"0.00") -> 0
A95: 2 | B95: 2 | C95: 4 | D95: 2 | F95: Fletes | G95: =G96 -> 500198 | H95: =H96 -> 1000000 | I95: =I96 -> 0 | J95: =J96 -> 1500198 | K95: =K96 -> 0.31814286
A96: 2 | B96: 2 | C96: 4 | D96: 2 | E96: `01 | F96: Fletes | G96: 500198 | H96: 1000000 | J96: =SUBTOTAL(9,G96:I96) -> 1500198 | K96: =IFERROR(J96/$J$18*100,"0.00") -> 0.31814286
A97: 2 | B97: 2 | C97: 4 | D97: 4 | F97: Peaje | G97: =G98 -> 0 | H97: =H98 -> 0 | I97: =I98 -> 0 | J97: =J98 -> 0 | K97: =K98 -> 0
A98: 2 | B98: 2 | C98: 4 | D98: 4 | E98: `01 | F98: Peaje | H98: 0 | J98: =SUBTOTAL(9,G98:I98) -> 0 | K98: =IFERROR(J98/$J$18*100,"0.00") -> 0
A99: 2 | B99: 2 | C99: 5 | F99: Alquileres y Rentas | G99: =+G100+G102+G104+G110+G112+G114 -> 0 | H99: =+H100+H102+H104+H110+H112+H114 -> 700000 | I99: =+I100+I102+I104+I110+I112+I114 -> 0 | J99: =+J100+J102+J104+J110+J112+J114 -> 700000 | K99: =+K100+K102+K104+K110+K112+K114 -> 0.14844708
A100: 2 | B100: 2 | C100: 5 | D100: 1 | F100: Alquilleres y rentas de edificios y locales | G100: =G101 -> 0 | H100: =H101 -> 0 | I100: =I101 -> 0 | J100: =J101 -> 0 | K100: =K101 -> 0
A101: 2 | B101: 2 | C101: 5 | D101: 1 | E101: `01 | F101: Alquilleres y rentas de edificios y locales | J101: =SUBTOTAL(9,G101:I101) -> 0 | K101: =IFERROR(J101/$J$18*100,"0.00") -> 0
A102: 2 | B102: 2 | C102: 5 | D102: 2 | F102: Alquileres de máquinas y equipos de producción | G102: =G103 -> 0 | H102: =H103 -> 0 | I102: =I103 -> 0 | J102: =J103 -> 0 | K102: =K103 -> 0
...

Sheet Insumos
A1: Insumo | B1: InsumoAbrev | C1: Descripción | D1: Unidad de Medida | E1: Precio Unitario | F1: CODIGO PRESUPUESTARIO
A2: Acabados textiles | B2: lsAcabadosTextiles | C2: Manteles en encajes para bandejas grandes (rectangulares) | D2: unidad | E2: 944 | F2: 2.3.2.2.01
A3: Acabados textiles | B3: lsAcabadosTextiles | C3: Manteles en encajes para bandejas pequeñas (rectangulares) | D3: unidad | E3: 590 | F3: 2.3.2.2.01
A4: Alimentos y bebidas para personas | B4: lsAlimentosyBebidas | C4: Almuerzo tipo Buffet para 10 personas (Cristaleria, Cuberteria, Servilletas, Jugo) | D4: unidad | E4: 5000.5 | F4: 2.3.1.1.01
A5: Alimentos y bebidas para personas | B5: lsAlimentosyBebidas | C5: Almuerzo tipo Buffet para 20 personas (Cristalería, Cubertería, Servilletas, Jugo, Café) | D5: unidad | E5: 10133.5 | F5: 2.3.1.1.01
A6: Alimentos y bebidas para personas | B6: lsAlimentosyBebidas | C6: Almuerzo tipo Buffet para 30 personas (Cristaleria, Cuberteria, Servilletas, Jugo) | D6: unidad | E6: 25488 | F6: 2.3.1.1.01
A7: Alimentos y bebidas para personas | B7: lsAlimentosyBebidas | C7: Almuerzo tipo Buffet para 40 personas (Cristalería, Cuberteria, Mesas, Sillas, Manteles, Servilletas) | D7: unidad | E7: 61419 | F7: 2.3.1.1.01
A8: Alimentos y bebidas para personas | B8: lsAlimentosyBebidas | C8: Refrigerio Dulce tipo Buffet p/65 Personas (Arreglo Flores, Alquiler Cristalería, Sillas, Servilletas, Mesa, Bambalina, Tope) | D8: unidad | E8: 33435.3 | F8: 2.3.1.1.01
A9: Alimentos y bebidas para personas | B9: lsAlimentosyBebidas | C9: Refrigerio tipo Buffet p/12 personas (4 Variedades, Desechables Transparentes, Jugo Natural, Servilletas, Hielo) | D9: unidad | E9: 9410.5 | F9: 2.3.1.1.01
A10: Alimentos y bebidas para personas | B10: lsAlimentosyBebidas | C10: Refrigerio tipo Buffet p/15 personas (3 Variedades, Desechables Transparentes, Jugo Natural, Servilletas, Hielo) | D10: unidad | E10: 5929.5 | F10: 2.3.1.1.01
A11: Alimentos y bebidas para personas | B11: lsAlimentosyBebidas | C11: Refrigerio tipo Buffet p/150 personas (Diferentes Variedades, Bambalinas, Manteles, Desechables, Hielo, Servilletas) | D11: unidad | E11: 65844 | F11: 2.3.1.1.01
A12: Alimentos y bebidas para personas | B12: lsAlimentosyBebidas | C12: Refrigerio tipo Buffet p/40 personas (5 Variedades, Cristaleria, Mantel, Tope, Bambalina, Servilletas, Hielo) | D12: unidad | E12: 29393.8 | F12: 2.3.1.1.01
A13: Alimentos y bebidas para personas | B13: lsAlimentosyBebidas | C13: Refrigerio tipo Buffet p/45 personas (5 Variedades, Desechable Transparentes, Servilletas, Hielo) | D13: unidad | E13: 27193.1 | F13: 2.3.1.1.01
... A36: Equipo de comunicación, telecomunicaciones y señalamiento | B36: lsTelecomunicaciones | C36: Mapas de Evacuación | D36: unidad | E36: 2330.5 | F36: 2.6.5.5.01
A37: Equipo de comunicación, telecomunicaciones y señalamiento | B37: lsTelecomunicaciones | C37: Otros Señales | E37: 1150 | F37: 2.6.5.5.01
A38: Equipo de comunicación, telecomunicaciones y señalamiento | B38: lsTelecomunicaciones | C38: Punto de Reunion 2x2 pies, Metla colocado en pared | D38: unidad | E38: 2330.5 | F38: 2.6.5.5.01
A39: Equipo de comunicación, telecomunicaciones y señalamiento | B39: lsTelecomunicaciones | C39: Señal de Ruta de Evacuacion Area, Doble Cara 6x12, para techo con cables de acero Fotoluminiscente | D39: unidad | E39: 3009 | F39: 2.6.5.5.01
A40: Equipo de comunicación, telecomunicaciones y señalamiento | B40: lsTelecomunicaciones | C40: Señales de Ruta de Evacuacion Flecha Derecha 5x8 en vinil fotoluminiscente sobre PVC de 4mm | D40: unidad | E40: 1150.5 | F40: 2.6.5.5.01
A41: Equipo de comunicación, telecomunicaciones y señalamiento | B41: lsTelecomunicaciones | C41: Señales de Ruta de Evacuacion Flecha Izquierda 5x8 en vinil fotoluminiscente sobre PVC de 4mm | D41: unidad | E41: 1150.5 | F41: 2.6.5.5.01
A42: Equipo de comunicación, telecomunicaciones y señalamiento | B42: lsTelecomunicaciones | C42: Señales de Salida 12x25¨ en vinil fotoluminiscente sobre PVC de 4mm | D42: unidad | E42: 1947 | F42: 2.6.5.5.01
A43: Equipo de comunicación, telecomunicaciones y señalamiento | B43: lsTelecomunicaciones | C43: Señalizaciones de Extintores y Modo de uso | D43: unidad | E43: 2212.5 | F43: 2.6.5.5.01
A44: Equipo médico y de laboratorio | B44: lsEquiposMedicos | C44: Agitador rotador VDRL. | D44: unidad | E44: 11210 | F44: 2.6.3.1.01
A45: Equipo médico y de laboratorio | B45: lsEquiposMedicos | C45: Aspirador de secreciones eléctrico rodable | D45: unidad | E45: 15692.82 | F45: 2.6.3.1.01
A46: Equipo médico y de laboratorio | B46: lsEquiposMedicos | C46: Bandeja de Urología | D46: unidad | E46: 342200 | F46: 2.6.3.1.01
A47: Equipo médico y de laboratorio | B47: lsEquiposMedicos | C47: Contador de células hematológicas. | D47: unidad | E47: 6254 | F47: 2.6.3.1.01
A48: Equipo médico y de laboratorio | B48: lsEquiposMedicos | C48: Incubadora neonatal para UCI | D48: unidad | E48: 531000 | F48: 2.6.3.1.01
A49: Equipo médico y de laboratorio | B49: lsEquiposMedicos | C49: Vitrina de acero inoxidable para material estéril 0.68x0.45x1.70m. | D49: unidad | E49: 49794.525 | F49: 2.6.3.1.01
... A243: Muebles de oficina y estantería | B243: lsMueblesdeOficina | C243: Taburete metalico giratorio con espaldar para anestesiologo | D243: unidad | E243: 6755.736 | F243: 2.6.1.1.02
A244: Obras menores en edificaciones | B244: lsObrasMenoresEdificaciones | C244: Adecuación Local | D244: unidad | F244: 2.7.1.1.01
A245: Otros equipos | B245: lsOtrosEquipos | C245: Bomba de agua de 1.5 hp, doble impele | D245: unidad | E245: 36028.94 | F245: 2.6.5.8.01
A246: Otros equipos | B246: lsOtrosEquipos | C246: Bomba de Agua de 3HP - 110-220V | D246: unidad | E246: 30591.5 | F246: 2.6.5.8.01
A247: Otros equipos | B247: lsOtrosEquipos | C247: Gato Hidráulico 2 TOM. TW | D247: unidad | E247: 626.58 | F247: 2.6.5.8.01
A248: Otros equipos | B248: lsOtrosEquipos | C248: Tanque de hidroneumatico de 120 galones - alta presion | D248: unidad | E248: 62031.42 | F248: 2.6.5.8.01
A249: Peaje | B249: lsPeaje | C249: Peaje (por vehiculo) | D249: unidad | E249: 60 | F249: 2.2.4.4.01
A250: Pinturas, barnices, lacas, diluyentes y absorbentes para pintura | B250: lsPinturas | C250: Cemento de pvc de 16oz | D250: unidad | E250: 487.34 | F250: 2.3.7.2.06
A251: Pinturas, barnices, lacas, diluyentes y absorbentes para pintura | B251: lsPinturas | C251: Pastas de cloro de cisternas 200GRS | D251: unidad | E251: 88.5 | F251: 2.3.7.2.06
A252: Productos de artes gráficas | B252: lsProductosArtesGraficas | C252: Calcomanias | D252: unidad | E252: 177 | F252: 2.3.3.3.01
A253: Productos de artes gráficas | B253: lsProductosArtesGraficas | C253: Letrero en Acrílico rotulado en Vinil adhesivo, Tornillos Decorativo (0.71mt x 1.06mt) con instalación | D253: unidad | E253: 5959 | F253: 2.3.3.3.01
A254: Productos de cemento | B254: lsProductosdeCemento | C254: Cemento blanco | D254: libra | E254: 18.88 | F254: 2.3.6.1.01
A255: Productos de loza | B255: lsProductosdeLoza | C255: Inodoros color blanco | D255: unidad | E255: 4124.1 | F255: 2.3.6.2.02
A256: Productos de loza | B256: lsProductosdeLoza | C256: Lavamanos con pedestal color blanco | D256: unidad | E256: 4737.7 | F256: 2.3.6.2.02
... A520: Otros equipos de transporte | B520: lsEquiposTransporte | C520: Otros equipos de transporte | D520: Unidad | E520: 0 | F520: 2.6.4.8.01
A539: Insumos
A540: Acabados textiles | B540: lsAcabadosTextiles
A541: Alimentos y bebidas para personas | B541: lsAlimentosyBebidas
A542: Artículos de plástico | B542: lsArticulosdePlastico
A543: Automóviles y camiones | B543: lsEquiposTransporte
A544: Carrocerías y remolques | B544: lsEquiposTransporte
A545: Electrodomésticos | B545: lsElectrodomesticos
A546: Equipo de comunicación, telecomunicaciones y señalamiento | B546: lsTelecomunicaciones
A547: Equipo médico y de laboratorio | B547: lsEquiposMedicos
A548: Equipos de cómputo | B548: lsEquiposComputos
A549: Equipos de seguridad | B549: lsEquiposSeguridad
A550: Eventos generales | B550: lsEventosGenerales
A551: Gasoil | B551: lsGasoil
... A583: Viáticos dentro del país | B583: lsViaticosDP

Sheet Insumos2
C5: Acabados textiles | D5: lsAcabadosTextiles
C6: Alimentos y bebidas para personas | D6: lsAlimentosyBebidas
C7: Artículos de plástico | D7: lsArticulosdePlastico
C8: Electrodomésticos | D8: lsElectrodomesticos
C9: Equipo de comunicación, telecomunicaciones y señalamiento | D9: lsTelecomunicaciones
C10: Equipo médico y de laboratorio | D10: lsEquiposMedicos
C11: Equipos de cómputo | D11: lsEquiposComputos
C12: Equipos de seguridad | D12: lsEquiposSeguridad
C13: Eventos generales | D13: lsEventosGenerales
C14: Gasoil | D14: lsGasoil
C15: Herramientas menores | D15: lsHerramientasMenores
C16: Impresión y encuadernación | D16: lsImpresionyEncuadernacion
... C48: Otros equipos de transporte | D48: lsEquiposTransporte

Sheet Detalles
A1: Insumo | B1: InsumoAbrev | C1: Descripción | D1: Unidad de Medida | E1: Precio Unitario | F1: CODIGO PRESUPUESTARIO
A2: Acabados textiles | B2: lsAcabadosTextiles | C2: Manteles en encajes para bandejas grandes (rectangulares) | D2: unidad | E2: 944 | F2: 2.3.2.2.01
A3: Acabados textiles | B3: lsAcabadosTextiles | C3: Manteles en encajes para bandejas pequeñas (rectangulares) | D3: unidad | E3: 590 | F3: 2.3.2.2.01
A4: Alimentos y bebidas para personas | B4: lsAlimentosyBebidas | C4: Almuerzo tipo Buffet para 10 personas (Cristaleria, Cuberteria, Servilletas, Jugo) | D4: unidad | E4: 5000.5 | F4: 2.3.1.1.01
A5: Alimentos y bebidas para personas | B5: lsAlimentosyBebidas | C5: Almuerzo tipo Buffet para 20 personas (Cristalería, Cubertería, Servilletas, Jugo, Café) | D5: unidad | E5: 10133.5 | F5: 2.3.1.1.01
A6: Alimentos y bebidas para personas | B6: lsAlimentosyBebidas | C6: Almuerzo tipo Buffet para 30 personas (Cristaleria, Cuberteria, Servilletas, Jugo) | D6: unidad | E6: 25488 | F6: 2.3.1.1.01
A7: Alimentos y bebidas para personas | B7: lsAlimentosyBebidas | C7: Almuerzo tipo Buffet para 40 personas (Cristalería, Cuberteria, Mesas, Sillas, Manteles, Servilletas) | D7: unidad | E7: 61419 | F7: 2.3.1.1.01
A8: Alimentos y bebidas para personas | B8: lsAlimentosyBebidas | C8: Refrigerio Dulce tipo Buffet p/65 Personas (Arreglo Flores, Alquiler Cristalería, Sillas, Servilletas, Mesa, Bambalina, Tope) | D8: unidad | E8: 33435.3 | F8: 2.3.1.1.01
A9: Alimentos y bebidas para personas | B9: lsAlimentosyBebidas | C9: Refrigerio tipo Buffet p/12 personas (4 Variedades, Desechables Transparentes, Jugo Natural, Servilletas, Hielo) | D9: unidad | E9: 9410.5 | F9: 2.3.1.1.01
A10: Alimentos y bebidas para personas | B10: lsAlimentosyBebidas | C10: Refrigerio tipo Buffet p/15 personas (3 Variedades, Desechables Transparentes, Jugo Natural, Servilletas, Hielo) | D10: unidad | E10: 5929.5 | F10: 2.3.1.1.01
A11: Alimentos y bebidas para personas | B11: lsAlimentosyBebidas | C11: Refrigerio tipo Buffet p/150 personas (Diferentes Variedades, Bambalinas, Manteles, Desechables, Hielo, Servilletas) | D11: unidad | E11: 65844 | F11: 2.3.1.1.01
A12: Alimentos y bebidas para personas | B12: lsAlimentosyBebidas | C12: Refrigerio tipo Buffet p/40 personas (5 Variedades, Cristaleria, Mantel, Tope, Bambalina, Servilletas, Hielo) | D12: unidad | E12: 29393.8 | F12: 2.3.1.1.01
A13: Alimentos y bebidas para personas | B13: lsAlimentosyBebidas | C13: Refrigerio tipo Buffet p/45 personas (5 Variedades, Desechable Transparentes, Servilletas, Hielo) | D13: unidad | E13: 27193.1 | F13: 2.3.1.1.01
... A36: Equipo de comunicación, telecomunicaciones y señalamiento | B36: lsTelecomunicaciones | C36: Mapas de Evacuación | D36: unidad | E36: 2330.5 | F36: 2.6.5.5.01
A37: Equipo de comunicación, telecomunicaciones y señalamiento | B37: lsTelecomunicaciones | C37: Otros Señales | E37: 1150 | F37: 2.6.5.5.01
A38: Equipo de comunicación, telecomunicaciones y señalamiento | B38: lsTelecomunicaciones | C38: Punto de Reunion 2x2 pies, Metla colocado en pared | D38: unidad | E38: 2330.5 | F38: 2.6.5.5.01
A39: Equipo de comunicación, telecomunicaciones y señalamiento | B39: lsTelecomunicaciones | C39: Señal de Ruta de Evacuacion Area, Doble Cara 6x12, para techo con cables de acero Fotoluminiscente | D39: unidad | E39: 3009 | F39: 2.6.5.5.01
A40: Equipo de comunicación, telecomunicaciones y señalamiento | B40: lsTelecomunicaciones | C40: Señales de Ruta de Evacuacion Flecha Derecha 5x8 en vinil fotoluminiscente sobre PVC de 4mm | D40: unidad | E40: 1150.5 | F40: 2.6.5.5.01
A41: Equipo de comunicación, telecomunicaciones y señalamiento | B41: lsTelecomunicaciones | C41: Señales de Ruta de Evacuacion Flecha Izquierda 5x8 en vinil fotoluminiscente sobre PVC de 4mm | D41: unidad | E41: 1150.5 | F41: 2.6.5.5.01
A42: Equipo de comunicación, telecomunicaciones y señalamiento | B42: lsTelecomunicaciones | C42: Señales de Salida 12x25¨ en vinil fotoluminiscente sobre PVC de 4mm | D42: unidad | E42: 1947 | F42: 2.6.5.5.01
A43: Equipo de comunicación, telecomunicaciones y señalamiento | B43: lsTelecomunicaciones | C43: Señalizaciones de Extintores y Modo de uso | D43: unidad | E43: 2212.5 | F43: 2.6.5.5.01
A44: Equipo médico y de laboratorio | B44: lsEquiposMedicos | C44: Agitador rotador VDRL. | D44: unidad | E44: 11210 | F44: 2.6.3.1.01
A45: Equipo médico y de laboratorio | B45: lsEquiposMedicos | C45: Aspirador de secreciones eléctrico rodable | D45: unidad | E45: 15692.82 | F45: 2.6.3.1.01
A46: Equipo médico y de laboratorio | B46: lsEquiposMedicos | C46: Bandeja de Urología | D46: unidad | E46: 342200 | F46: 2.6.3.1.01
A47: Equipo médico y de laboratorio | B47: lsEquiposMedicos | C47: Contador de células hematológicas. | D47: unidad | E47: 6254 | F47: 2.6.3.1.01
A48: Equipo médico y de laboratorio | B48: lsEquiposMedicos | C48: Incubadora neonatal para UCI | D48: unidad | E48: 531000 | F48: 2.6.3.1.01
A49: Equipo médico y de laboratorio | B49: lsEquiposMedicos | C49: Vitrina de acero inoxidable para material estéril 0.68x0.45x1.70m. | D49: unidad | E49: 49794.525 | F49: 2.6.3.1.01
... A243: Muebles de oficina y estantería | B243: lsMueblesdeOficina | C243: Taburete metalico giratorio con espaldar para anestesiologo | D243: unidad | E243: 6755.736 | F243: 2.6.1.1.02
A244: Obras menores en edificaciones | B244: lsObrasMenoresEdificaciones | C244: Adecuación Local | D244: unidad | F244: 2.7.1.1.01
A245: Otros equipos | B245: lsOtrosEquipos | C245: Bomba de agua de 1.5 hp, doble impele | D245: unidad | E245: 36028.94 | F245: 2.6.5.8.01
A246: Otros equipos | B246: lsOtrosEquipos | C246: Bomba de Agua de 3HP - 110-220V | D246: unidad | E246: 30591.5 | F246: 2.6.5.8.01
A247: Otros equipos | B247: lsOtrosEquipos | C247: Gato Hidráulico 2 TOM. TW | D247: unidad | E247: 626.58 | F247: 2.6.5.8.01
A248: Otros equipos | B248: lsOtrosEquipos | C248: Tanque de hidroneumatico de 120 galones - alta presion | D248: unidad | E248: 62031.42 | F248: 2.6.5.8.01
A249: Peaje | B249: lsPeaje | C249: Peaje (por vehiculo) | D249: unidad | E249: 60 | F249: 2.2.4.4.01
A250: Pinturas, barnices, lacas, diluyentes y absorbentes para pintura | B250: lsPinturas | C250: Cemento de pvc de 16oz | D250: unidad | E250: 487.34 | F250: 2.3.7.2.06
A251: Pinturas, barnices, lacas, diluyentes y absorbentes para pintura | B251: lsPinturas | C251: Pastas de cloro de cisternas 200GRS | D251: unidad | E251: 88.5 | F251: 2.3.7.2.06
A252: Productos de artes gráficas | B252: lsProductosArtesGraficas | C252: Calcomanias | D252: unidad | E252: 177 | F252: 2.3.3.3.01
A253: Productos de artes gráficas | B253: lsProductosArtesGraficas | C253: Letrero en Acrílico rotulado en Vinil adhesivo, Tornillos Decorativo (0.71mt x 1.06mt) con instalación | D253: unidad | E253: 5959 | F253: 2.3.3.3.01
A254: Productos de cemento | B254: lsProductosdeCemento | C254: Cemento blanco | D254: libra | E254: 18.88 | F254: 2.3.6.1.01
A255: Productos de loza | B255: lsProductosdeLoza | C255: Inodoros color blanco | D255: unidad | E255: 4124.1 | F255: 2.3.6.2.02
A256: Productos de loza | B256: lsProductosdeLoza | C256: Lavamanos con pedestal color blanco | D256: unidad | E256: 4737.7 | F256: 2.3.6.2.02
... A520: Otros equipos de transporte | B520: lsEquiposTransporte | C520: Otros equipos de transporte | D520: Unidad | E520: 0 | F520: 2.6.4.8.01
A539: Insumos
A540: Acabados textiles | B540: lsAcabadosTextiles
A541: Alimentos y bebidas para personas | B541: lsAlimentosyBebidas
A542: Artículos de plástico | B542: lsArticulosdePlastico
A543: Automóviles y camiones | B543: lsEquiposTransporte
A544: Carrocerías y remolques | B544: lsEquiposTransporte
A545: Electrodomésticos | B545: lsElectrodomesticos
A546: Equipo de comunicación, telecomunicaciones y señalamiento | B546: lsTelecomunicaciones
A547: Equipo médico y de laboratorio | B547: lsEquiposMedicos
A548: Equipos de cómputo | B548: lsEquiposComputos
A549: Equipos de seguridad | B549: lsEquiposSeguridad
A550: Eventos generales | B550: lsEventosGenerales
A551: Gasoil | B551: lsGasoil
... A583: Viáticos dentro del país | B583: lsViaticosDP

Sheet Catalogo
B7: lsAcabadosTextiles | C7: lsAlimentosyBebidas | D7: lsArticulosdePlastico | E7: lsElectrodomesticos | F7: lsTelecomunicaciones | G7: lsEquiposMedicos | H7: lsEquiposComputos | I7: lsEquiposSeguridad | J7: lsEventosGenerales | K7: lsGasoil | L7: lsHerramientasMenores | M7: lsImpresionyEncuadernacion | N7: lsLlantasyNeumaticos | O7: lsMantenimiento | P7: lsMaterialesdeLimpieza | Q7: lsMueblesdeAlojamiento | R7: lsMueblesdeOficina | S7: lsObrasMenoresEdificaciones | T7: lsOtrosEquipos | U7: lsPeaje | V7: lsPinturas | W7: lsProductosArtesGraficas | X7: lsProductosdeCemento | Y7: lsProductosdeLoza | Z7: lsProductosdePapel | AA7: lsProductosdeVidrio | AB7: lsProductosElectricos | AC7: lsProductosMedicinalesH | AD7: lsProductosMetalicos | AE7: lsProductosQuimicos | AF7: lsPublicidadyPropaganda | AG7: lsServiciosTecnicosProfesionales | AH7: lsAireAcondicionado | AI7: lsUtilesdeCocina | AJ7: lsUtilesdeOficina | AK7: lsUtilesMenoresMQ | AL7: lsViaticosDP | AM7: lsEquiposTransporte
B8: Manteles en encajes para bandejas grandes (rectangulares) | C8: Almuerzo tipo Buffet para 10 personas (Cristaleria, Cuberteria, Servilletas, Jugo) | D8: Cajas de Cucharas Plásticas | E8: Aspiradora | F8: Mapas de Evacuación | G8: Agitador rotador VDRL. | H8: Computadoras de escritorio | I8: Arco Detector de Metales de 87' de alto x 35' de anho | J8: Alojamiento por una Noche por persona | K8: Tickets de Combustible de RD$1,000.00 | L8: 60 pie de Alambre Vinyl #14/2 | M8: Impresión (dos caras) | N8: Goma (No.265/70/16 para camioneta Toyota Hilux) | O8: Instalación, Correcion de Pintura, Cristal Delantero y Bumper de vehiculo | P8: Ambientador en Spray, diferentes Frangancias | Q8: Bancada de 3 asientos | R8: Anaquel metalico de 5 niveles | S8: Adecuación Local | T8: Bomba de agua de 1.5 hp, doble impele | U8: Peaje (por vehiculo) | V8: Cemento de pvc de 16oz | W8: Calcomanias | X8: Cemento blanco | Y8: Inodoros color blanco | Z8: Carpetas Azules de 5 Pulgadas con 3 aros. | AA8: Cristal Delantero para Isuzu D-Max | AB8: Alambre STD No. 12 (2.5 mm) Rollo | AC8: Anestesia al 2% 1 50.00 | AD8: Aro para Goma No. 265/70/16 para Camioneta Toyota Hilux | AE8: Galón de Gel Anti-bacterial para manos | AF8: Publicación en el Periódico, de Proceso de Licitación Publica Nacional durante 2 Días, | AG8: Pagos facilitadores externos | AH8: Condensador de 24,000 BTU, Refrigerante 22 | AI8: Azucareras en Acero Inoxidable | AJ8: Cubeta de acero inoxidable rodable | AK8: Aguja con hilo de seda 3/0 | AL8: Viaticos Chofer Hospedaje | AM8: Automóviles y camiones
B9: Manteles en encajes para bandejas pequeñas (rectangulares) | C9: Almuerzo tipo Buffet para 20 personas (Cristalería, Cubertería, Servilletas, Jugo, Café) | D9: Cajas de Tenedores Plásticos | E9: Estufas de 20 pulgadas | F9: Otras Señales | G9: Aspirador de secreciones eléctrico rodable | H9: Headsets | I9: Detectores de Metal Portatil de 16,5' de longitud | J9: Audivisuales, Decoración, Montaje y Desmontaje de Evento por 50 personas | K9: Tickets de Combustible de RD$2000.00 | L9: Bandeja metálica colectora de agua de 1.50 x 0.70 x 0.70mts | N9: Gomas (No. 265/70/15 para jeep Chevrolet Brazer) | O9: Mantenimiento de Vehículos | P9: Carro de limpieza de 2 baldes | Q9: Bancada de 4 asientos | R9: Anaqueles de Metal de 1.20m+0.60 cm | T9: Bomba de Agua de 3HP - 110-220V | V9: Pastas de cloro de cisternas 200GRS | W9: Letrero en Acrílico rotulado en Vinil adhesivo, Tornillos Decorativo (0.71mt x 1.06mt) con instalación | Y9: Lavamanos con pedestal color blanco | Z9: Carpetas institucionales con bolsillo full color, Cartón 9x12 | AA9: Cristal Delantero para Mitsubishi L200 | AB9: Alicate Eléctrico 9'' TRUPER (12351) | AC9: Anestesia al 3% 50/1 | AH9: Motor para Aire Condicionado Centralizado | AI9: Bandeja de guano o Madera artesanal 18x10 (rectangular) | AJ9: Zafacón de acero inoxidable con tapa y pedal | AK9: Aguja con Hilo de Seda 3/0 | AL9: Viaticos Chofer sin Hospedaje | AM9: Carrocerías y remolques
C10: Almuerzo tipo Buffet para 30 personas (Cristaleria, Cuberteria, Servilletas, Jugo) | D10: Cajas de Vasos No. 3 | E10: Microondas de 7 pies | F10: Punto de Reunion 2x2 pies, Metla colocado en pared | G10: Bandeja de Urología | H10: Impresora Multifunción | J10: Audivisuales, Decoración, Montaje y Desmontaje de Evento por 80 personas | K10: Tickets de Combustible de RD$500.00 | L10: Cajas aéreas plásticas | N10: Neumáticos para Ford Ranger, Pirelli 265-70R-16 | O10: Mantenimiento y/o Reparación Impresora Multifuncional | P10: Cleaner, 1 Litro para Maquina ABX Micros 60 | R10: Anaqueles de Metal de 1.m+0.60 cm | T10: Gato Hidráulico 2 TOM. TW | Y10: Pedestal de Lavamanos color blanco | Z10: Carpetas No.1, Blanca c/Cover | AA10: Cristal Delantero para Nissan Frontier | AB10: Bateria AA (docenas) Maxell | AC10: Dycal brazil | AI10: Docena de Platos hondo para Sopa, Blancos | AJ10: (662) COLOR para impresora HP 3515 | AK10: Aguja corta 27G 1x100 | AL10: Viaticos Técnicos Hospedaje | AM10: Otros equipos de transporte
C11: Almuerzo tipo Buffet para 40 personas (Cristalería, Cuberteria, Mesas, Sillas, Manteles, Servilletas) | D11: Cajas de Vasos No. 7 | E11: Refrigeradores de 8 pies | F11: Señal de Ruta de Evacuacion Area, Doble Cara 6x12, para techo con cables de acero Fotoluminiscente | G11: Contador de células hematológicas. | H11: Impresoras Blanco y Negro | K11: Galones de Gasoil Optimo | L11: Canaleta de 1 pulgada | N11: Neumáticos para Motocicleta 110/80-18-58, trasera, Michelin | O11: Mantenimiento y/o Reparación Impresora Laser | P11: Cubo plastico , con brazalete en metal, Mediano | R11: Archivador metálico de 4 gavetas. | T11: Tanque de hidroneumatico de 120 galones - alta presion | Z11: Carpetas No.2 | AA11: Cristal Delantero para Toyota Fortunner | AB11: Bateria AAA (docenas), Insterstate | AC11: Dycal brazil | AI11: Docena de Platos llanos color blanco | AJ11: (662) NEGRO para impresora HP 3515 | AK11: Aguja Corta 27G 1x100 (cajas) | AL11: Viaticos Técnicos sin Hospedaje
C12: Refrigerio Dulce tipo Buffet p/65 Personas (Arreglo Flores, Alquiler Cristalería, Sillas, Servilletas, Mesa, Bambalina, Tope) | D12: Fardos de Fundas Plásticas 17x22 | E12: Televisores de 32 pulgadas | F12: Señales de Ruta de Evacuacion Flecha Derecha 5x8 en vinil fotoluminiscente sobre PVC de 4mm | G12: Incubadora neonatal para UCI | H12: Laptop de 14 pulgadas | K12: Galones de Gasoil Regular | L12: Codos de 1' PVC | N12: Neumáticos para Motocicletas 80/90-21mc48p, delanteras Michelin | O12: Servicio de Reparación y Mantenimiento de Fotocopiadora (anual) | P12: Docenas de Brillo de Metal (Fregar) | R12: Archivos Laterales 2.3 de 4 gavetas | Z12: Carpetas No.3 | AA12: Cristal Delantero para Toyota Hilux | AB12: Bateria AAA Maxell (docenas) | AC12: Eugenol (frasco) | AI12: Docenas de Copas de Cristal para agua 10.7 oz | AJ12: 122XL (CH563HC) para impresora HP 2050 (PERSONAL) | AK12: Aguja larga 27G 1x100 | AL12: Viaticos Profesionales Hospedaje
C13: Refrigerio tipo Buffet p/12 personas (4 Variedades, Desechables Transparentes, Jugo Natural, Servilletas, Hielo) | D13: Fardos de Fundas Plásticas 24x30 | F13: Señales de Ruta de Evacuacion Flecha Izquierda 5x8 en vinil fotoluminiscente sobre PVC de 4mm | G13: Vitrina de acero inoxidable para material estéril 0.68x0.45x1.70m. | K13: Galones de Gasolina Premium | L13: Destornillador de Estria | N13: Neumáticos para Toyota Hilux, Firestone 265/70 R 16 | O13: Reparación de Tomógrafo General Electric Brights Speed, serial 277468nm5 | P13: Escoba plastica | R13: Armario metálico dobles o lockers con ojete para candado. | Z13: Carpetas No.4 | AB13: Baterías de Vehículos para Isuzu D-Max | AC13: Grabado Acido 37% Phosphoric 12g | AI13: Docenas de Copas de Cristal para agua bajitas | AJ13: 122XL (CH563HC) para impresora HP 2050 (PERSONAL) | AK13: Aguja Larga 27G 1x100 (cajas) | AL13: Viaticos Profesionales sin Hospedaje
C14: Refrigerio tipo Buffet p/15 personas (3 Variedades, Desechables Transparentes, Jugo Natural, Servilletas, Hielo) | D14: Fardos de Fundas Plásticas no. 55 | F14: Señales de Salida 12x25¨ en vinil fotoluminiscente sobre PVC de 4mm | G14: Asa Diatermica | K14: Galones de Gasolina Regular | L14: Destornillador Plano | N14: Tubo de Neumáticos para Motocicleta, delantero, Michelin | O14: Mantenimiento de Planta Electrica Cummins 20KVA | P14: Galón de Cloro | R14: Bandeja metálica rodable de sobre cama para alimentos | Z14: Carpetas No.5, Blanca c/Cover | AB14: Baterías de Vehículos para Nissan Frontier | AC14: Grabado ácido 37% Phosphoric 12g | AI14: Docenas de cucharitas para cafe | AJ14: 670 (CZ113AL) NEGRO para impresora HP AVANTAGE 4625 | AK14: Algodon en rollo (libra) | AL14: Viaticos Encargados Secciones/Coordinadores Hospedaje
C15: Refrigerio tipo Buffet p/150 personas (Diferentes Variedades, Bambalinas, Manteles, Desechables, Hielo, Servilletas) | F15: Señalizaciones de Extintores y Modo de uso | G15: Balanza con tallímetro de 160 kg - 320 lbs. | K15: Galones de GPL | L15: Faceplate 1 salida | N15: Tubo de Neumáticos para Motocicleta, trasero, Michelin | O15: Mantenimiento y Reparación de Aire Acondicionado de 3 Toneladas | P15: Galones de Limpia Cristales | R15: Cubiculos (1.05mt x 1.00mt x 0.60mt) | Z15: Fardos de Papel Higiénico Jumbo | AB15: Baterías de Vehículos para Nissan Patrol | AC15: Hidróxido de Calcio USA | AI15: Grecas Industriales de 4 litros | AJ15: 670 (CZ114AL) AZUL para impresora HP AVANTAGE 4625 | AK15: Algodón en rollo (libra) | AL15: Viaticos Encargados Secciones/Coordinadores sin Hospedaje
C16: Refrigerio tipo Buffet p/40 personas (5 Variedades, Cristaleria, Mantel, Tope, Bambalina, Servilletas, Hielo) | G16: Balanza analítica de precisión | L16: Grapas Plasticas para Alambre Vinyl #13 | O16: Reparacion y Mantenimiento Planta Eléctrica | P16: Jabón Liquido Lavaplatos | R16: Cubo metalico para desperdicios con tapa accionada a pedal | Z16: Fardos de Papel Toalla | AB16: Baterías de Vehículos para Toyota Corolla | AC16: Hyaminol solución desinfectante 16 oz. | AI16: Set de docenas de Tazas color blanco para cafe | AJ16: 670 (CZ115AL) MAGENTA para impresora HP AVANTAGE 4625 | AK16: Babero desechable | AL16: Viaticos Encargados Divisiones/Departamentos Hospedaje
C17: Refrigerio tipo Buffet p/45 personas (5 Variedades, Desechable Transparentes, Servilletas, Hielo) | G17: Bandeja cirugía general | L17: Llave de Rueda tipo T | O17: Servicio de Mantenimiento de Aire Acondicionado | P17: Jabón Liquido para Manos | R17: Dispositivo de Paso Rápido de Peajes para Vehículos | Z17: Fardos de Servilletas | AB17: Baterías para UPS de Tomógrafo ( capacidad 80KVA/64KVA) | AC17: Hyaminol solucion desinfectante 16oz. | AI17: sets de Cuchillos, Tenedores y Cucharas (acero inoxidable) | AJ17: 670 (CZ116AL) AMARILLO para impresora HP AVANTAGE 4625 | AK17: Babero desechable 500/1 | AL17: Viaticos Encargados Divisiones/Departamentos sin Hospedaje
C18: Refrigerio tipo preempacado p/100 personas (4 Variedades, Jugo, Desechables Transparentes, Hielo, Servilleta) | G18: Bandeja de acero inoxidable 30x20cms. | L18: Llaves de paso de bola (1 pulgada) | O18: Servicio de mantenimiento,lavado y brillado de piso | P18: Neutralizador de Olor | R18: Escritorio metálico de 2 cajones de 100 x 60 cms. | Z18: Fólder de bolsillo color azul | AB18: Bombillo Pequeño 25W, Bajo Consumo | AC18: Kit de Resina | AI18: Termos para Cafe de 1.5 litros color negro | AJ18: 74 NEGRO para impresora HP C4280 | AK18: Baja Lengua (1 caja) | AL18: Viaticos Directores Área Hospedaje
C19: Refrigerio tipo preempacado p/110 personas (4 Variedades, Jugo, Desechables Transparentes,sillas plasticas, Servilletas) | G19: Bandeja de cesárea. | L19: Martillo | O19: Servicios de Desinstalacion, Instalación y Mantenimiento | P19: Pinespuma | R19: Gabinetes Aereos 1.00mt con puerta tipo tambor | Z19: Folders 8 1/2x 11 (100/1) Impropapel | AB19: Extensiones elécricas de 10 pies, color mamey (3M) 48006 Voltech | AC19: Lysol Odontológico IC | AI19: Tetera para Té | AJ19: 75 COLOR para impresora HP C4280 | AK19: Baja lengua 100/1 | AL19: Viaticos Directores Área sin Hospedaje
C20: Refrigerio tipo preempacado p/125 personas (4 Variedades, Jugo, Desechables Transparentes,sillas plasticas, Servilletas) | G20: Bandeja de cirugía ortopédica | L20: Mini Jack RJ45 | O20: Mantenimiento Planta Eléctrica | P20: Rastrillo plastico palo en en madera | R20: Mesa comedor con 4 sillas | Z20: Folders 8 1/2x 11 (100/1), de Colores | AB20: Fotocelda con Base | AC20: Minolyse LGM para Maquina ABX Micros 60 | AJ20: AL-100 TD para impresora SHARP AL-2030 | AK20: Banda de Celuloide 1x100
C21: Refrigerio tipo preempacado p/20 personas (Variedades fuertes, Jugo, Desechables Transparentes, Servilletas, Hielo) | G21: Bandeja de legrado | L21: Niples 1' x 2' hg | O21: Suministro, Instalación y drenaje | P21: Saco de Detergente en Polvo | R21: Silla metálica giratoria rodable con asiento alto | Z21: Folders 8 1/2x 13 (100/1), Ofi Folder | AB21: Main Breaker Trifasico de 240 voltios | AC21: Minoton/Minidil, 20 litros para Maquina ABX Micros 60 | AJ21: Archivo Acordeon | AK21: Espejo con mango
C22: Refrigerio tipo preempacado p/25 personas (4 Variedades, Jugo, Desechables Transparentes, Jugo Natural) | G22: Bandeja de parto | L22: Niples de 1' x 3' hg | P22: Suaper | R22: Silla secretarial | Z22: Folders 8 1/2x 13 (100/1), Ofinota | AB22: Reflectores LED 100W | AC22: Oxido de Zinc 2oz. (LC) | AJ22: Bandas de Gomas No. 18 (cajas) | AK22: Fresa de pulido de Resina dorada (larga)
C23: Refrigerio tipo preempacado p/250 personas (4 Variedades, Jugo, Desechables Transparentes, Mesas, Manteles) | G23: Bandeja ginecológica | L23: Organizador horizontal plástico | R23: Sillas de Oficina sin brazo, con soporte lumbar | Z23: Formulario de Requisicion de Materiales de 50 juegos con 3 autocopias | AB23: Regletas 6 Salidas Voltech | AC23: Papel articular | AJ23: Bandejas para Escritorio | AK23: Fresa económica 2200F
C24: Refrigerio tipo preempacado p/50 personas (3 Variedades, Jugo, Desechables Transparentes, Hielo, Servilleta) | G24: Baño maría 10 - 15 lts. | L24: Patch Cord UTP Cat.6 de 2 pies | R24: Sillas de visitas | Z24: Libretas Rayadas 5x8 (docena) | AB24: Switch 24 puertos Gigabit (No POE) | AC24: Pasta profiláctica Cherry 12oz | AJ24: Cajas de Clips (19MM) pequeño | AK24: Fresa Económica 2200F
C25: Refrigerio y Almuerzo tipo Buffet p/25 personas (Cristaleria, Mesas, Manteles, Bambalina, Hielo, Servilletas | G25: Cama tipo hospitalaria, de posición, con barandas, colchón | L25: Patch Cord UTP Cat.6 de 7 pies | R25: Sillas secretariales sin brazo con soporte lumbar | Z25: Libretas Rayadas 8 1/2 x 11 (docena) | AB25: Tape 3M Scoth-23 de Goma | AC25: Pasta Profiláctica Cherry 12oz. | AJ25: Cajas de Clips (32MM) Mediano | AK25: Fresa redonda 1012
C26: Servicio de Almuerzo tipo buffet para 30 Personas | G26: Cama cuna metálica rodable con barandas para niños 147 x 82.5 x 50 cms. | L26: Patch Panel 24 puertos Cat.6 | R26: Sillón ejecutivo color negro, con brazo, soporte lumbar, en leader | Z26: Máquinas sumadoras Electrónicas | AB26: Tape 3M Scoth-33 Vinil | AC26: Resina flow | AJ26: Cajas de Clips (51MM) Grande | AK26: Fresa Redonda 1012
C27: Servicio de Refrigerio tipo buffet 30 Personas | G27: Cama eléctrica de cuidados intensivos con barandas y funciones de posicionamientos especiales | L27: Pinzas para corte de tola | R27: Sillon Ergonomico o Postural color negro | Z27: Resma de Hojas timbradas con Logo de la Institución 8 1/2 x 11 (Bond 24) | AB27: Tomacorrientes 110v, tipo Livingston | AJ27: Cajas de Felpas Azules | AK27: Fresa redonda 1014
G28: Cama unipersonal | L28: Punta de Tria para Taladro | R28: Sillón para sala de reuniones | Z28: Resma de Papel 8 1/2x11 | AB28: Transformadores 2x32W Silvania de 110v/ 277v | AJ28: Cajas de Lapiceros Azules | AK28: Fresa Redonda 1014
G29: Camilla de emergencia con barandas, ruedas y porta suero incluido | L29: PVC CR80/30 (kit de 500) | R29: Sillón semiejecutivo sin porta brazos unipersonal | Z29: Resma de Papel 8 1/2x14 | AB29: Tubos fluorescentes Blancos 32w Caja 25/1 | AJ29: Cajas Marcadores de Pizarra | AK29: Fresa tipo Schufu
G30: Camilla de transporte intrahospitalaria con barandas, ruedas y porta suero | L30: Rack (Palometas) de Pared para Monitor NK PVM-2701 | R30: Taburete metálico asiento giratorio rodable con espaldar. | Z30: Rollo de Papel para Sumadora, 21/4¨x120 Import | AJ30: Carpetas para archivos | AK30: Gasa 2'x 2'/4 No esterelizada 200/1 (paquetes)
G31: Camilla de trauma shock | L31: Rack de pared 7U con Bisagras | R31: Taburete metalico giratorio con espaldar para anestesiologo | Z31: Sobres para Carta (cajas) 500/1 | AJ31: Cartucho 122 Color para impresora HP2050 (Personal) | AK31: Gasa 2'x 2'/4 no esterilizada 200/1 (paquetes)
G32: Camilla para examen ginecológico. | L32: Tarugos Azules | Z32: Sumadoras Electricas | AJ32: Cartucho 122 Negro para impresora HP 2050 (Personal) | AK32: Gorro Azul de Cirugia 100/1
G33: Carro de cura | L33: tee de 1 pulgada hg | AJ33: Cartucho 662 color para impresora HP 3515 | AK33: Guantes L
G34: Centrífuga de Mesa de 24 tubos | L34: Tira de Lija 100/1 | AJ34: Cartucho 662 Negro para impresora HP 3515 | AK34: Guantes L (cajas)
G35: Chaleco plomado | L35: Tira de Lija de Metal 12/1 | AJ35: Cartucho 662 Negro para impresora HP 3515 | AK35: Guantes M
G36: Cipap Fisher | L36: Tornillo para Tarugo Azul | AJ36: Cartucho 670 (CZ113AL) Negro para impresora HP AVANTAGE 4625 | AK36: Guantes M (cajas)
G37: Colchones Hospitalarios 36' x 76' (Azul, Marron o Crema) | L37: Tubo de Silicón Transparente | AJ37: Cartucho 670 (CZ114AL) Magenta para impresora HP AVANTAGE 4625 | AK37: Guantes S
G38: Cuna de calor radiante | AJ38: Cartucho 670 (CZ115AL) Amarillo para impresora HP AVANTAGE 4625 | AK38: Guantes S (cajas)
G39: Desfibrilador con monitor ECG, paleta externas y batería interna. | AJ39: Cartucho 670 (CZ116AL) Cian para impresora HP AVANTAGE 4625 | AK39: Instrumento de obturación plástica
G40: Doppler fetal fijo | AJ40: Cartucho 74 Negro para impresora HP C4280 | AK40: Jeringa porta Carpule
G41: Doppler fetal portátil | AJ41: Cartucho 75 Color para impresora HP C4280 | AK41: Kits de Resina
G42: Electrocardiógrafo de 3 canales portátil con carro | AJ42: Cartucho 954 Amarillo para impresora OFFICEJET PRO8710 | AK42: Mascarilla lisa rectangular azul 1x50
G43: Electrocauterio | AJ43: Cartucho 954 Cian para impresora OFFICEJET PRO8710 | AK43: Mascarilla Lisa Rectangular Azul 1x50
G44: Escalinata de 2 peldaño | AJ44: Cartucho 954 Magenta para impresora HP OFFICEJET PRO8710 | AK44: Papel Articular
G45: Esfigmomanómetro De Pared Con Brazalete Adulto | AJ45: Cartucho 954 Negro para impresora HP OFFICEJET PRO8710 | AK45: Turbina
G46: Esfigmomanómetro de pared con set de brazaletes pediátrico. | AJ46: Cartucho CN050A (951) CIAN para impresora HP OFFICEJET PRO8610
G47: Esfigmomanómetro de pedestal rodable adulto | AJ47: Cartucho CN051 (951) Magenta para impresora HP OFFICEJET PRO8610
G48: Esfigmomanómetro de pedestal rodable adulto/pediátrico | AJ48: Cartucho CN052A Amarillo para impresora HP OFFICEJET PRO8610
G49: Esfigmomanómetro portátil con brazalete para adulto | AJ49: Cartucho HP 60 Negro para impresora HP DESKJET D1660
G50: Esfigmomanómetro portátil con set de Brazaletes pediátricos | AJ50: Cartuchos color Negro para Impresora HP Photosmart C4280
G51: Estantería metalica de 4 niveles regulares | AJ51: CB435A (35A) para impresora Laserjet P1006
G52: Estetoscopio doble campana | AJ52: CE285A (85A) para impresora HP P1102W
G53: Estetoscopio pediátrico | AJ53: CE310A para impresora HP CP1025NW
G54: Frasco Esteril para muestras | AJ54: CE505A (05A) para impresora HP P2055DM
G55: Horno eléctrico al seco cap. 28 litros. | AJ55: Cera para contar Red Star 1.1 oz
G56: Incubadora de transporte | AJ56: CF226A (26A) para impresora HP MFP M426 FDW
G57: Incubadora neonatal estándar | AJ57: CF283A (83A) para impresora HP MFP M127 FN
... G95: Ventilador mecánico neonatal | AJ95: Post it Grandes
AJ96: Post it Pequeño
AJ97: Q1338A (38A) para impresora LASERJET 4200 DTN
AJ98: Q2612AD (12A) para impresora HP LASERJET 1022
AJ99: Q5942A (42A) para impresora LASERJET 4250
AJ100: Reglas Plásticas 12¨
AJ101: Resaltador Amarillo Fluorescente
AJ102: Resaltador Fluorescente
AJ103: Router wifi
AJ104: Sacapuntas
AJ105: Sacapuntas Eléctrico
AJ106: Sello de Despachado (CUADRADO)
AJ107: Sello de Recibido (CUADRADO)
... AJ136: Zafacón de Metal para escritorio
